Workbook

Sheet Top Line Rep
A1: DBDDA FISCAL YEAR 2026-2027 TOP LINE ADOPTED BUDGET REPORT
A2: 9.22.2026 | B2: ='A- Summary Inc_Ex'!C2 -> 0
B3: ='A- Summary Inc_Ex'!C3 -> APPROVED Amended Budget 2024_25 | C3: ='A- Summary Inc_Ex'!D3 -> Final FY 24_25 FYE | D3: ='A- Summary Inc_Ex'!E3 -> FY2025/26 ADOPTED BUDGET | E3: ='A- Summary Inc_Ex'!F3 -> Previous Year toDate 3/31/2025 | F3: ='A- Summary Inc_Ex'!G3 -> FY 25_26 to Date 3/31/2026 | G3: ='A- Summary Inc_Ex'!H3 -> Percentage of Adopted Budget | H3: ='A- Summary Inc_Ex'!O3 -> FY2025/26 AMENDED BUDGET | I3: Amount of Change | J3: Percentage of change | K3: FY 2026-2027 ADOPTED BUDGET
A5: REVENUES | K5: 1.0000 Millage Rate
A6: AD VALOREM TAXES | B6: ='A- Summary Inc_Ex'!C8 -> 1837361.6 | C6: ='A- Summary Inc_Ex'!D8 -> 1867364.1 | D6: ='A- Summary Inc_Ex'!E8 -> 2037980 | E6: ='A- Summary Inc_Ex'!F8 -> 1595598.9 | F6: ='A- Summary Inc_Ex'!G8 -> 1674739.4 | G6: ='A- Summary Inc_Ex'!H8 -> 0.82176437 | H6: ='A- Summary Inc_Ex'!O8 -> 2037980 | I6: 0 | J6: =(H6-D6)/D6 -> 0 | K6: ='A- Summary Inc_Ex'!S6 -> 2160703
A8: SPONSORSHIP RAISED | B8: ='A- Summary Inc_Ex'!C14 -> 81000 | C8: ='A- Summary Inc_Ex'!D14 -> 67280.16 | D8: ='A- Summary Inc_Ex'!E14 -> 44000 | E8: ='A- Summary Inc_Ex'!F14 -> 55828.57 | F8: ='A- Summary Inc_Ex'!G14 -> 34235.33 | G8: ='A- Summary Inc_Ex'!H14 -> 0.77807568 | H8: ='A- Summary Inc_Ex'!O14 -> 42500 | I8: =H8-D8 -> -1500 | J8: =(H8-D8)/D8 -> -0.034090909 | K8: ='A- Summary Inc_Ex'!S14 -> 50000
A10: TOTAL REVENUES | B10: ='A- Summary Inc_Ex'!C18 -> 1918361.6 | C10: ='A- Summary Inc_Ex'!D18 -> 2299700.3 | D10: ='A- Summary Inc_Ex'!E18 -> 2081980 | E10: ='A- Summary Inc_Ex'!F18 -> 1651427.5 | F10: ='A- Summary Inc_Ex'!G18 -> 1708974.7 | G10: ='A- Summary Inc_Ex'!H18 -> 0.82084107 | H10: =H8+H6 -> 2080480 | K10: =K8+K6 -> 2210703
A11: EXPENDITURE DEVELOPMENT DDA DISTRICT ECONOMY
A13: TOTAL MARKETING DDA DISTRICT | B13: ='A- Summary Inc_Ex'!C28 -> 252500 | C13: ='A- Summary Inc_Ex'!D28 -> 253340.87 | D13: ='A- Summary Inc_Ex'!E28 -> 254000 | E13: ='A- Summary Inc_Ex'!F28 -> 116496.51 | F13: ='A- Summary Inc_Ex'!G28 -> 126011.72 | G13: ='A- Summary Inc_Ex'!H28 -> 0.49610913 | H13: ='A- Summary Inc_Ex'!O28 -> 268100 | I13: =H13-D13 -> 14100 | J13: =(H13-D13)/D13 -> 0.055511811 | K13: ='A- Summary Inc_Ex'!S28 -> 265500
A15: ECONOMIC VITALITY / DEVELOPMENT | B15: ='A- Summary Inc_Ex'!C29 -> 227000 | C15: ='A- Summary Inc_Ex'!D29 -> 37986.91 | D15: ='A- Summary Inc_Ex'!E29 -> 262500 | E15: ='A- Summary Inc_Ex'!F29 -> 18250 | F15: ='A- Summary Inc_Ex'!G29 -> 23131 | G15: ='A- Summary Inc_Ex'!H29 -> 0.088118095 | H15: ='A- Summary Inc_Ex'!O29 -> 299500 | I15: =H15-D15 -> 37000 | J15: =(H15-D15)/D15 -> 0.14095238 | K15: ='A- Summary Inc_Ex'!S29 -> 291000
A17: PLACEMAKING/CLEAN AND SAFE | B17: ='A- Summary Inc_Ex'!C30 -> 526320 | C17: ='A- Summary Inc_Ex'!D30 -> 465307 | D17: ='A- Summary Inc_Ex'!E30 -> 597000 | E17: ='A- Summary Inc_Ex'!F30 -> 217884.19 | F17: ='A- Summary Inc_Ex'!G30 -> 257477.54 | G17: ='A- Summary Inc_Ex'!H30 -> 0.43128566 | H17: ='A- Summary Inc_Ex'!O30 -> 532000 | I17: =H17-D17 -> -65000 | J17: =(H17-D17)/D17 -> -0.10887772 | K17: ='A- Summary Inc_Ex'!S30 -> 555000
A19: TOTAL DDA DISTRICT GRANTS | B19: ='A- Summary Inc_Ex'!C33 -> 18000 | C19: ='A- Summary Inc_Ex'!D33 -> 8600 | D19: ='A- Summary Inc_Ex'!E33 -> 20000 | E19: ='A- Summary Inc_Ex'!F33 -> 6600 | F19: ='A- Summary Inc_Ex'!G33 -> 7695 | G19: ='A- Summary Inc_Ex'!H33 -> 0.38475 | H19: ='A- Summary Inc_Ex'!O33 -> 20000 | I19: =H19-D19 -> 0 | J19: =H19-D19 -> 0 | K19: ='A- Summary Inc_Ex'!S33 -> 18000
A21: TOTAL BUSINESS DEVELOPMENT | B21: ='A- Summary Inc_Ex'!C35 -> 1053820 | C21: ='A- Summary Inc_Ex'!D35 -> 765234.78 | D21: ='A- Summary Inc_Ex'!E35 -> 1133500 | E21: ='A- Summary Inc_Ex'!F35 -> 359230.7 | F21: ='A- Summary Inc_Ex'!G35 -> 414315.26 | G21: ='A- Summary Inc_Ex'!H35 -> 0.36551854 | H21: =H19+H17+H15+H13 -> 1119600 | I21: =H21-D21 -> -13900 | J21: =(H21-D21)/D21 -> -0.012262903 | K21: =K19+K17+K15+K13 -> 1129500
A23: Payroll Expenses | B23: ='A- Summary Inc_Ex'!C42 -> 576938.46 | C23: ='A- Summary Inc_Ex'!D42 -> 551461.45 | D23: ='A- Summary Inc_Ex'!E42 -> 611439.9 | E23: ='A- Summary Inc_Ex'!F42 -> 277604.26 | F23: ='A- Summary Inc_Ex'!G42 -> 273371.34 | G23: ='A- Summary Inc_Ex'!H42 -> 0.44709438 | H23: ='A- Summary Inc_Ex'!O42 -> 611439.9 | I23: =H23-D23 -> 0 | J23: =(H23-D23)/D23 -> 0 | K23: ='A- Summary Inc_Ex'!S42 -> 715370
A25: Operational Expenses | B25: ='A- Summary Inc_Ex'!C51 -> 131884 | C25: ='A- Summary Inc_Ex'!D51 -> 158843.17 | D25: ='A- Summary Inc_Ex'!E51 -> 188850 | E25: ='A- Summary Inc_Ex'!F51 -> 87003.91 | F25: ='A- Summary Inc_Ex'!G51 -> 67541.67 | G25: ='A- Summary Inc_Ex'!H51 -> 0.35764718 | H25: ='A- Summary Inc_Ex'!O51 -> 196850 | I25: =H25-D25 -> 8000 | J25: =(H25-D25)/D25 -> 0.042361663 | K25: ='A- Summary Inc_Ex'!S51 -> 214500
A27: Office Expenses | B27: ='A- Summary Inc_Ex'!C57 -> 124974 | C27: ='A- Summary Inc_Ex'!D57 -> 134597.82 | D27: ='A- Summary Inc_Ex'!E57 -> 131961.22 | E27: ='A- Summary Inc_Ex'!F57 -> 68458.98 | F27: ='A- Summary Inc_Ex'!G57 -> 61595.9 | G27: ='A- Summary Inc_Ex'!H57 -> 0.46677274 | H27: ='A- Summary Inc_Ex'!O57 -> 133961.22 | I27: =H27-D27 -> 2000 | J27: =(H27-D27)/D27 -> 0.015155968 | K27: ='A- Summary Inc_Ex'!S57 -> 138200
A29: Capital Expenditure | B29: ='A- Summary Inc_Ex'!C58 -> 8000 | C29: ='A- Summary Inc_Ex'!D58 -> 365056 | D29: ='A- Summary Inc_Ex'!E58 -> 8000 | E29: ='A- Summary Inc_Ex'!F58 -> 0 | F29: ='A- Summary Inc_Ex'!G58 -> 2149.79 | G29: ='A- Summary Inc_Ex'!H58 -> 0.26872375 | H29: 10150 | I29: =H29-D29 -> 2150 | J29: =(H29-D29)/D29 -> 0.26875 | K29: ='A- Summary Inc_Ex'!S58 -> 11000
A31: Total Office/Administrative | B31: ='A- Summary Inc_Ex'!C59 -> 841796.46 | C31: ='A- Summary Inc_Ex'!D59 -> 1209958.4 | D31: ='A- Summary Inc_Ex'!E59 -> 940251.12 | E31: ='A- Summary Inc_Ex'!F59 -> 433067.15 | F31: ='A- Summary Inc_Ex'!G59 -> 404658.7 | G31: ='A- Summary Inc_Ex'!H59 -> 0.43037301 | H31: =H29+H27+H25+H23 -> 952401.12 | I31: =H31-D31 -> 12150 | J31: =(H31-D31)/D31 -> 0.01292208 | K31: =K29+K27+K25+K23 -> 1079070
A33: Total Revenues | B33: ='A- Summary Inc_Ex'!C61 -> 1918361.6 | C33: ='A- Summary Inc_Ex'!D61 -> 2299700.3 | D33: ='A- Summary Inc_Ex'!E61 -> 2081980 | E33: ='A- Summary Inc_Ex'!F61 -> 1651427.5 | F33: ='A- Summary Inc_Ex'!G61 -> 1708974.7 | G33: ='A- Summary Inc_Ex'!H61 -> 0.82084107 | H33: =H10 -> 2080480 | I33: =H33-D33 -> -1500 | J33: =(H33-D33)/D33 -> -0.00072046802 | K33: =K10 -> 2210703
A34: Less Total Expenses | B34: ='A- Summary Inc_Ex'!C62 -> 1895616.5 | C34: ='A- Summary Inc_Ex'!D62 -> 1975193.2 | D34: ='A- Summary Inc_Ex'!E62 -> 2073751.1 | E34: ='A- Summary Inc_Ex'!F62 -> 792297.85 | F34: ='A- Summary Inc_Ex'!G62 -> 818973.96 | G34: ='A- Summary Inc_Ex'!H62 -> 0.39492394 | H34: =H31+H21 -> 2072001.1 | I34: =H34-D34 -> -1750 | J34: =(H34-D34)/D34 -> -0.0008438814 | K34: =K31+K21 -> 2208570
A36: OSS Net Loss for the Year | B36: ='A- Summary Inc_Ex'!C64 -> 0 | C36: ='A- Summary Inc_Ex'!D64 -> 0 | D36: ='A- Summary Inc_Ex'!E64 -> 0 | E36: ='A- Summary Inc_Ex'!F64 -> 0 | F36: ='A- Summary Inc_Ex'!G64 -> 0
A38: Less Fraud Expneses | B38: ='A- Summary Inc_Ex'!C65 -> 0 | C38: ='A- Summary Inc_Ex'!D65 -> 0 | D38: ='A- Summary Inc_Ex'!E65 -> 0 | E38: ='A- Summary Inc_Ex'!F65 -> 0 | F38: ='A- Summary Inc_Ex'!G65 -> 0
A39: Net Income for year | B39: ='A- Summary Inc_Ex'!C66 -> 22745.158 | C39: ='A- Summary Inc_Ex'!D66 -> 324507.06 | D39: ='A- Summary Inc_Ex'!E66 -> 8228.88 | E39: ='A- Summary Inc_Ex'!F66 -> 859129.6 | F39: ='A- Summary Inc_Ex'!G66 -> 890000.73 | H39: =H33-H34 -> 8478.88 | K39: =K33-K34 -> 2133
A41: Raised Revenues - Private
A42: SPONSORSHIP RAISED | B42: =B8 -> 81000 | C42: =C8 -> 67280.16 | D42: =D8 -> 44000 | E42: =E8 -> 55828.57 | F42: =F8 -> 34235.33
A43: IN KIND REVENUES | B43: ='A- Summary Inc_Ex'!#REF! -> #REF! | C43: ='A- Summary Inc_Ex'!#REF! -> #REF! | D43: ='A- Summary Inc_Ex'!#REF! -> #REF! | E43: ='A- Summary Inc_Ex'!#REF! -> #REF! | F43: ='A- Summary Inc_Ex'!#REF! -> #REF!
A44: Total Raised Revenues | B44: =B42+B43 -> #REF! | C44: =C42+C43 -> #REF! | D44: =D42+D43 -> #REF! | E44: =E42+E43 -> #REF! | F44: =F42+F43 -> #REF!
A45: DB OSS
A46: OSS Revenue Brought Forward from Prev FY | B46: ='A- Summary Inc_Ex'!C79 -> 200000 | C46: ='A- Summary Inc_Ex'!D79 -> 225203 | D46: ='A- Summary Inc_Ex'!E79 -> 160000 | E46: ='A- Summary Inc_Ex'!F79 -> 225203 | F46: ='A- Summary Inc_Ex'!G79 -> 135750
A47: DB Old School Square Revenue | B47: ='A- Summary Inc_Ex'!C80 -> 1090000 | C47: ='A- Summary Inc_Ex'!D80 -> 1242743.3 | D47: ='A- Summary Inc_Ex'!E80 -> 995000 | E47: ='A- Summary Inc_Ex'!F80 -> 590796.65 | F47: ='A- Summary Inc_Ex'!G80 -> 509561.52
A48: DB Beach Old School Expemses | B48: ='A- Summary Inc_Ex'!C81 -> 1239000 | C48: ='A- Summary Inc_Ex'!D81 -> 1332196.4 | D48: ='A- Summary Inc_Ex'!E81 -> 1094500 | E48: ='A- Summary Inc_Ex'!F81 -> 558132.66 | F48: ='A- Summary Inc_Ex'!G81 -> 547179.94
A49: OSS Net Income for the Year | B49: ='A- Summary Inc_Ex'!C76 -> -149000 | C49: ='A- Summary Inc_Ex'!D82 -> 135749.99 | D49: ='A- Summary Inc_Ex'!E82 -> 60500 | E49: ='A- Summary Inc_Ex'!F82 -> 257866.99 | F49: ='A- Summary Inc_Ex'!G82 -> 98131.58

Sheet A- Summary Inc_Ex
A1: DDA FY2026-2027 ADOPTED BUDGET - A
B2: 9.22.2026
B3: A Revenue & Expenses | C3: APPROVED Amended Budget 2024_25 | D3: Final FY 24_25 FYE | E3: FY2025/26 ADOPTED BUDGET | F3: Previous Year toDate 3/31/2025 | G3: FY 25_26 to Date 3/31/2026 | H3: Percentage of Adopted Budget | O3: FY2025/26 AMENDED BUDGET | P3: ='Top Line Rep'!I3 -> Amount of Change | Q3: ='Top Line Rep'!J3 -> Percentage of change | R3: COMMENTS | S3: ='Top Line Rep'!K3 -> FY 2026-2027 ADOPTED BUDGET | T3: NOTES
B4: REVENUES
B5: AD VALOREM TAXES & INTR.
A6: 1 | B6: Ad Valorem Taxes | C6: =1932275387*0.001*95/100 -> 1835661.6 | D6: =SUMIFS(MapFy2024_25!D:D,MapFy2024_25!B:B,'A- Summary Inc_Ex'!B6) -> 1864562.6 | E6: 2037980 | F6: =SUMIFS(MapFy2025_26!E:E,MapFy2025_26!B:B,'A- Summary Inc_Ex'!B6) -> 1594310 | G6: =SUMIFS(MapFy2025_26!D:D,MapFy2025_26!B:B,'A- Summary Inc_Ex'!B6) -> 1673422.6 | H6: =IF(E6=0,"",G6/E6) -> 0.82111828 | I6: 1.0000 Millage Rate | O6: 2037980 | P6: =O6-E6 -> 0 | Q6: =(O6-E6)/O6 -> 0 | S6: 2160703 | T6: .95 of total 1Mil Rev (recommended estimated reconcilliation)
A7: 2 | B7: Interest earned | C7: 1700 | D7: =SUMIFS(MapFy2024_25!D:D,MapFy2024_25!B:B,'A- Summary Inc_Ex'!B7) -> 2801.55 | E7: 0 | F7: =SUMIFS(MapFy2025_26!E:E,MapFy2025_26!B:B,'A- Summary Inc_Ex'!B7) -> 1288.86 | G7: =SUMIFS(MapFy2025_26!D:D,MapFy2025_26!B:B,'A- Summary Inc_Ex'!B7) -> 1316.72 | H7: =IF(E7=0,"",G7/E7) | O7: 0 | P7: =O7-E7 -> 0 | S7: 0
A8: 3 | B8: AD VALOREM TAXES & INTR. | C8: =SUM(C6:C7) -> 1837361.6 | D8: =SUM(D6:D7) -> 1867364.1 | E8: =SUM(E6:E7) -> 2037980 | F8: =SUM(F6:F7) -> 1595598.9 | G8: =SUM(G6:G7) -> 1674739.4 | H8: =IF(E8=0,"",G8/E8) -> 0.82176437 | O8: =SUM(O6:O7) -> 2037980 | P8: =O8-E8 -> 0 | Q8: =(O8-E8)/O8 -> 0 | S8: =SUM(S6:S7) -> 2160703
B9: SPONSORSHIP RAISED | P9: =O9-E9 -> 0
A10: 4 | B10: Sponsorship Income - Marketing | C10: 50000 | D10: =SUMIFS(MapFy2024_25!D:D,MapFy2024_25!B:B,'A- Summary Inc_Ex'!B10) -> 48575 | E10: 24000 | F10: =SUMIFS(MapFy2025_26!E:E,MapFy2025_26!B:B,'A- Summary Inc_Ex'!B10) -> 41600 | G10: =SUMIFS(MapFy2025_26!D:D,MapFy2025_26!B:B,'A- Summary Inc_Ex'!B10) -> 24000 | H10: =IF(E10=0,"",G10/E10) -> 1 | O10: 30000 | P10: =O10-E10 -> 6000 | Q10: =(O10-E10)/O10 -> 0.2 | S10: 40000
A11: 5 | B11: Miscellaneous Income | C11: 16000 | D11: =SUMIFS(MapFy2024_25!D:D,MapFy2024_25!B:B,'A- Summary Inc_Ex'!B11) -> 17730.16 | E11: 10000 | F11: =SUMIFS(MapFy2025_26!E:E,MapFy2025_26!B:B,'A- Summary Inc_Ex'!B11) -> 13253.57 | G11: =SUMIFS(MapFy2025_26!D:D,MapFy2025_26!B:B,'A- Summary Inc_Ex'!B11) -> 7735.33 | H11: =IF(E11=0,"",G11/E11) -> 0.773533 | O11: 10000 | P11: =O11-E11 -> 0 | Q11: =(O11-E11)/O11 -> 0 | S11: 10000
A12: 6 | B12: Downtown Guide Book Income | C12: 15000 | D12: =SUMIFS(MapFy2024_25!D:D,MapFy2024_25!B:B,'A- Summary Inc_Ex'!B12) -> 975 | E12: 10000 | F12: =SUMIFS(MapFy2025_26!E:E,MapFy2025_26!B:B,'A- Summary Inc_Ex'!B12) -> 975 | G12: =SUMIFS(MapFy2025_26!D:D,MapFy2025_26!B:B,'A- Summary Inc_Ex'!B12) -> 2500 | H12: =IF(E12=0,"",G12/E12) -> 0.25 | O12: 2500 | P12: =O12-E12 -> -7500 | Q12: =(O12-E12)/O12 -> -3 | S12: 0
A13: 7 | B13: Howard Alan Events | C13: 0 | D13: =SUMIFS(MapFy2024_25!D:D,MapFy2024_25!B:B,'A- Summary Inc_Ex'!B13) -> 0 | E13: 0 | F13: =SUMIFS(MapFy2025_26!E:E,MapFy2025_26!B:B,'A- Summary Inc_Ex'!B13) -> 0 | G13: =SUMIFS(MapFy2025_26!D:D,MapFy2025_26!B:B,'A- Summary Inc_Ex'!B13) -> 0 | H13: =IF(E13=0,"",G13/E13) | O13: 0 | P13: =O13-E13 -> 0 | S13: 0
A14: 8 | B14: SPONSORSHIP RAISED | C14: =SUM(C10:C13) -> 81000 | D14: =SUM(D10:D13) -> 67280.16 | E14: =SUM(E10:E13) -> 44000 | F14: =SUM(F10:F13) -> 55828.57 | G14: =SUM(G10:G13) -> 34235.33 | H14: =IF(E14=0,"",G14/E14) -> 0.77807568 | O14: =SUM(O10:O13) -> 42500 | P14: =O14-E14 -> -1500 | Q14: =(O14-E14)/O14 -> -0.035294118 | S14: =SUM(S10:S13) -> 50000
B17: Provision of Uncollectable Receivables | D17: 365056
A18: 9 | B18: TOTAL REVENUES | C18: =C8+SUM(C14:C17) -> 1918361.6 | D18: =D8+SUM(D14:D17) -> 2299700.3 | E18: =E8+SUM(E14:E17) -> 2081980 | F18: =F8+SUM(F14:F17) -> 1651427.5 | G18: =G8+SUM(G14:G17) -> 1708974.7 | H18: =IF(E18=0,"",G18/E18) -> 0.82084107 | O18: =O8+SUM(O14:O17) -> 2080480 | P18: =O18-E18 -> -1500 | Q18: =(O18-E18)/O18 -> -0.00072098746 | S18: =S8+SUM(S14:S17) -> 2210703
A19: EXPENDITURES:
B20: DEVELOPMENT DDA DISTRICT ECONOMY
B21: MARKETING DDA DISTRICT
A22: 10 | B22: Downtown Retail & Rest. Guide Book | C22: 12000 | D22: =SUMIFS(MapFy2024_25!D:D,MapFy2024_25!B:B,'A- Summary Inc_Ex'!B22) -> 975.5 | E22: 10000 | F22: =SUMIFS(MapFy2025_26!E:E,MapFy2025_26!B:B,'A- Summary Inc_Ex'!B22) -> 0 | G22: =SUMIFS(MapFy2025_26!D:D,MapFy2025_26!B:B,'A- Summary Inc_Ex'!B22) -> 14419.07 | H22: =IF(E22=0,"",G22/E22) -> 1.441907 | O22: 15000 | P22: =O22-E22 -> 5000 | Q22: =(O22-E22)/O22 -> 0.33333333 | R22: Increase by $5k from Misc Adv (A15) | S22: 10000 | T22: TBD- Document under Review
A23: 11 | B23: Visitor Information Center (Moved item into MKT) | C23: 20000 | D23: 22980 | E23: 28000 | F23: =SUMIFS(MapFy2025_26!E:E,MapFy2025_26!B:B,'A- Summary Inc_Ex'!B23) -> 8347.02 | G23: =SUMIFS(MapFy2025_26!D:D,MapFy2025_26!B:B,'A- Summary Inc_Ex'!B23) -> 6752.93 | H23: =IF(E23=0,"",G23/E23) -> 0.24117607 | O23: 28000 | P23: =O23-E23 -> 0 | Q23: =(O23-E23)/O23 -> 0 | S23: 35000 | T23: Proped renovation of front doors to be inkind
A24: 13 | B24: Website Design & Update | C24: 36000 | D24: =SUMIFS(MapFy2024_25!D:D,MapFy2024_25!B:B,'A- Summary Inc_Ex'!B24) -> 41756.94 | E24: 15000 | F24: =SUMIFS(MapFy2025_26!E:E,MapFy2025_26!B:B,'A- Summary Inc_Ex'!B24) -> 18837.5 | G24: =SUMIFS(MapFy2025_26!D:D,MapFy2025_26!B:B,'A- Summary Inc_Ex'!B24) -> 12983.57 | H24: =IF(E24=0,"",G24/E24) -> 0.86557133 | I24: new website design and implementation | O24: 16000 | P24: =O24-E24 -> 1000 | Q24: =(O24-E24)/O24 -> 0.0625 | S24: 16000
A25: 14 | B25: Public Relations & Communication | C25: 42000 | D25: =SUMIFS(MapFy2024_25!D:D,MapFy2024_25!B:B,'A- Summary Inc_Ex'!B25) -> 42000 | E25: 43500 | F25: =SUMIFS(MapFy2025_26!E:E,MapFy2025_26!B:B,'A- Summary Inc_Ex'!B25) -> 21000 | G25: =SUMIFS(MapFy2025_26!D:D,MapFy2025_26!B:B,'A- Summary Inc_Ex'!B25) -> 21000 | H25: =IF(E25=0,"",G25/E25) -> 0.48275862 | O25: 43500 | P25: =O25-E25 -> 0 | Q25: =(O25-E25)/O25 -> 0 | S25: 44000
A26: 15 | B26: Misc Advertising | C26: 6000 | D26: =SUMIFS(MapFy2024_25!D:D,MapFy2024_25!B:B,'A- Summary Inc_Ex'!B26) -> 6342.14 | E26: 10000 | F26: =SUMIFS(MapFy2025_26!E:E,MapFy2025_26!B:B,'A- Summary Inc_Ex'!B26) -> 6342.14 | G26: =SUMIFS(MapFy2025_26!D:D,MapFy2025_26!B:B,'A- Summary Inc_Ex'!B26) -> 1276.48 | H26: =IF(E26=0,"",G26/E26) -> 0.127648 | I26: Summer Advertising | O26: 6000 | P26: =O26-E26 -> -4000 | Q26: =(O26-E26)/O26 -> -0.66666667 | R26: Reduce by 4k to be closer to actual spend | S26: 6000 | T26: Winter & Summer
A27: 16 | B27: DDA Program Marketing Totals | C27: ='B- Marketing & Adverts'!C27 -> 136500 | D27: ='B- Marketing & Adverts'!D27 -> 139286.29 | E27: ='B- Marketing & Adverts'!E27 -> 147500 | F27: ='B- Marketing & Adverts'!F27 -> 61969.85 | G27: ='B- Marketing & Adverts'!G27 -> 69579.67 | H27: =IF(E27=0,"",G27/E27) -> 0.47172658 | O27: ='B- Marketing & Adverts'!J27 -> 159600 | P27: =O27-E27 -> 12100 | Q27: =(O27-E27)/O27 -> 0.075814536 | S27: ='B- Marketing & Adverts'!M27 -> 154500
A28: 17 | B28: TOTAL MARKETING DDA DISTRICT | C28: =SUM(C22:C27) -> 252500 | D28: =SUM(D22:D27) -> 253340.87 | E28: =SUM(E22:E27) -> 254000 | F28: =SUM(F22:F27) -> 116496.51 | G28: =SUM(G22:G27) -> 126011.72 | H28: =IF(E28=0,"",G28/E28) -> 0.49610913 | O28: =O27+O26+O25+O24+O23+O22 -> 268100 | P28: =O28-E28 -> 14100 | Q28: =(O28-E28)/O28 -> 0.052592316 | S28: =S27+S26+S25+S24+S23+S22 -> 265500
A29: 18 | B29: ECONOMIC VITALITY / DEVELOPMENT | C29: ='C- Economic Vitality'!C12 -> 227000 | D29: ='C- Economic Vitality'!D12 -> 37986.91 | E29: 262500 | F29: ='C- Economic Vitality'!F12 -> 18250 | G29: ='C- Economic Vitality'!G12 -> 23131 | H29: =IF(E29=0,"",G29/E29) -> 0.088118095 | O29: ='C- Economic Vitality'!K12 -> 299500 | P29: =O29-E29 -> 37000 | Q29: =(O29-E29)/O29 -> 0.12353923 | S29: ='C- Economic Vitality'!O12 -> 291000
A30: 19 | B30: PLACEMAKING/CLEAN AND SAFE | C30: ='D-Placemaking '!C13 -> 526320 | D30: ='D-Placemaking '!D13 -> 465307 | E30: 597000 | F30: ='D-Placemaking '!F13 -> 217884.19 | G30: ='D-Placemaking '!G13 -> 257477.54 | H30: =IF(E30=0,"",G30/E30) -> 0.43128566 | O30: ='D-Placemaking '!J13 -> 532000 | P30: =O30-E30 -> -65000 | Q30: =(O30-E30)/O30 -> -0.12218045 | S30: ='D-Placemaking '!N13 -> 555000
A31: oss | B31: Delray Beach Old School Square | P31: =O31-E31 -> 0
A32: 20 | B32: TOTAL DEVELOPMENT DDA DISTRICT ECONOMY | C32: =SUM(C28:C30) -> 1005820 | D32: =SUM(D28:D30) -> 756634.78 | E32: 1113500 | F32: =SUM(F28:F30) -> 352630.7 | G32: =SUM(G28:G30) -> 406620.26 | H32: =IF(E32=0,"",G32/E32) -> 0.36517311 | O32: =O30+O29+O28 -> 1099600 | P32: =O32-E32 -> -13900 | Q32: =(O32-E32)/O32 -> -0.01264096 | S32: =S30+S29+S28 -> 1111500 | T32: =S32-O32 -> 11900
A33: 21 | B33: TOTAL DDA DISTRICT GRANTS | C33: 18000 | D33: =SUMIFS(MapFy2024_25!D:D,MapFy2024_25!B:B,'A- Summary Inc_Ex'!B33) -> 8600 | E33: 20000 | F33: =SUMIFS(MapFy2025_26!E:E,MapFy2025_26!B:B,'A- Summary Inc_Ex'!B33) -> 6600 | G33: =SUMIFS(MapFy2025_26!D:D,MapFy2025_26!B:B,'A- Summary Inc_Ex'!B33) -> 7695 | H33: =IF(E33=0,"",G33/E33) -> 0.38475 | O33: 20000 | P33: =O33-E33 -> 0 | Q33: =(O33-E33)/O33 -> 0 | S33: 18000
A34: DDA | B34: Downtown Camera Project | C34: 30000 | D34: =SUMIFS(MapFy2024_25!D:D,MapFy2024_25!B:B,'A- Summary Inc_Ex'!B34) -> 0 | E34: 0 | F34: =SUMIFS(MapFy2025_26!E:E,MapFy2025_26!B:B,'A- Summary Inc_Ex'!B34) -> 0 | G34: =SUMIFS(MapFy2025_26!D:D,MapFy2025_26!B:B,'A- Summary Inc_Ex'!B34) -> 0 | H34: =IF(E34=0,"",G34/E34) | O34: 0 | P34: =O34-E34 -> 0 | S34: 0
A35: 22 | B35: TOTAL BUSINESS DEVELOPMENT | C35: =SUM(C32:C34) -> 1053820 | D35: =SUM(D32:D34) -> 765234.78 | E35: =SUM(E32:E34) -> 1133500 | F35: =SUM(F32:F34) -> 359230.7 | G35: =SUM(G32:G34) -> 414315.26 | H35: =IF(E35=0,"",G35/E35) -> 0.36551854 | O35: =O33+O32 -> 1119600 | P35: =O35-E35 -> -13900 | Q35: =(O35-E35)/O35 -> -0.012415148 | S35: =S33+S32 -> 1129500 | T35: =S35-O35 -> 9900
B36: Expenditures Office/Administrative
A37: 23 | B37: DDA Payroll | C37: 435658 | D37: 455375 | E37: 457440.9 | F37: =SUMIFS(MapFy2025_26!E:E,MapFy2025_26!B:B,'A- Summary Inc_Ex'!B37) -> 227849.48 | G37: =SUMIFS(MapFy2025_26!D:D,MapFy2025_26!B:B,'A- Summary Inc_Ex'!B37) -> 223503.6 | H37: =IF(E37=0,"",G37/E37) -> 0.48859558 | I37: Includes payroll increases and addition of the VIC Manager removed from the VIC Line Item | O37: 457440.9 | P37: =O37-E37 -> 0 | Q37: =(O37-E37)/O37 -> 0 | S37: 563200 | T37: Based on the recommended increase proposed
A38: 24 | B38: P/R Taxes,SUTA,FUTA | C38: 64694.07 | D38: =SUMIFS(MapFy2024_25!D:D,MapFy2024_25!B:B,'A- Summary Inc_Ex'!B38) -> 35466.51 | E38: 68499 | F38: =SUMIFS(MapFy2025_26!E:E,MapFy2025_26!B:B,'A- Summary Inc_Ex'!B38) -> 17934.94 | G38: =SUMIFS(MapFy2025_26!D:D,MapFy2025_26!B:B,'A- Summary Inc_Ex'!B38) -> 17392.32 | H38: =IF(E38=0,"",G38/E38) -> 0.25390619 | O38: 68499 | P38: =O38-E38 -> 0 | Q38: =(O38-E38)/O38 -> 0 | S38: 49000
A39: 25 | B39: Health Insurance | C39: 43835 | D39: =SUMIFS(MapFy2024_25!D:D,MapFy2024_25!B:B,'A- Summary Inc_Ex'!B39) -> 35948.4 | E39: 48000 | F39: =SUMIFS(MapFy2025_26!E:E,MapFy2025_26!B:B,'A- Summary Inc_Ex'!B39) -> 18623.01 | G39: =SUMIFS(MapFy2025_26!D:D,MapFy2025_26!B:B,'A- Summary Inc_Ex'!B39) -> 20403.46 | H39: =IF(E39=0,"",G39/E39) -> 0.42507208 | I39: based on lst year budget +4% | O39: 48000 | P39: =O39-E39 -> 0 | Q39: =(O39-E39)/O39 -> 0 | S39: 52000
A40: 26 | B40: Worker's Comp, Ins | C40: 2140 | D40: =SUMIFS(MapFy2024_25!D:D,MapFy2024_25!B:B,'A- Summary Inc_Ex'!B40) -> 2233 | E40: 2500 | F40: =SUMIFS(MapFy2025_26!E:E,MapFy2025_26!B:B,'A- Summary Inc_Ex'!B40) -> 1674.75 | G40: =SUMIFS(MapFy2025_26!D:D,MapFy2025_26!B:B,'A- Summary Inc_Ex'!B40) -> 1155.5 | H40: =IF(E40=0,"",G40/E40) -> 0.4622 | O40: 2500 | P40: =O40-E40 -> 0 | Q40: =(O40-E40)/O40 -> 0 | S40: 3500
A41: 27 | B41: Retirement | C41: 30611.39 | D41: =SUMIFS(MapFy2024_25!D:D,MapFy2024_25!B:B,'A- Summary Inc_Ex'!B41) -> 22438.54 | E41: 35000 | F41: =SUMIFS(MapFy2025_26!E:E,MapFy2025_26!B:B,'A- Summary Inc_Ex'!B41) -> 11522.08 | G41: =SUMIFS(MapFy2025_26!D:D,MapFy2025_26!B:B,'A- Summary Inc_Ex'!B41) -> 10916.46 | H41: =IF(G41=0,"",G41/E41) -> 0.31189886 | I41: Retirement based on 4% increase as of OCT 1 2024 all Employees except BJ | O41: 35000 | P41: =O41-E41 -> 0 | Q41: =(O41-E41)/O41 -> 0 | S41: 47670
A42: 28 | B42: Payroll Expenses Total | C42: =SUM(C37:C41) -> 576938.46 | D42: =SUM(D37:D41) -> 551461.45 | E42: =SUM(E37:E41) -> 611439.9 | F42: =SUM(F37:F41) -> 277604.26 | G42: =SUM(G37:G41) -> 273371.34 | H42: =G42/E42 -> 0.44709438 | O42: =SUM(O37:O41) -> 611439.9 | P42: 0 | Q42: =(O42-E42)/O42 -> 0 | S42: =SUM(S37:S41) -> 715370 | T42: =S42-O42 -> 103930.1
A43: 29 | B43: Independent Contractor | C43: 0 | D43: =SUMIFS(MapFy2024_25!D:D,MapFy2024_25!B:B,'A- Summary Inc_Ex'!B43) -> 0 | E43: 5000 | F43: =SUMIFS(MapFy2025_26!E:E,MapFy2025_26!B:B,'A- Summary Inc_Ex'!B43) -> 0 | G43: =SUMIFS(MapFy2025_26!D:D,MapFy2025_26!B:B,'A- Summary Inc_Ex'!B43) -> 0 | H43: =IF(E43=0,"",G43/E43) -> 0 | O43: 5000 | P43: 0 | Q43: =(O43-E43)/O43 -> 0 | S43: 5000
A44: 30 | B44: External Audit Fees | C44: 21000 | D44: =SUMIFS(MapFy2024_25!D:D,MapFy2024_25!B:B,'A- Summary Inc_Ex'!B44) -> 12649.98 | E44: 23000 | F44: =SUMIFS(MapFy2025_26!E:E,MapFy2025_26!B:B,'A- Summary Inc_Ex'!B44) -> 20017.5 | G44: =SUMIFS(MapFy2025_26!D:D,MapFy2025_26!B:B,'A- Summary Inc_Ex'!B44) -> 2500 | H44: =IF(E44=0,"",G44/E44) -> 0.10869565 | O44: 23000 | P44: 0 | Q44: =(O44-E44)/O44 -> 0 | S44: 25000 | T44: RFP for Services needed
A45: 31 | B45: Bookkeeping & Payroll Svcs | C45: 15000 | D45: =SUMIFS(MapFy2024_25!D:D,MapFy2024_25!B:B,'A- Summary Inc_Ex'!B45) -> 13244.4 | E45: 40000 | F45: =SUMIFS(MapFy2025_26!E:E,MapFy2025_26!B:B,'A- Summary Inc_Ex'!B45) -> 4799.49 | G45: =SUMIFS(MapFy2025_26!D:D,MapFy2025_26!B:B,'A- Summary Inc_Ex'!B45) -> 14301.56 | H45: =IF(E45=0,"",G45/E45) -> 0.357539 | O45: 50000 | P45: =O45-E45 -> 10000 | Q45: =(O45-E45)/O45 -> 0.2 | R45: Increase $10k due to additional Audit work | S45: 60000 | T45: payroll of employee for both DDA and OSS
A46: 32 | B46: Dues, Subscriptions | C46: 11500 | D46: =SUMIFS(MapFy2024_25!D:D,MapFy2024_25!B:B,'A- Summary Inc_Ex'!B46) -> 9053.81 | E46: 14000 | F46: =SUMIFS(MapFy2025_26!E:E,MapFy2025_26!B:B,'A- Summary Inc_Ex'!B46) -> 8055.56 | G46: =SUMIFS(MapFy2025_26!D:D,MapFy2025_26!B:B,'A- Summary Inc_Ex'!B46) -> 5405.67 | H46: =IF(E46=0,"",G46/E46) -> 0.38611929 | O46: 12000 | P46: =O46-E46 -> -2000 | Q46: =(O46-E46)/O46 -> -0.16666667 | R46: Reduce by $2k and move to A40 | S46: 15000
A47: 33 | B47: Board Liability Ins + Office Contents | C47: 19000 | D47: =SUMIFS(MapFy2024_25!D:D,MapFy2024_25!B:B,'A- Summary Inc_Ex'!B47) -> 17131 | E47: 19500 | F47: =SUMIFS(MapFy2025_26!E:E,MapFy2025_26!B:B,'A- Summary Inc_Ex'!B47) -> 12400.41 | G47: =SUMIFS(MapFy2025_26!D:D,MapFy2025_26!B:B,'A- Summary Inc_Ex'!B47) -> 9554 | H47: =IF(E47=0,"",G47/E47) -> 0.48994872 | I47: Estimated increase as 2024 + incr from 2023 to 2024 | O47: 19500 | P47: 0 | Q47: =(O47-E47)/O47 -> 0 | S47: 19500
A48: 34 | B48: Property Appraiser Fee | C48: 10384 | D48: =SUMIFS(MapFy2024_25!D:D,MapFy2024_25!B:B,'A- Summary Inc_Ex'!B48) -> 10432 | E48: 12350 | F48: =SUMIFS(MapFy2025_26!E:E,MapFy2025_26!B:B,'A- Summary Inc_Ex'!B48) -> 7867.75 | G48: =SUMIFS(MapFy2025_26!D:D,MapFy2025_26!B:B,'A- Summary Inc_Ex'!B48) -> 4680.87 | H48: =IF(E48=0,"",G48/E48) -> 0.37901781 | I48: Estimated increase as 2024 + incr from 2023 to 2024 | O48: 12350 | P48: 0 | Q48: =(O48-E48)/O48 -> 0 | S48: 15000
A49: 35 | B49: Meetings, Conferences, Training | C49: 20000 | D49: =SUMIFS(MapFy2024_25!D:D,MapFy2024_25!B:B,'A- Summary Inc_Ex'!B49) -> 19431.98 | E49: 20000 | F49: =SUMIFS(MapFy2025_26!E:E,MapFy2025_26!B:B,'A- Summary Inc_Ex'!B49) -> 9963.2 | G49: =SUMIFS(MapFy2025_26!D:D,MapFy2025_26!B:B,'A- Summary Inc_Ex'!B49) -> 3504.79 | H49: =IF(E49=0,"",G49/E49) -> 0.1752395 | O49: 20000 | P49: 0 | Q49: =(O49-E49)/O49 -> 0 | S49: 20000
A50: 36 | B50: Legal Fees | C50: 35000 | D50: =SUMIFS(MapFy2024_25!D:D,MapFy2024_25!B:B,'A- Summary Inc_Ex'!B50) -> 76900 | E50: 55000 | F50: =SUMIFS(MapFy2025_26!E:E,MapFy2025_26!B:B,'A- Summary Inc_Ex'!B50) -> 23900 | G50: =SUMIFS(MapFy2025_26!D:D,MapFy2025_26!B:B,'A- Summary Inc_Ex'!B50) -> 27594.78 | H50: =IF(E50=0,"",G50/E50) -> 0.50172327 | O50: 55000 | P50: 0 | Q50: =(O50-E50)/O50 -> 0 | S50: 55000
A51: 37 | B51: Operational Expenses Total | C51: =SUM(C43:C50) -> 131884 | D51: =SUM(D43:D50) -> 158843.17 | E51: =SUM(E43:E50) -> 188850 | F51: =SUM(F43:F50) -> 87003.91 | G51: =SUM(G43:G50) -> 67541.67 | H51: =G51/E51 -> 0.35764718 | O51: =SUM(O43:O50) -> 196850 | P51: =O51-E51 -> 8000 | Q51: =(O51-E51)/O51 -> 0.040640081 | S51: =SUM(S43:S50) -> 214500 | T51: =S51-O51 -> 17650
A52: 38 | B52: Car allowance | C52: 3000 | D52: =SUMIFS(MapFy2024_25!D:D,MapFy2024_25!B:B,'A- Summary Inc_Ex'!B52) -> 3000 | E52: 3000 | F52: =SUMIFS(MapFy2025_26!E:E,MapFy2025_26!B:B,'A- Summary Inc_Ex'!B52) -> 1500 | G52: =SUMIFS(MapFy2025_26!D:D,MapFy2025_26!B:B,'A- Summary Inc_Ex'!B52) -> 1500 | H52: =IF(E52=0,"",G52/E52) -> 0.5 | O52: 3000 | P52: 0 | Q52: =(O52-E52)/O52 -> 0 | S52: 4200 | T52: Parking passes - $1200 (10 ppl)
A53: 39 | B53: Phones | C53: 6700 | D53: =SUMIFS(MapFy2024_25!D:D,MapFy2024_25!B:B,'A- Summary Inc_Ex'!B53) -> 8306.79 | E53: 7000 | F53: =SUMIFS(MapFy2025_26!E:E,MapFy2025_26!B:B,'A- Summary Inc_Ex'!B53) -> 3486.67 | G53: =SUMIFS(MapFy2025_26!D:D,MapFy2025_26!B:B,'A- Summary Inc_Ex'!B53) -> 3703.02 | H53: =IF(E53=0,"",G53/E53) -> 0.52900286 | I53: Add ninety dollars for increase for the year | O53: 7000 | P53: 0 | Q53: =(O53-E53)/O53 -> 0 | S53: 7000
A54: 40 | B54: Office Supplies & repairs etc | C54: 35000 | D54: =SUMIFS(MapFy2024_25!D:D,MapFy2024_25!B:B,'A- Summary Inc_Ex'!B54) -> 43185.29 | E54: 38000 | F54: =SUMIFS(MapFy2025_26!E:E,MapFy2025_26!B:B,'A- Summary Inc_Ex'!B54) -> 23696.14 | G54: =SUMIFS(MapFy2025_26!D:D,MapFy2025_26!B:B,'A- Summary Inc_Ex'!B54) -> 15643.33 | H54: =IF(E54=0,"",G54/E54) -> 0.41166658 | I54: Add thousand as increase for the year | O54: 40000 | P54: =O54-E54 -> 2000 | Q54: =(O54-E54)/O54 -> 0.05 | R54: increase 2k from Dues | S54: 40000
A55: 41 | B55: Postages & Printing | C55: 700 | D55: =SUMIFS(MapFy2024_25!D:D,MapFy2024_25!B:B,'A- Summary Inc_Ex'!B55) -> 532.26 | E55: 2000 | F55: =SUMIFS(MapFy2025_26!E:E,MapFy2025_26!B:B,'A- Summary Inc_Ex'!B55) -> 383.35 | G55: =SUMIFS(MapFy2025_26!D:D,MapFy2025_26!B:B,'A- Summary Inc_Ex'!B55) -> 174.97 | H55: =IF(E55=0,"",G55/E55) -> 0.087485 | I55: Rounded | O55: 2000 | P55: 0 | Q55: =(O55-E55)/O55 -> 0 | S55: 2000
A56: 42 | B56: Office rental | C56: 79574 | D56: =SUMIFS(MapFy2024_25!D:D,MapFy2024_25!B:B,'A- Summary Inc_Ex'!B56) -> 79573.48 | E56: 81961.22 | F56: =SUMIFS(MapFy2025_26!E:E,MapFy2025_26!B:B,'A- Summary Inc_Ex'!B56) -> 39392.82 | G56: =SUMIFS(MapFy2025_26!D:D,MapFy2025_26!B:B,'A- Summary Inc_Ex'!B56) -> 40574.58 | H56: =IF(E56=0,"",G56/E56) -> 0.49504607 | I56: Covers Increase(3%) in May 2024 | O56: 81961.22 | P56: 0 | Q56: =(O56-E56)/O56 -> 0 | S56: 85000 | T56: Office Plan - future of DDA
A57: 43 | B57: Office Expenses Total | C57: =SUM(C52:C56) -> 124974 | D57: =SUM(D52:D56) -> 134597.82 | E57: =SUM(E52:E56) -> 131961.22 | F57: =SUM(F52:F56) -> 68458.98 | G57: =SUM(G52:G56) -> 61595.9 | H57: =G57/E57 -> 0.46677274 | O57: =SUM(O52:O56) -> 133961.22 | P57: =O57-E57 -> 2000 | Q57: =(O57-E57)/O57 -> 0.014929694 | S57: =SUM(S52:S56) -> 138200
A58: 44 | B58: Capital Expenditure | C58: 8000 | D58: 365056 | E58: 8000 | F58: =SUMIFS(MapFy2025_26!E:E,MapFy2025_26!B:B,'A- Summary Inc_Ex'!B58) -> 0 | G58: =SUMIFS(MapFy2025_26!D:D,MapFy2025_26!B:B,'A- Summary Inc_Ex'!B58) -> 2149.79 | H58: =IF(E58=0,"",G58/E58) -> 0.26872375 | O58: 8000 | P58: 0 | Q58: =(O58-E58)/O58 -> 0 | S58: 11000
A59: 45 | B59: Total Office/Administrative | C59: =C42+C51+SUM(C57:C58) -> 841796.46 | D59: =D42+D51+SUM(D57:D58) -> 1209958.4 | E59: =E42+E51+SUM(E57:E58) -> 940251.12 | F59: =F42+F51+SUM(F57:F58) -> 433067.15 | G59: =G42+G51+SUM(G57:G58) -> 404658.7 | H59: =G59/E59 -> 0.43037301 | O59: =O42+O51+SUM(O57:O58) -> 950251.12 | P59: =O59-E59 -> 10000 | Q59: =(O59-E59)/O59 -> 0.010523534 | S59: =S42+S51+SUM(S57:S58) -> 1079070
A61: 46 | B61: Total Revenues | C61: =C18 -> 1918361.6 | D61: =D18 -> 2299700.3 | E61: =E18 -> 2081980 | F61: =F18 -> 1651427.5 | G61: =G18 -> 1708974.7 | H61: =G61/E61 -> 0.82084107 | O61: =O18 -> 2080480 | P61: =O61-E61 -> -1500 | Q61: =(O61-E61)/O61 -> -0.00072098746 | S61: =S18 -> 2210703
A62: 47 | B62: Less Total Expenses | C62: =C35+C59 -> 1895616.5 | D62: =D35+D59 -> 1975193.2 | E62: =E35+E59 -> 2073751.1 | F62: =F35+F59 -> 792297.85 | G62: =G35+G59 -> 818973.96 | H62: =G62/E62 -> 0.39492394 | O62: =O35+O59 -> 2069851.1 | P62: =O62-E62 -> -3900 | Q62: =(O62-E62)/O62 -> -0.0018841935 | S62: =S35+S59 -> 2208570
A63: 48 | B63: Less Bad Debt | D63: 0 | F63: 0 | G63: 0
A64: 49 | B64: OSS Net Loss for the Year (Not Covered by City&Revenue)
B65: Less Fraud Expenses | D65: =-SUMIFS(MapFy2024_25!D:D,MapFy2024_25!B:B,'A- Summary Inc_Ex'!B65) -> 0 | F65: =-SUMIFS(MapFy2024_25!E:E,MapFy2024_25!B:B,'A- Summary Inc_Ex'!B65) -> 0 | G65: =-SUMIFS(MapFy2025_26!D:D,MapFy2025_26!B:B,'A- Summary Inc_Ex'!B65) -> 0
A66: 51 | B66: Net Income for year | C66: =C61-C62-C63+C65 -> 22745.158 | D66: =D61-D62-D63+D65 -> 324507.06 | E66: =E61-E62-E63+E65 -> 8228.88 | F66: =F61-F62-F63+F65 -> 859129.6 | G66: =G61-G62-G63+G65 -> 890000.73 | O66: =O61-O62-O63+O65 -> 10628.88 | S66: =S61-S62-S63+S65 -> 2133
A68: DBDDA Net Income with Funds from Previous Year Broght Forward
A69: DBDDA1 | B69: Funds Allocated Brought Forward from Previous Financial Year | C69: 0 | D69: =SUMIFS(MapFy2024_25!G:G,MapFy2024_25!E:E,'A- Summary Inc_Ex'!C69) -> 0 | F69: =SUMIFS(MapFy2025_26!E:E,MapFy2025_26!D:D,B34) -> 0 | G69: =SUMIFS(MapFy2025_26!D:D,MapFy2025_26!B:B,'A- Summary Inc_Ex'!B69) -> 0
A70: DBDDA2 | B70: ="DDA "&B61 -> DDA Total Revenues | C70: =C61 -> 1918361.6 | D70: =D61 -> 2299700.3 | E70: =E61 -> 2081980 | F70: =F61 -> 1651427.5 | G70: =G61 -> 1708974.7 | O70: =O61 -> 2080480 | S70: =S61 -> 2210703
A71: DBDDA3 | B71: Less DDA Total Expenses | C71: =C62 -> 1895616.5 | D71: =D62 -> 1975193.2 | E71: =E62 -> 2073751.1 | F71: =F62 -> 792297.85 | G71: =G62 -> 818973.96 | O71: =O62 -> 2069851.1 | S71: =S62 -> 2208570
A72: DBDDA3 | B72: DDA Net Income with Funds from Prev Year Brought Forward | C72: =C69+C70-C71 -> 22745.158 | D72: =D69+D70-D71 -> 324507.06 | E72: =E69+E70-E71 -> 8228.88 | F72: =F69+F70-F71 -> 859129.6 | G72: =G69+G70-G71 -> 890000.73 | O72: =O69+O70-O71 -> 10628.88 | S72: =S69+S70-S71 -> 2133
A73: DBOSS Net Income for this Finacial Year | K73: =F3 -> Previous Year toDate 3/31/2025 | L73: =G3 -> FY 25_26 to Date 3/31/2026 | M73: =D3 -> Final FY 24_25 FYE
A74: OSS1 | B74: ='DB OSS'!B13 -> Total Revenues: | C74: ='DB OSS'!C13 -> 1090000 | D74: ='DB OSS'!D13 -> 1242743.3 | E74: ='DB OSS'!E13 -> 995000 | F74: ='DB OSS'!F13 -> 590796.65 | G74: ='DB OSS'!G13 -> 509561.52 | O74: ='DB OSS'!O13 -> 978000 | S74: ='DB OSS'!S13 -> 1050000
A75: OSS2 | B75: Less Delray Beach Old School Square Expenses | C75: ='DB OSS'!C62 -> 1239000 | D75: ='DB OSS'!D62 -> 1332196.4 | E75: ='DB OSS'!E62 -> 1094500 | F75: ='DB OSS'!F62 -> 558132.66 | G75: ='DB OSS'!G62 -> 547179.94 | O75: ='DB OSS'!O62 -> 983000 | S75: ='DB OSS'!S62 -> 1045000
A76: OSS3 | B76: OSS Net Income for the Year | C76: =C74-C75 -> -149000 | D76: =D74-D75 -> -89453.01 | E76: =E74-E75 -> -99500 | F76: =F74-F75 -> 32663.99 | G76: =G74-G75 -> -37618.42 | K76: =F66+F76 -> 891793.59 | L76: =G66+G76 -> 852382.31 | M76: =D66+D76 -> 235054.05 | N76: This Year Net | O76: =O74-O75 -> -5000 | S76: =S74-S75 -> 5000
K77: =F69+F79 -> 225203 | L77: =G69+G79 -> 135750 | M77: =D69+D79 -> 225203 | N77: Total BF Funds
A78: DBOSS Net Income with Funds from Previous Year Brought Forward | K78: =SUM(K76:K77) -> 1116996.6 | L78: =SUM(L76:L77) -> 988132.31 | M78: =SUM(M76:M77) -> 460257.05 | N78: Combined Net Income
A79: OSS4 | B79: ='DB OSS'!B65 -> OSS Revenue Brought Forward from Prev FY | C79: ='DB OSS'!C65 -> 200000 | D79: ='DB OSS'!D65 -> 225203 | E79: ='DB OSS'!E65 -> 160000 | F79: ='DB OSS'!F65 -> 225203 | G79: ='DB OSS'!G65 -> 135750 | K79: =MapFy2025_26!I153 -> 991491.98 | L79: =MapFy2025_26!H153 -> 857909.15 | M79: =MapFy2024_25!H160 -> 224384.36 | N79: P&L Net Income | O79: ='DB OSS'!O65 -> 160000 | S79: ='DB OSS'!S65 -> 160000
A80: OSS5 | B80: ="OSS "&'DB OSS'!B66 -> OSS Total Revenues: | C80: ='DB OSS'!C66 -> 1090000 | D80: ='DB OSS'!D66 -> 1242743.3 | E80: ='DB OSS'!E66 -> 995000 | F80: ='DB OSS'!F66 -> 590796.65 | G80: ='DB OSS'!G66 -> 509561.52 | O80: ='DB OSS'!O66 -> 978000 | S80: ='DB OSS'!S66 -> 1050000
A81: OSS6 | B81: =B75 -> Less Delray Beach Old School Square Expenses | C81: ='DB OSS'!C67 -> 1239000 | D81: ='DB OSS'!D67 -> 1332196.4 | E81: ='DB OSS'!E67 -> 1094500 | F81: ='DB OSS'!F67 -> 558132.66 | G81: ='DB OSS'!G67 -> 547179.94 | K81: =K78-K79 -> 125504.61 | L81: =L78-L79 -> 130223.16 | M81: =M78-M79 -> 235872.69 | N81: Varient | O81: ='DB OSS'!O67 -> 983000 | S81: ='DB OSS'!S67 -> 1045000
A82: Oss7 | B82: ='DB OSS'!B68 -> OSS Net Income with Revenue Brought Forward from PY | C82: ='DB OSS'!C68 -> 51000 | D82: ='DB OSS'!D68 -> 135749.99 | E82: ='DB OSS'!E68 -> 60500 | F82: ='DB OSS'!F68 -> 257866.99 | G82: ='DB OSS'!G68 -> 98131.58 | O82: ='DB OSS'!O68 -> 155000 | S82: ='DB OSS'!S68 -> 165000

Sheet B- Marketing & Adverts
A1: DBDDA FISCAL YEAR 2026-2027 ADOPTED BUDGET - MARKETING PAGE B
B2: 9.22.2026
B3: B MARKETING DDA DISTRICT TOTAL | C3: ='A- Summary Inc_Ex'!C3 -> APPROVED Amended Budget 2024_25 | D3: ='A- Summary Inc_Ex'!D3 -> Final FY 24_25 FYE | E3: ='A- Summary Inc_Ex'!E3 -> FY2025/26 ADOPTED BUDGET | F3: ='A- Summary Inc_Ex'!F3 -> Previous Year toDate 3/31/2025 | G3: ='A- Summary Inc_Ex'!G3 -> FY 25_26 to Date 3/31/2026 | H3: ='A- Summary Inc_Ex'!H3 -> Percentage of Adopted Budget | J3: ADOPTED AMENDED BUDGET | K3: ='A- Summary Inc_Ex'!P3 -> Amount of Change | L3: ='A- Summary Inc_Ex'!Q3 -> Percentage of change | M3: ='Top Line Rep'!K3 -> FY 2026-2027 ADOPTED BUDGET | N3: NOTES
B4: CREATIVE DESIGN & PRINTING
A5: 1 | B5: All Creative | C5: 50000 | D5: =SUMIFS(MapFy2024_25!D:D,MapFy2024_25!B:B,'B- Marketing & Adverts'!B5) -> 57851.77 | E5: 50000 | F5: =SUMIFS(MapFy2025_26!E:E,MapFy2025_26!B:B,'B- Marketing & Adverts'!B5) -> 28875 | G5: =SUMIFS(MapFy2025_26!D:D,MapFy2025_26!B:B,'B- Marketing & Adverts'!B5) -> 29871.84 | H5: =IF(E5=0,"",G5/E5) -> 0.5974368 | J5: 50000 | K5: =J5-E5 -> 0 | L5: =(J5-E5)/J5 -> 0 | M5: 55000 | N5: Graphic Design - DDA programming
A6: 2 | B6: Printing - Brochure | C6: 5000 | D6: =SUMIFS(MapFy2024_25!D:D,MapFy2024_25!B:B,'B- Marketing & Adverts'!B6) -> 5754.36 | E6: 10000 | F6: =SUMIFS(MapFy2025_26!E:E,MapFy2025_26!B:B,'B- Marketing & Adverts'!B6) -> 1419.95 | G6: =SUMIFS(MapFy2025_26!D:D,MapFy2025_26!B:B,'B- Marketing & Adverts'!B6) -> 1722.41 | H6: =IF(E6=0,"",G6/E6) -> 0.172241 | J6: 10000 | K6: =J6-E6 -> 0 | L6: =(J6-E6)/J6 -> 0 | M6: 10000 | N6: Collateral/Rack Brochures
A7: 3 | B7: TOTAL | C7: =SUM(C5:C6) -> 55000 | D7: =SUM(D5:D6) -> 63606.13 | E7: =SUM(E5:E6) -> 60000 | F7: =SUM(F5:F6) -> 30294.95 | G7: =SUM(G5:G6) -> 31594.25 | H7: =IF(E7=0,"",G7/E7) -> 0.52657083 | J7: =SUM(J5:J6) -> 60000 | K7: =J7-E7 -> 0 | L7: =(J7-E7)/J7 -> 0 | M7: =SUM(M5:M6) -> 65000
A8: 4 | B8: LOCAL PRINT ADVERTISING
A9: 5 | B9: Newspapers | C9: 6000 | D9: =SUMIFS(MapFy2024_25!D:D,MapFy2024_25!B:B,'B- Marketing & Adverts'!B9) -> 5175.4 | E9: 10000 | F9: =SUMIFS(MapFy2025_26!E:E,MapFy2025_26!B:B,'B- Marketing & Adverts'!B9) -> 1575 | G9: =SUMIFS(MapFy2025_26!D:D,MapFy2025_26!B:B,'B- Marketing & Adverts'!B9) -> 1200 | H9: =IF(E9=0,"",G9/E9) -> 0.12 | J9: 15000 | K9: =J9-E9 -> 5000 | L9: =(J9-E9)/J9 -> 0.33333333 | M9: 10000 | N9: Coastal Star/Newspaper
A10: 6 | B10: TOTAL | C10: =SUM(C9) -> 6000 | D10: =SUM(D9) -> 5175.4 | E10: =SUM(E9) -> 10000 | F10: =SUM(F9) -> 1575 | G10: =SUM(G9) -> 1200 | H10: =IF(E10=0,"",G10/E10) -> 0.12 | J10: =SUM(J9) -> 15000 | K10: =J10-E10 -> 5000 | L10: =(J10-E10)/J10 -> 0.33333333 | M10: =SUM(M9) -> 10000
A11: 7 | B11: DIGITAL ADVERTISING
A12: 8 | B12: Social Media & Online advertising | C12: 50000 | D12: =SUMIFS(MapFy2024_25!D:D,MapFy2024_25!B:B,'B- Marketing & Adverts'!B12) -> 53011.86 | E12: 52000 | F12: =SUMIFS(MapFy2025_26!E:E,MapFy2025_26!B:B,'B- Marketing & Adverts'!B12) -> 26599.9 | G12: =SUMIFS(MapFy2025_26!D:D,MapFy2025_26!B:B,'B- Marketing & Adverts'!B12) -> 25211.22 | H12: =IF(E12=0,"",G12/E12) -> 0.48483115 | J12: 57000 | K12: =J12-E12 -> 5000 | L12: =(J12-E12)/J12 -> 0.087719298 | M12: 50000 | N12: Digital Ads/Paid Social
A13: 9 | B13: TOTAL | C13: =SUM(C12) -> 50000 | D13: =SUM(D12) -> 53011.86 | E13: =SUM(E12) -> 52000 | F13: =SUM(F12) -> 26599.9 | G13: =SUM(G12) -> 25211.22 | H13: =IF(E13=0,"",G13/E13) -> 0.48483115 | J13: =SUM(J12) -> 57000 | K13: =J13-E13 -> 5000 | L13: =(J13-E13)/J13 -> 0.087719298 | M13: =SUM(M12) -> 50000
A14: 10 | B14: MEDIA ADVERTISING
A15: 11 | B15: TV Commercial advertising | C15: 15000 | D15: =SUMIFS(MapFy2024_25!D:D,MapFy2024_25!B:B,'B- Marketing & Adverts'!B15) -> 6120 | E15: 15000 | F15: =SUMIFS(MapFy2025_26!E:E,MapFy2025_26!B:B,'B- Marketing & Adverts'!B15) -> 0 | G15: =SUMIFS(MapFy2025_26!D:D,MapFy2025_26!B:B,'B- Marketing & Adverts'!B15) -> 4831.78 | H15: =IF(E15=0,"",G15/E15) -> 0.32211867 | J15: 15000 | K15: =J15-E15 -> 0 | L15: =(J15-E15)/J15 -> 0 | M15: 12000 | N15: Summer Ads
A16: 12 | B16: Video Production | C16: 5000 | D16: =SUMIFS(MapFy2024_25!D:D,MapFy2024_25!B:B,'B- Marketing & Adverts'!B16) -> 7872.9 | E16: 5000 | F16: =SUMIFS(MapFy2025_26!E:E,MapFy2025_26!B:B,'B- Marketing & Adverts'!B16) -> 1000 | G16: =SUMIFS(MapFy2025_26!D:D,MapFy2025_26!B:B,'B- Marketing & Adverts'!B16) -> 611 | H16: =IF(E16=0,"",G16/E16) -> 0.1222 | J16: 5000 | K16: =J16-E16 -> 0 | L16: =(J16-E16)/J16 -> 0 | M16: 5000 | N16: Video Development
A17: 13 | B17: TOTAL | C17: =SUM(C15:C16) -> 20000 | D17: =SUM(D15:D16) -> 13992.9 | E17: =SUM(E15:E16) -> 20000 | F17: =SUM(F15:F16) -> 1000 | G17: =SUM(G15:G16) -> 5442.78 | H17: =IF(E17=0,"",G17/E17) -> 0.272139 | J17: =SUM(J15:J16) -> 20000 | K17: =J17-E17 -> 0 | L17: =(J17-E17)/J17 -> 0 | M17: =SUM(M15:M16) -> 17000
A18: 14 | B18: TOTAL MONTHLY CAMPAIGN | C18: =C7+C10+C13+C17 -> 131000 | D18: =D7+D10+D13+D17 -> 135786.29 | E18: =E17+E13+E10+E7 -> 142000 | F18: =F7+F10+F13+F17 -> 59469.85 | G18: =G7+G10+G13+G17 -> 63448.25 | H18: =IF(E18=0,"",G18/E18) -> 0.44681866 | J18: =J17+J13+J10+J7 -> 152000 | K18: =J18-E18 -> 10000 | M18: =M17+M13+M10+M7 -> 142000
A19: 15 | B19: LOCAL/REGIONAL/NTL PUBLICATIONS
A20: 16 | B20: Delray Beach Magazine | C20: 2500 | D20: =SUMIFS(MapFy2024_25!D:D,MapFy2024_25!B:B,'B- Marketing & Adverts'!B20) -> 2500 | E20: 2500 | F20: =SUMIFS(MapFy2025_26!E:E,MapFy2025_26!B:B,'B- Marketing & Adverts'!B20) -> 2500 | G20: =SUMIFS(MapFy2025_26!D:D,MapFy2025_26!B:B,'B- Marketing & Adverts'!B20) -> 2500 | H20: =IF(E20=0,"",G20/E20) -> 1 | J20: 2500 | K20: =J20-E20 -> 0 | L20: =(J20-E20)/J20 -> 0 | M20: 2500 | N20: Savor Ad
A21: 17 | B21: Boca Magazine | C21: 0 | D21: =SUMIFS(MapFy2024_25!D:D,MapFy2024_25!B:B,'B- Marketing & Adverts'!B21) -> 0 | F21: =SUMIFS(MapFy2025_26!E:E,MapFy2025_26!B:B,'B- Marketing & Adverts'!B21) -> 0 | G21: =SUMIFS(MapFy2025_26!D:D,MapFy2025_26!B:B,'B- Marketing & Adverts'!B21) -> 0 | H21: =IF(E21=0,"",G21/E21) | I21: Remove Savor the Ave Ad from Boca Mag
A22: 18 | B22: Other Publications | C22: 3000 | D22: =SUMIFS(MapFy2024_25!D:D,MapFy2024_25!B:B,'B- Marketing & Adverts'!B22) -> 1000 | E22: 3000 | F22: =SUMIFS(MapFy2025_26!E:E,MapFy2025_26!B:B,'B- Marketing & Adverts'!B22) -> 0 | G22: =SUMIFS(MapFy2025_26!D:D,MapFy2025_26!B:B,'B- Marketing & Adverts'!B22) -> 3071.42 | H22: =IF(E22=0,"",G22/E22) -> 1.0238067 | J22: 3100 | K22: =J22-E22 -> 100 | L22: =(J22-E22)/J22 -> 0.032258065 | M22: 8000 | N22: Delray Book
A23: 20 | B23: Visit Florida Annual Trav. Magazine/Coop | C23: 0 | D23: =SUMIFS(MapFy2024_25!D:D,MapFy2024_25!B:B,'B- Marketing & Adverts'!B23) -> 0 | E23: 0 | F23: =SUMIFS(MapFy2025_26!E:E,MapFy2025_26!B:B,'B- Marketing & Adverts'!B23) -> 0 | G23: =SUMIFS(MapFy2025_26!D:D,MapFy2025_26!B:B,'B- Marketing & Adverts'!B23) -> 560 | H23: =IF(E23=0,"",G23/E23) | J23: 2000 | K23: =J23-E23 -> 2000 | L23: =(J23-E23)/J23 -> 1 | M23: 2000 | N23: Discover/VisitFLA
A24: 21 | B24: TOTAL | C24: =SUM(C20:C23) -> 5500 | D24: =SUM(D20:D23) -> 3500 | E24: =SUM(E20:E23) -> 5500 | F24: =SUM(F20:F23) -> 2500 | G24: =SUM(G20:G23) -> 6131.42 | H24: =IF(E24=0,"",G24/E24) -> 1.1148036 | J24: =SUM(J20:J23) -> 7600 | K24: =J24-E24 -> 2100 | L24: =(J24-E24)/J24 -> 0.27631579 | M24: =SUM(M20:M23) -> 12500
A25: 22 | B25: DOWNTOWN PROGRAMS and EVENTS | C25: 0 | I25: Move line item to ECONOMIC VITALITY - C | K25: =J25-E25 -> 0 | L25: =(J25-E25)/J25 -> #DIV/0!
A26: 23 | B26: Marketing Expense Miscellaneous | F26: =SUMIFS(MapFy2025_26!E:E,MapFy2025_26!B:B,'B- Marketing & Adverts'!B26) -> 0 | H26: =IF(E26=0,"",G26/E26) | I26: For unique marketing expenses not in other marketing
A27: 24 | B27: DDA PROGRAM MARKETING TOTALS | C27: =C18+C24+SUM(C25:C26) -> 136500 | D27: =D18+D24+SUM(D25:D26) -> 139286.29 | E27: =E24+E18 -> 147500 | F27: =F18+F24+SUM(F25:F26) -> 61969.85 | G27: =G18+G24+SUM(G25:G26) -> 69579.67 | H27: =IF(E27=0,"",G27/E27) -> 0.47172658 | J27: =J24+J18 -> 159600 | K27: =J27-E27 -> 12100 | L27: =(J27-E27)/J27 -> 0.075814536 | M27: =M24+M18 -> 154500
A28: 25 | B28: LESS EXPS - SPONSOR TO BE RAISED | C28: =-'A- Summary Inc_Ex'!C14 -> -81000 | D28: =-'A- Summary Inc_Ex'!D14 -> -67280.16 | E28: =-'A- Summary Inc_Ex'!E14 -> -44000 | F28: =-'A- Summary Inc_Ex'!F14 -> -55828.57 | G28: =-'A- Summary Inc_Ex'!G14 -> -34235.33 | J28: =-'A- Summary Inc_Ex'!J14 -> 0 | M28: =-'A- Summary Inc_Ex'!M14 -> 0
A29: 26 | B29: TOT MARKETING DDA DISTRICT EXPENSES BUDGET | C29: =SUM(C27:C28) -> 55500 | D29: =SUM(D27:D28) -> 72006.13 | E29: =SUM(E27:E28) -> 103500 | F29: =SUM(F27:F28) -> 6141.28 | G29: =SUM(G27:G28) -> 35344.34 | H29: =IF(E29=0,"",G29/E29) -> 0.34149121 | J29: =SUM(J27:J28) -> 159600 | K29: =J29-E29 -> 56100 | L29: =(J29-E29)/J29 -> 0.35150376 | M29: =SUM(M27:M28) -> 154500

Sheet C- Economic Vitality
A1: ECONOMIC VITALITY -PAGE C FY26/27 PROPOSED BUDGET
B2: 9.22.2026 | C2: ='A- Summary Inc_Ex'!C2 -> 0
B3: C ECONOMIC VITALITY AND DOWNTOWN DEVELOPMENT | C3: ='A- Summary Inc_Ex'!C3 -> APPROVED Amended Budget 2024_25 | D3: ='A- Summary Inc_Ex'!D3 -> Final FY 24_25 FYE | E3: ='A- Summary Inc_Ex'!E3 -> FY2025/26 ADOPTED BUDGET | F3: ='A- Summary Inc_Ex'!F3 -> Previous Year toDate 3/31/2025 | G3: ='A- Summary Inc_Ex'!G3 -> FY 25_26 to Date 3/31/2026 | H3: ='A- Summary Inc_Ex'!H3 -> Percentage of Adopted Budget | K3: ADOPTED AMENDED BUDGET | L3: ='B- Marketing & Adverts'!K3 -> Amount of Change | M3: ='B- Marketing & Adverts'!L3 -> Percentage of change | N3: COMMENTS | O3: ='Top Line Rep'!K3 -> FY 2026-2027 ADOPTED BUDGET | P3: NOTES
B4: DETAIL ITEMS
A5: 1 | B5: Annual Report | C5: 3500 | D5: =SUMIFS(MapFy2024_25!D:D,MapFy2024_25!B:B,'C- Economic Vitality'!B5) -> 387.6 | E5: 3500 | F5: =SUMIFS(MapFy2025_26!E:E,MapFy2025_26!B:B,'C- Economic Vitality'!B5) -> 0 | G5: =SUMIFS(MapFy2025_26!D:D,MapFy2025_26!B:B,'C- Economic Vitality'!B5) -> 0 | H5: =G5/E5 -> 0 | K5: 3500 | L5: =K5-E5 -> 0 | M5: =(K5-E5)/K5 -> 0 | O5: 3500 | P5: Production and Mailing
A6: 2 | B6: Email Messaging (B2B) | C6: 4500 | D6: =SUMIFS(MapFy2024_25!D:D,MapFy2024_25!B:B,'C- Economic Vitality'!B6) -> 6040 | E6: 4000 | F6: =SUMIFS(MapFy2025_26!E:E,MapFy2025_26!B:B,'C- Economic Vitality'!B6) -> 2475 | G6: =SUMIFS(MapFy2025_26!D:D,MapFy2025_26!B:B,'C- Economic Vitality'!B6) -> 2380 | H6: =G6/E6 -> 0.595 | K6: 4000 | L6: =K6-E6 -> 0 | M6: =(K6-E6)/K6 -> 0 | O6: 2500 | P6: Platform expense
A7: 3 | B7: Business Developmant Materials | C7: 8000 | D7: =SUMIFS(MapFy2024_25!D:D,MapFy2024_25!B:B,'C- Economic Vitality'!B7) -> 10174.31 | E7: 25000 | F7: =SUMIFS(MapFy2025_26!E:E,MapFy2025_26!B:B,'C- Economic Vitality'!B7) -> 0 | G7: =SUMIFS(MapFy2025_26!D:D,MapFy2025_26!B:B,'C- Economic Vitality'!B7) -> 6081 | H7: =G7/E7 -> 0.24324 | K7: 35000 | L7: =K7-E7 -> 10000 | M7: =(K7-E7)/K7 -> 0.28571429 | N7: increase to cover the production of the Merchant Handbook | O7: 20000 | P7: Materials and Consultant Fees
A8: 4 | B8: Database and Inventory Management | C8: 18000 | D8: =SUMIFS(MapFy2024_25!D:D,MapFy2024_25!B:B,'C- Economic Vitality'!B8) -> 16925 | E8: 20000 | F8: =SUMIFS(MapFy2025_26!E:E,MapFy2025_26!B:B,'C- Economic Vitality'!B8) -> 15675 | G8: =SUMIFS(MapFy2025_26!D:D,MapFy2025_26!B:B,'C- Economic Vitality'!B8) -> 12625 | H8: =G8/E8 -> 0.63125 | K8: 17000 | L8: =K8-E8 -> -3000 | M8: =(K8-E8)/K8 -> -0.17647059 | N8: reduce 3k and move to C 3 | O8: 30000 | P8: PLACER.AI + Datafy & Ginkgo?
A9: 5 | B9: Research and Development Plans | C9: 8000 | D9: =SUMIFS(MapFy2024_25!D:D,MapFy2024_25!B:B,'C- Economic Vitality'!B9) -> 4460 | E9: 15000 | F9: =SUMIFS(MapFy2025_26!E:E,MapFy2025_26!B:B,'C- Economic Vitality'!B9) -> 100 | G9: =SUMIFS(MapFy2025_26!D:D,MapFy2025_26!B:B,'C- Economic Vitality'!B9) -> 2045 | H9: =G9/E9 -> 0.13633333 | K9: 20000 | L9: =K9-E9 -> 5000 | M9: =(K9-E9)/K9 -> 0.25 | N9: Increase for Beautification Task Force consultant | O9: 15000 | P9: Stat Plan Consultant - hopefully
A10: 6 | B10: Visitor Information Center | I10: Move to Marketing expense to under Downtown Guide Book | J10: =SUM(D5:D9) -> 37986.91
A11: 7 | B11: DOWNTOWN PROGRAMS and EVENTS (Includes programs for Libby Wesley) Continue Same Programming or Change - BRING BACK FASHION WEEK??? | C11: 185000 | D11: =SUMIFS(MapFy2024_25!D:D,MapFy2024_25!B:B,'C- Economic Vitality'!B11) -> 0 | E11: 195000 | F11: =SUMIFS(MapFy2025_26!E:E,MapFy2025_26!B:B,'C- Economic Vitality'!B11) -> 0 | G11: =SUMIFS(MapFy2025_26!D:D,MapFy2025_26!B:B,'C- Economic Vitality'!B11) -> 0 | H11: =G11/E11 -> 0 | I11: Recommend to move B22 to Economic Vitality | K11: 220000 | L11: =K11-E11 -> 25000 | M11: =(K11-E11)/K11 -> 0.11363636 | N11: Move Libby Plaza D7 25k to C7 to cover Summer Libby Wesley Plaza Events | O11: 220000 | P11: Event Logistic Costs: Art/Jazz Savor the Ave (40,000) Sounds of the Set (6 times per year = $36k) Art Walk ($6000) Tree Lighting ($10k) Orichid Giveaway($6000) Shop Small ($1000) Restaurant Month ($1000) Art & Jazz ($90,000) Centennial Event - 2027 ($30,000)
B12: TOTAL ECONOMIC VITALITY | C12: =SUM(C5:C11) -> 227000 | D12: =SUM(D5:D11) -> 37986.91 | E12: =SUM(E5:E11) -> 262500 | F12: =SUM(F5:F11) -> 18250 | G12: =SUM(G5:G11) -> 23131 | H12: =IF(E12=0,"",G12/E12) -> 0.088118095 | K12: =SUM(K5:K11) -> 299500 | L12: =K12-E12 -> 37000 | M12: =(K12-E12)/K12 -> 0.12353923 | O12: =SUM(O5:O11) -> 291000

Sheet D-Placemaking 
A1: PLACEMAKING CLEAN AND SAFE PAGE D FISCAL YEARY 2026-2027 PROPOSED BUDGET
B2: 9.22.2026 | C2: ='A- Summary Inc_Ex'!C2 -> 0
B3: D PLACEMAKING | C3: ='A- Summary Inc_Ex'!C3 -> APPROVED Amended Budget 2024_25 | D3: ='A- Summary Inc_Ex'!D3 -> Final FY 24_25 FYE | E3: ='A- Summary Inc_Ex'!E3 -> FY2025/26 ADOPTED BUDGET | F3: ='A- Summary Inc_Ex'!F3 -> Previous Year toDate 3/31/2025 | G3: ='A- Summary Inc_Ex'!G3 -> FY 25_26 to Date 3/31/2026 | H3: ='A- Summary Inc_Ex'!H3 -> Percentage of Adopted Budget | I3: NOTES | J3: ADOPTED AMENDED BUDGET | K3: ='A- Summary Inc_Ex'!P3 -> Amount of Change | L3: ='A- Summary Inc_Ex'!Q3 -> Percentage of change | M3: COMMENTS | N3: ='Top Line Rep'!K3 -> FY 2026-2027 ADOPTED BUDGET | O3: NOTES
B4: DETAIL ITEMS
A5: 1 | B5: Street Pole Banner Management | C5: 40000 | D5: 34459 | E5: 45000 | F5: =SUMIFS(MapFy2025_26!E:E,MapFy2025_26!B:B,'D-Placemaking '!B5) -> 10216 | G5: =SUMIFS(MapFy2025_26!D:D,MapFy2025_26!B:B,'D-Placemaking '!B5) -> 33711.79 | H5: =IF(E5=0,"",G5/E5) -> 0.74915089 | I5: Additional PG Banners, West Settlers Banners, Welcome and SET banners - JULY 4th - NEW | J5: 50000 | K5: =J5-E5 -> 5000 | L5: =(J5-E5)/J5 -> 0.1 | M5: Increase by 5k from Holiday Lighting | N5: 50000 | O5: New Centennial banners - call to artist; SET banner & Welcome Banner & Blue Flag Banners replacements
A6: 2 | B6: Decorative Lighting Annual program | C6: 55000 | D6: =SUMIFS(MapFy2024_25!D:D,MapFy2024_25!B:B,'D-Placemaking '!B6) -> 47611.5 | E6: 52000 | F6: =SUMIFS(MapFy2025_26!E:E,MapFy2025_26!B:B,'D-Placemaking '!B6) -> 32128.5 | G6: =SUMIFS(MapFy2025_26!D:D,MapFy2025_26!B:B,'D-Placemaking '!B6) -> 51487.5 | H6: =IF(E6=0,"",G6/E6) -> 0.99014423 | I6: Replacement Lighting West Atlantic Ave and Pineapple Grove Arts District | J6: 58000 | K6: =J6-E6 -> 6000 | L6: =(J6-E6)/J6 -> 0.10344828 | M6: increase 6K due to replacement pineapple grove lighting | N6: 51000 | O6: Atlantic Ave Oaks, Beachside and Pineapple Grove payment
A7: 3 | B7: Holiday Lighting | C7: 28320 | D7: =SUMIFS(MapFy2024_25!D:D,MapFy2024_25!B:B,'D-Placemaking '!B7) -> 28320 | E7: 40000 | F7: =SUMIFS(MapFy2025_26!E:E,MapFy2025_26!B:B,'D-Placemaking '!B7) -> 28320 | G7: =SUMIFS(MapFy2025_26!D:D,MapFy2025_26!B:B,'D-Placemaking '!B7) -> 23000 | H7: =IF(E7=0,"",G7/E7) -> 0.575 | I7: Enhance Lighting for Libby Wesley Plaza | J7: 30000 | K7: =J7-E7 -> -10000 | L7: =(J7-E7)/J7 -> -0.33333333 | M7: Reduce by 10k (move 5k to D1) | N7: 40000 | O7: New Holiday Lights
A8: 4 | B8: Downtown Safety Ambassador Program | C8: 330000 | D8: =SUMIFS(MapFy2024_25!D:D,MapFy2024_25!B:B,'D-Placemaking '!B8) -> 313281.5 | E8: 340000 | F8: =SUMIFS(MapFy2025_26!E:E,MapFy2025_26!B:B,'D-Placemaking '!B8) -> 127094.69 | G8: =SUMIFS(MapFy2025_26!D:D,MapFy2025_26!B:B,'D-Placemaking '!B8) -> 132273.58 | H8: =IF(E8=0,"",G8/E8) -> 0.38903994 | J8: 330000 | K8: =J8-E8 -> -10000 | L8: =(J8-E8)/J8 -> -0.03030303 | M8: Reduce by 10k | N8: 330000 | O8: Program enhancements
A9: 5 | B9: Downtown Parking | C9: 8000 | D9: =SUMIFS(MapFy2024_25!D:D,MapFy2024_25!B:B,'D-Placemaking '!B9) -> 0 | E9: 18000 | F9: =SUMIFS(MapFy2025_26!E:E,MapFy2025_26!B:B,'D-Placemaking '!B9) -> 0 | G9: =SUMIFS(MapFy2025_26!D:D,MapFy2025_26!B:B,'D-Placemaking '!B9) -> 0 | H9: =IF(E9=0,"",G9/E9) -> 0 | J9: 12000 | K9: =J9-E9 -> -6000 | L9: =(J9-E9)/J9 -> -0.5 | M9: reduce by 6k and move to lighting budget (D2) | N9: 12000 | O9: Marketing/Communication strategy/Signage
A10: 6 | B10: Signage and Kiosks | C10: 5000 | D10: =SUMIFS(MapFy2024_25!D:D,MapFy2024_25!B:B,'D-Placemaking '!B10) -> 4735 | E10: 12000 | F10: =SUMIFS(MapFy2025_26!E:E,MapFy2025_26!B:B,'D-Placemaking '!B10) -> 3175 | G10: =SUMIFS(MapFy2025_26!D:D,MapFy2025_26!B:B,'D-Placemaking '!B10) -> 1325 | H10: =IF(E10=0,"",G10/E10) -> 0.11041667 | J10: 12000 | K10: =J10-E10 -> 0 | L10: =(J10-E10)/J10 -> 0 | N10: 15000 | O10: Clean up old signage
A11: 7 | B11: Downtown Beautification - Clean/ Amenities/Public Art | C11: 40000 | D11: =SUMIFS(MapFy2024_25!D:D,MapFy2024_25!B:B,'D-Placemaking '!B11) -> 36900 | E11: 65000 | F11: =SUMIFS(MapFy2025_26!E:E,MapFy2025_26!B:B,'D-Placemaking '!B11) -> 16950 | G11: =SUMIFS(MapFy2025_26!D:D,MapFy2025_26!B:B,'D-Placemaking '!B11) -> 15679.67 | H11: =IF(E11=0,"",G11/E11) -> 0.24122569 | J11: 40000 | K11: =J11-E11 -> -25000 | L11: =(J11-E11)/J11 -> -0.625 | M11: reduce by 15k move to Marketing Downtown (B5) | N11: 42000 | O11: Beautification Task Force/Veterans Park - Utilize Reserves to support project
A12: 8 | B12: Libby Wesley Plaza ART INSTALL | C12: 20000 | D12: =SUMIFS(MapFy2024_25!D:D,MapFy2024_25!B:B,'D-Placemaking '!B12) -> 0 | E12: 25000 | G12: =SUMIFS(MapFy2025_26!D:D,MapFy2025_26!B:B,'D-Placemaking '!B12) -> 0 | H12: =IF(E12=0,"",G12/E12) -> 0 | I12: (Programming, Beautification) | J12: 0 | K12: =J12-E12 -> -25000 | M12: Move this 25k fund to C7 for Libby Wesley Plaza Activations | N12: 15000 | O12: Art installation - Winter plan
B13: TOTAL PLACEMAKING | C13: =SUM(C5:C12) -> 526320 | D13: =SUM(D5:D12) -> 465307 | E13: =SUM(E5:E12) -> 597000 | F13: =SUM(F5:F12) -> 217884.19 | G13: =SUM(G5:G12) -> 257477.54 | H13: =G13/E13 -> 0.43128566 | J13: =SUM(J5:J12) -> 532000 | K13: =J13-E13 -> -65000 | L13: =(J13-E13)/J13 -> -0.12218045 | N13: =SUM(N5:N12) -> 555000

Sheet DB OSS
A1: Delray Beach Old School Square Fiscal Year 2026-2027 ADOPTED BUDGET
B2: as of 9.22.2026 | C2: ='A- Summary Inc_Ex'!C2 -> 0
C3: ='A- Summary Inc_Ex'!C3 -> APPROVED Amended Budget 2024_25 | D3: ='A- Summary Inc_Ex'!D3 -> Final FY 24_25 FYE | E3: ='A- Summary Inc_Ex'!E3 -> FY2025/26 ADOPTED BUDGET | F3: ='A- Summary Inc_Ex'!F3 -> Previous Year toDate 3/31/2025 | G3: ='A- Summary Inc_Ex'!G3 -> FY 25_26 to Date 3/31/2026 | H3: ='A- Summary Inc_Ex'!H3 -> Percentage of Adopted Budget | O3: ADOPTED AMENDMENT -BUDGET | P3: ='A- Summary Inc_Ex'!P3 -> Amount of Change | Q3: ='A- Summary Inc_Ex'!Q3 -> Percentage of change | R3: COMMENTS | S3: ='Top Line Rep'!K3 -> FY 2026-2027 ADOPTED BUDGET | T3: OPTION 2 | U3: NOTES
A4: OSS# | B4: Revenues
A5: 1 | B5: Funding | C5: 800000 | D5: =SUMIFS(MapFy2024_25!D:D,MapFy2024_25!B:B,'DB OSS'!B5) -> 800000 | E5: 700000 | F5: =SUMIFS(MapFy2025_26!E:E,MapFy2025_26!B:B,'DB OSS'!B5) -> 400000 | G5: =SUMIFS(MapFy2025_26!D:D,MapFy2025_26!B:B,'DB OSS'!B5) -> 350000 | H5: =IF(E5=0,"",G5/E5) -> 0.5 | O5: 700000 | P5: =O5-E5 -> 0 | Q5: =(O5-E5)/O5 -> 0 | S5: 800000 | T5: 800000 | U5: REQUIRE MORE FUNDING TO FULFILL MISSION
A6: 2 | B6: Donations | C6: 25000 | D6: =SUMIFS(MapFy2024_25!D:D,MapFy2024_25!B:B,'DB OSS'!B6) -> 38245.76 | E6: 25000 | F6: =SUMIFS(MapFy2025_26!E:E,MapFy2025_26!B:B,'DB OSS'!B6) -> 20352.75 | G6: =SUMIFS(MapFy2025_26!D:D,MapFy2025_26!B:B,'DB OSS'!B6) -> 15502.5 | H6: =IF(E6=0,"",G6/E6) -> 0.6201 | O6: 20000 | P6: =O6-E6 -> -5000 | Q6: =(O6-E6)/O6 -> -0.25 | S6: 20000 | T6: 20000
A7: 3 | B7: Sponsorship | C7: 10000 | D7: =SUMIFS(MapFy2024_25!D:D,MapFy2024_25!B:B,'DB OSS'!B7) -> 7012 | E7: 10000 | F7: =SUMIFS(MapFy2025_26!E:E,MapFy2025_26!B:B,'DB OSS'!B7) -> 3000 | G7: =SUMIFS(MapFy2025_26!D:D,MapFy2025_26!B:B,'DB OSS'!B7) -> 1000 | H7: =IF(E7=0,"",G7/E7) -> 0.1 | O7: 6000 | P7: =O7-E7 -> -4000 | Q7: =(O7-E7)/O7 -> -0.66666667 | S7: 10000 | T7: 10000
A8: 4 | B8: Venue Rentals | C8: 60000 | D8: =SUMIFS(MapFy2024_25!D:D,MapFy2024_25!B:B,'DB OSS'!B8) -> 71416.02 | E8: 50000 | F8: =SUMIFS(MapFy2025_26!E:E,MapFy2025_26!B:B,'DB OSS'!B8) -> 51490.74 | G8: =SUMIFS(MapFy2025_26!D:D,MapFy2025_26!B:B,'DB OSS'!B8) -> 40812.5 | H8: =IF(E8=0,"",G8/E8) -> 0.81625 | O8: 42000 | P8: =O8-E8 -> -8000 | Q8: =(O8-E8)/O8 -> -0.19047619 | S8: 60000 | T8: 60000
A9: 5 | B9: OSS Program Income | C9: 180000 | D9: =SUMIFS(MapFy2024_25!D:D,MapFy2024_25!B:B,'DB OSS'!B9) -> 310522.74 | E9: 200000 | F9: =SUMIFS(MapFy2025_26!E:E,MapFy2025_26!B:B,'DB OSS'!B9) -> 105033.71 | G9: =SUMIFS(MapFy2025_26!D:D,MapFy2025_26!B:B,'DB OSS'!B9) -> 91183.81 | H9: =IF(E9=0,"",G9/E9) -> 0.45591905 | I9: (Ticket Sales, Concession, Vendor Fees) | O9: 100000 | P9: =O9-E9 -> -100000 | Q9: =(O9-E9)/O9 -> -1 | S9: 150000 | T9: 150000
A10: 6 | B10: Museum Store | C10: 15000 | D10: =SUMIFS(MapFy2024_25!D:D,MapFy2024_25!B:B,'DB OSS'!B10) -> 15546.82 | E10: 10000 | F10: =SUMIFS(MapFy2025_26!E:E,MapFy2025_26!B:B,'DB OSS'!B10) -> 10919.45 | G10: =SUMIFS(MapFy2025_26!D:D,MapFy2025_26!B:B,'DB OSS'!B10) -> 11062.71 | H10: =IF(E10=0,"",G10/E10) -> 1.106271 | N10: =SUM(D6:D10) -> 442743.34 | O10: 10000 | P10: =O10-E10 -> 0 | Q10: =(O10-E10)/O10 -> 0 | S10: 10000 | T10: 10000
B11: Income Carried Forward | F11: =SUMIFS(MapFy2025_26!E:E,MapFy2025_26!B:B,'DB OSS'!B11) -> 0 | O11: 100000 | P11: =O11-E11 -> 100000 | Q11: =(O11-E11)/O11 -> 1 | S11: 0 | T11: 0
A13: =A10+1 -> 7 | B13: Total Revenues: | C13: =SUM(C5:C12) -> 1090000 | D13: =SUM(D5:D12) -> 1242743.3 | E13: =SUM(E5:E12) -> 995000 | F13: =SUM(F5:F12) -> 590796.65 | G13: =SUM(G5:G12) -> 509561.52 | H13: =G13/E13 -> 0.51212213 | O13: =SUM(O5:O12) -> 978000 | P13: =O13-E13 -> -17000 | Q13: =(O13-E13)/O13 -> -0.017382413 | S13: =SUM(S5:S12) -> 1050000 | T13: =SUM(T5:T12) -> 1050000
B15: EXPENSES
B16: OPERATIONS
A17: =A13+1 -> 8 | B17: Event/Campus Coordinator | C17: 55000 | D17: =SUMIFS(MapFy2024_25!D:D,MapFy2024_25!B:B,'DB OSS'!B17) -> 61022.24 | E17: 68000 | F17: =SUMIFS(MapFy2025_26!E:E,MapFy2025_26!B:B,'DB OSS'!B17) -> 28377.92 | G17: =SUMIFS(MapFy2025_26!D:D,MapFy2025_26!B:B,'DB OSS'!B17) -> 30343.93 | H17: =IF(E17=0,"",G17/E17) -> 0.44623426 | O17: 68000 | P17: =O17-E17 -> 0 | Q17: =(O17-E17)/O17 -> 0 | S17: 71000 | T17: 71000
A18: =A17+1 -> 9 | B18: Cultural Arts Director | C18: 100000 | D18: =SUMIFS(MapFy2024_25!D:D,MapFy2024_25!B:B,'DB OSS'!B18) -> 102919.36 | E18: 110000 | F18: =SUMIFS(MapFy2025_26!E:E,MapFy2025_26!B:B,'DB OSS'!B18) -> 49934.78 | G18: =SUMIFS(MapFy2025_26!D:D,MapFy2025_26!B:B,'DB OSS'!B18) -> 54926.6 | H18: =IF(E18=0,"",G18/E18) -> 0.49933273 | O18: 110000 | P18: =O18-E18 -> 0 | Q18: =(O18-E18)/O18 -> 0 | S18: 115000 | T18: 115000
A19: =A18+1 -> 10 | B19: Cornell Part Time Staff Member | C19: 48000 | D19: =SUMIFS(MapFy2024_25!D:D,MapFy2024_25!B:B,'DB OSS'!B19) -> 50321 | E19: 50000 | F19: =SUMIFS(MapFy2025_26!E:E,MapFy2025_26!B:B,'DB OSS'!B19) -> 24714.75 | G19: =SUMIFS(MapFy2025_26!D:D,MapFy2025_26!B:B,'DB OSS'!B19) -> 34322.5 | H19: =IF(E19=0,"",G19/E19) -> 0.68645 | O19: 50000 | P19: =O19-E19 -> 0 | Q19: =(O19-E19)/O19 -> 0 | S19: 45000 | T19: 50000
A20: =A19+1 -> 11 | B20: DDA Team Management | C20: 10000 | D20: =SUMIFS(MapFy2024_25!D:D,MapFy2024_25!B:B,'DB OSS'!B20) -> 14123.68 | E20: 12000 | F20: =SUMIFS(MapFy2025_26!E:E,MapFy2025_26!B:B,'DB OSS'!B20) -> 3014.2 | G20: =SUMIFS(MapFy2025_26!D:D,MapFy2025_26!B:B,'DB OSS'!B20) -> 0 | H20: =IF(E20=0,"",G20/E20) -> 0 | O20: 5000 | P20: =O20-E20 -> -7000 | Q20: =(O20-E20)/O20 -> -1.4 | R20: reduce by 7k | S20: 10000 | T20: 15000
A21: =A20+1 -> 12 | B21: Special Events Manager | C21: 65000 | D21: =SUMIFS(MapFy2024_25!D:D,MapFy2024_25!B:B,'DB OSS'!B21) -> 67718.42 | E21: 65000 | F21: =SUMIFS(MapFy2025_26!E:E,MapFy2025_26!B:B,'DB OSS'!B21) -> 28099.22 | G21: =SUMIFS(MapFy2025_26!D:D,MapFy2025_26!B:B,'DB OSS'!B21) -> 29000 | H21: =IF(E21=0,"",G21/E21) -> 0.44615385 | O21: 65000 | P21: =O21-E21 -> 0 | Q21: =(O21-E21)/O21 -> 0 | S21: 68000 | T21: 68000
B22: TOTAL PAYROLL | C22: =SUM(C17:C21) -> 278000 | D22: =SUM(D17:D21) -> 296104.7 | E22: =SUM(E17:E21) -> 305000 | F22: =SUM(F17:F21) -> 134140.87 | G22: =SUM(G17:G21) -> 148593.03 | H22: =IF(E22=0,"",G22/E22) -> 0.48719026 | O22: =SUM(O17:O21) -> 298000 | P22: =O22-E22 -> -7000 | Q22: =(O22-E22)/O22 -> -0.023489933 | S22: =SUM(S17:S21) -> 309000 | T22: =SUM(T17:T21) -> 319000
A24: =A21+1 -> 13 | B24: Other Contract Staff | C24: 25000 | D24: =SUMIFS(MapFy2024_25!D:D,MapFy2024_25!B:B,'DB OSS'!B24) -> 19431.72 | E24: 20000 | F24: =SUMIFS(MapFy2025_26!E:E,MapFy2025_26!B:B,'DB OSS'!B24) -> 4882.5 | G24: =SUMIFS(MapFy2025_26!D:D,MapFy2025_26!B:B,'DB OSS'!B24) -> 5612.5 | H24: =IF(E24=0,"",G24/E24) -> 0.280625 | O24: 10000 | P24: =O24-E24 -> -10000 | Q24: =(O24-E24)/O24 -> -1 | R24: reduce by 10k | S24: 50000 | T24: 55000 | U24: Additional Marketing Staff
A25: =A24+1 -> 14 | B25: Campus Security (Ambassadors) | C25: 25000 | D25: =SUMIFS(MapFy2024_25!D:D,MapFy2024_25!B:B,'DB OSS'!B25) -> 25784.24 | E25: 20000 | F25: =SUMIFS(MapFy2025_26!E:E,MapFy2025_26!B:B,'DB OSS'!B25) -> 3233.3 | G25: =SUMIFS(MapFy2025_26!D:D,MapFy2025_26!B:B,'DB OSS'!B25) -> 1879.63 | H25: =IF(E25=0,"",G25/E25) -> 0.0939815 | O25: 12000 | P25: =O25-E25 -> -8000 | Q25: =(O25-E25)/O25 -> -0.66666667 | R25: reduce by 8k | S25: 10000 | T25: 15000
A26: =A25+1 -> 15 | B26: Administrative and Facility Expenses | C26: 95000 | D26: =SUMIFS(MapFy2024_25!D:D,MapFy2024_25!B:B,'DB OSS'!B26) -> 127505.83 | E26: 68000 | F26: =SUMIFS(MapFy2025_26!E:E,MapFy2025_26!B:B,'DB OSS'!B26) -> 63070.5 | G26: =SUMIFS(MapFy2025_26!D:D,MapFy2025_26!B:B,'DB OSS'!B26) -> 59769.54 | H26: =IF(E26=0,"",G26/E26) -> 0.87896382 | K26: Administrative | O26: 68000 | P26: =O26-E26 -> 0 | Q26: =(O26-E26)/O26 -> 0 | S26: 65000 | T26: 70000
A27: =A26+1 -> 16 | B27: Equipment Costs | C27: 10000 | D27: =SUMIFS(MapFy2024_25!D:D,MapFy2024_25!B:B,'DB OSS'!B27) -> 3473.83 | E27: 8000 | F27: =SUMIFS(MapFy2025_26!E:E,MapFy2025_26!B:B,'DB OSS'!B27) -> 2907.42 | G27: =SUMIFS(MapFy2025_26!D:D,MapFy2025_26!B:B,'DB OSS'!B27) -> 3942.73 | H27: =IF(E27=0,"",G27/E27) -> 0.49284125 | O27: 4000 | P27: =O27-E27 -> -4000 | Q27: =(O27-E27)/O27 -> -1 | R27: reduce by 4k | S27: 4000 | T27: 4000
A28: =A27+1 -> 17 | B28: Additional Insurance | C28: 3000 | D28: =SUMIFS(MapFy2024_25!D:D,MapFy2024_25!B:B,'DB OSS'!B28) -> 2104.16 | E28: 3500 | F28: =SUMIFS(MapFy2025_26!E:E,MapFy2025_26!B:B,'DB OSS'!B28) -> 0 | G28: =SUMIFS(MapFy2025_26!D:D,MapFy2025_26!B:B,'DB OSS'!B28) -> 0 | H28: =IF(E28=0,"",G28/E28) -> 0 | O28: 2500 | P28: =O28-E28 -> -1000 | Q28: =(O28-E28)/O28 -> -0.4 | R28: actual expence | S28: 2500 | T28: 2500
A29: =A28+1 -> 18 | B29: TOTAL ADMINISTRATION: | C29: =SUM(C24:C28) -> 158000 | D29: =SUM(D24:D28) -> 178299.78 | E29: =SUM(E24:E28) -> 119500 | F29: =SUM(F24:F28) -> 74093.72 | G29: =SUM(G24:G28) -> 71204.4 | H29: =IF(E29=0,"",G29/E29) -> 0.59585272 | O29: =SUM(O24:O28) -> 96500 | P29: =O29-E29 -> -23000 | Q29: =(O29-E29)/O29 -> -0.23834197 | S29: =SUM(S24:S28) -> 131500 | T29: =SUM(T24:T28) -> 146500
B30: TOTAL OPERATIONS: | C30: =C29+C22 -> 436000 | D30: =D29+D22 -> 474404.48 | E30: =E29+E22 -> 424500 | F30: =F29+F22 -> 208234.59 | G30: =G29+G22 -> 219797.43 | H30: =IF(E30=0,"",G30/E30) -> 0.51777958 | O30: =O29+O22 -> 394500 | P30: =O30-E30 -> -30000 | Q30: =(O30-E30)/O30 -> -0.076045627 | S30: =S29+S22 -> 440500 | T30: =T29+T22 -> 465500
B31: MARKETING
A32: =A29+1 -> 19 | B32: Marketing | C32: 22000 | D32: =SUMIFS(MapFy2024_25!D:D,MapFy2024_25!B:B,'DB OSS'!B32) -> 44693.37 | E32: 20000 | F32: =SUMIFS(MapFy2025_26!E:E,MapFy2025_26!B:B,'DB OSS'!B32) -> 7550 | G32: =SUMIFS(MapFy2025_26!D:D,MapFy2025_26!B:B,'DB OSS'!B32) -> 18047.58 | H32: =IF(E32=0,"",G32/E32) -> 0.902379 | K32: Marketing Agency for Rebrand | O32: 20000 | P32: =O32-E32 -> 0 | Q32: =(O32-E32)/O32 -> 0 | S32: 20000 | T32: 20000
A33: =A32+1 -> 20 | B33: New Website | C33: 8000 | D33: =SUMIFS(MapFy2024_25!D:D,MapFy2024_25!B:B,'DB OSS'!B33) -> 3150.87 | E33: 10000 | F33: =SUMIFS(MapFy2025_26!E:E,MapFy2025_26!B:B,'DB OSS'!B33) -> 180 | G33: =SUMIFS(MapFy2025_26!D:D,MapFy2025_26!B:B,'DB OSS'!B33) -> 892.81 | H33: =IF(E33=0,"",G33/E33) -> 0.089281 | O33: 10000 | P33: =O33-E33 -> 0 | Q33: =(O33-E33)/O33 -> 0 | S33: 10000 | T33: 10000
A34: =A33+1 -> 21 | B34: Creative | C34: 40000 | D34: =SUMIFS(MapFy2024_25!D:D,MapFy2024_25!B:B,'DB OSS'!B34) -> 16863.25 | E34: 40000 | F34: =SUMIFS(MapFy2025_26!E:E,MapFy2025_26!B:B,'DB OSS'!B34) -> 10007.83 | G34: =SUMIFS(MapFy2025_26!D:D,MapFy2025_26!B:B,'DB OSS'!B34) -> 26658.72 | H34: =IF(E34=0,"",G34/E34) -> 0.666468 | O34: 40000 | P34: =O34-E34 -> 0 | Q34: =(O34-E34)/O34 -> 0 | S34: 35000 | T34: 35000
A35: =A34+1 -> 22 | B35: Printing | C35: 15000 | D35: =SUMIFS(MapFy2024_25!D:D,MapFy2024_25!B:B,'DB OSS'!B35) -> 14376.12 | E35: 12000 | F35: =SUMIFS(MapFy2025_26!E:E,MapFy2025_26!B:B,'DB OSS'!B35) -> 9153.24 | G35: =SUMIFS(MapFy2025_26!D:D,MapFy2025_26!B:B,'DB OSS'!B35) -> 2189.88 | H35: =IF(E35=0,"",G35/E35) -> 0.18249 | O35: 5000 | P35: =O35-E35 -> -7000 | Q35: =(O35-E35)/O35 -> -1.4 | R35: reduce by 7k | S35: 6000 | T35: 6000
A36: =A35+1 -> 23 | B36: Advertising | C36: 48000 | D36: =SUMIFS(MapFy2024_25!D:D,MapFy2024_25!B:B,'DB OSS'!B36) -> 49841.56 | E36: 42000 | F36: =SUMIFS(MapFy2025_26!E:E,MapFy2025_26!B:B,'DB OSS'!B36) -> 17966.91 | G36: =SUMIFS(MapFy2025_26!D:D,MapFy2025_26!B:B,'DB OSS'!B36) -> 22449.86 | H36: =IF(E36=0,"",G36/E36) -> 0.53452048 | O36: 35000 | P36: =O36-E36 -> -7000 | Q36: =(O36-E36)/O36 -> -0.2 | R36: reduce by 7k | S36: 30000 | T36: 30000
A37: =A36+1 -> 24 | B37: Public Relations | C37: 48000 | D37: =SUMIFS(MapFy2024_25!D:D,MapFy2024_25!B:B,'DB OSS'!B37) -> 49500 | E37: 35000 | F37: =SUMIFS(MapFy2025_26!E:E,MapFy2025_26!B:B,'DB OSS'!B37) -> 24000 | G37: =SUMIFS(MapFy2025_26!D:D,MapFy2025_26!B:B,'DB OSS'!B37) -> 16500 | H37: =IF(E37=0,"",G37/E37) -> 0.47142857 | O37: 35000 | P37: =O37-E37 -> 0 | Q37: =(O37-E37)/O37 -> 0 | S37: 35000 | T37: 35000
A38: =A37+1 -> 25 | B38: TOTAL MARKETING: | C38: =SUM(C32:C37) -> 181000 | D38: =SUM(D32:D37) -> 178425.17 | E38: =SUM(E32:E37) -> 159000 | F38: =SUM(F32:F37) -> 68857.98 | G38: =SUM(G32:G37) -> 86738.85 | H38: =IF(E38=0,"",G38/E38) -> 0.54552736 | O38: =SUM(O32:O37) -> 145000 | P38: =O38-E38 -> -14000 | Q38: =(O38-E38)/O38 -> -0.096551724 | S38: =SUM(S32:S37) -> 136000 | T38: =SUM(T32:T37) -> 136000
B39: CORNELL EXHIBITIONS/ACTIVATIONS
A40: =A38+1 -> 26 | B40: Museum Store Expenses | C40: 3000 | D40: =SUMIFS(MapFy2024_25!D:D,MapFy2024_25!B:B,'DB OSS'!B40) -> 873.43 | E40: 3000 | F40: =SUMIFS(MapFy2025_26!E:E,MapFy2025_26!B:B,'DB OSS'!B40) -> 567.63 | G40: =SUMIFS(MapFy2025_26!D:D,MapFy2025_26!B:B,'DB OSS'!B40) -> 477.24 | H40: =IF(E40=0,"",G40/E40) -> 0.15908 | K40: Surfing Museum | O40: 1000 | P40: =O40-E40 -> -2000 | Q40: =(O40-E40)/O40 -> -2 | R40: Reduce by 2k | S40: 5000 | T40: 1000
A41: =A40+1 -> 27 | B41: Rotating Exibitions | C41: 0 | F41: =SUMIFS(MapFy2025_26!E:E,MapFy2025_26!B:B,'DB OSS'!B41) -> 0 | G41: =SUMIFS(MapFy2025_26!D:D,MapFy2025_26!B:B,'DB OSS'!B41) -> 750 | K41: #Lovedelray Exhibition
A42: =A41+1 -> 28 | B42: Museum Activations (events and activations) | C42: 85000 | D42: =SUMIFS(MapFy2024_25!D:D,MapFy2024_25!B:B,'DB OSS'!B42) -> 83155.47 | E42: 80000 | F42: =SUMIFS(MapFy2025_26!E:E,MapFy2025_26!B:B,'DB OSS'!B42) -> 49008.98 | G42: =SUMIFS(MapFy2025_26!D:D,MapFy2025_26!B:B,'DB OSS'!B42) -> 26766.58 | H42: =IF(E42=0,"",G42/E42) -> 0.33458225 | K42: Events And Activations | O42: 75000 | P42: =O42-E42 -> -5000 | Q42: =(O42-E42)/O42 -> -0.066666667 | R42: reduce by 5k | S42: 80000 | T42: 75000
A43: 29 | B43: Exhibition (Combined Rotating and New) | C43: 30000 | D43: =SUMIFS(MapFy2024_25!D:D,MapFy2024_25!B:B,'DB OSS'!B43) -> 27742.55 | E43: 20000 | F43: =SUMIFS(MapFy2025_26!E:E,MapFy2025_26!B:B,'DB OSS'!B43) -> 20729 | G43: =SUMIFS(MapFy2025_26!D:D,MapFy2025_26!B:B,'DB OSS'!B43) -> 19391.9 | H43: =IF(E43=0,"",G43/E43) -> 0.969595 | O43: 22000 | P43: =O43-E43 -> 2000 | Q43: =(O43-E43)/O43 -> 0.090909091 | R43: increase by 2k | S43: 30000 | T43: 25000
A44: =A43+1 -> 30 | B44: TOTAL: | C44: =SUM(C40:C43) -> 118000 | D44: =SUM(D40:D43) -> 111771.45 | E44: =SUM(E40:E43) -> 103000 | F44: =SUM(F40:F43) -> 70305.61 | G44: =SUM(G40:G43) -> 47385.72 | H44: =IF(E44=0,"",G44/E44) -> 0.46005553 | O44: =SUM(O40:O43) -> 98000 | P44: =O44-E44 -> -5000 | Q44: =(O44-E44)/O44 -> -0.051020408 | S44: =SUM(S40:S43) -> 115000 | T44: =SUM(T40:T43) -> 101000
B45: AMPHITHEATER and PARK
A46: =A44+1 -> 31 | B46: Winter Events and Activations | C46: 260000 | D46: =SUMIFS(MapFy2024_25!D:D,MapFy2024_25!B:B,'DB OSS'!B46) -> 290386.26 | E46: 180000 | F46: =SUMIFS(MapFy2025_26!E:E,MapFy2025_26!B:B,'DB OSS'!B46) -> 179607.28 | G46: =SUMIFS(MapFy2025_26!D:D,MapFy2025_26!B:B,'DB OSS'!B46) -> 158707.01 | H46: =IF(E46=0,"",G46/E46) -> 0.88170561 | J46: Winter Events and Activations | K46: Big-Name Concert | O46: 195000 | P46: =O46-E46 -> 15000 | Q46: =(O46-E46)/O46 -> 0.076923077 | R46: increase by 15k (moved dollars from OSS32 and OSS33) | S46: 190000 | T46: 150000 | U46: Centennial Celebration/Vintage Gym
A47: =A46+1 -> 32 | B47: Outdoor Art or Games Installation | C47: 10000 | D47: =SUMIFS(MapFy2024_25!D:D,MapFy2024_25!B:B,'DB OSS'!B47) -> 0 | E47: 10000 | F47: =SUMIFS(MapFy2025_26!E:E,MapFy2025_26!B:B,'DB OSS'!B47) -> 0 | G47: =SUMIFS(MapFy2025_26!D:D,MapFy2025_26!B:B,'DB OSS'!B47) -> 0 | H47: =IF(E47=0,"",G47/E47) -> 0 | K47: Creos Activation | O47: 0 | P47: =O47-E47 -> -10000 | R47: reduce by 10k | S47: 0
A48: =A47+1 -> 33 | B48: Summer Festivals | C48: 200000 | D48: =SUMIFS(MapFy2024_25!D:D,MapFy2024_25!B:B,'DB OSS'!B48) -> 249292.37 | E48: 200000 | F48: =SUMIFS(MapFy2025_26!E:E,MapFy2025_26!B:B,'DB OSS'!B48) -> 17650 | G48: =SUMIFS(MapFy2025_26!D:D,MapFy2025_26!B:B,'DB OSS'!B48) -> 19572.26 | H48: =IF(E48=0,"",G48/E48) -> 0.0978613 | O48: 130000 | P48: =O48-E48 -> -70000 | Q48: =(O48-E48)/O48 -> -0.53846154 | R48: reduce by 70k | S48: 145000 | T48: 150000
A49: =A48+1 -> 34 | B49: TOTAL: | C49: =SUM(C46:C48) -> 470000 | D49: =SUM(D46:D48) -> 539678.63 | E49: =SUM(E46:E48) -> 390000 | F49: =SUM(F46:F48) -> 197257.28 | G49: =SUM(G46:G48) -> 178279.27 | H49: =IF(E49=0,"",G49/E49) -> 0.45712633 | O49: =SUM(O46:O48) -> 325000 | P49: =O49-E49 -> -65000 | Q49: =(O49-E49)/O49 -> -0.2 | S49: =SUM(S46:S48) -> 335000 | T49: =SUM(T46:T48) -> 300000
B50: BUSINESS PLAN
A51: =A49+1 -> 35 | B51: Professional Advisor - Strat Plan | C51: 0 | D51: =SUMIFS(MapFy2024_25!D:D,MapFy2024_25!B:B,'DB OSS'!B51) -> 1500 | E51: 0 | F51: =SUMIFS(MapFy2025_26!E:E,MapFy2025_26!B:B,'DB OSS'!B51) -> 1500 | G51: =SUMIFS(MapFy2025_26!D:D,MapFy2025_26!B:B,'DB OSS'!B51) -> 0 | K51: Professional Advisor | O51: 0 | P51: 0 | Q51: 0 | S51: 0 | T51: 0
A52: =A51+1 -> 36 | B52: TOTAL: | C52: =SUM(C51:C51) -> 0 | D52: =SUM(D51:D51) -> 1500 | E52: =SUM(E51:E51) -> 0 | F52: =SUM(F51:F51) -> 1500 | G52: =SUM(G51:G51) -> 0 | O52: =SUM(O51:O51) -> 0 | P52: 0 | Q52: 0 | S52: =SUM(S51:S51) -> 0 | T52: 0
B53: SEASONAL LIGHTING
A54: =A52+1 -> 37 | B54: Holiday & Decorative Lighting | C54: 8000 | D54: =SUMIFS(MapFy2024_25!D:D,MapFy2024_25!B:B,'DB OSS'!B54) -> 3605 | E54: 3000 | F54: =SUMIFS(MapFy2025_26!E:E,MapFy2025_26!B:B,'DB OSS'!B54) -> 3605 | G54: =SUMIFS(MapFy2025_26!D:D,MapFy2025_26!B:B,'DB OSS'!B54) -> 500 | H54: =IF(E54=0,"",G54/E54) -> 0.16666667 | O54: 500 | P54: =O54-E54 -> -2500 | Q54: =(O54-E54)/O54 -> -5 | R54: reduce by 2500 | S54: 500 | T54: 500
P55: =O55-E55 -> 0
A56: =A54+1 -> 38 | B56: TOTAL : | C56: =SUM(C54:C55) -> 8000 | D56: =SUM(D54:D55) -> 3605 | E56: =SUM(E54:E55) -> 3000 | F56: =SUM(F54:F55) -> 3605 | G56: =SUM(G54:G55) -> 500 | H56: =IF(E56=0,"",G56/E56) -> 0.16666667 | O56: =SUM(O54:O55) -> 500 | P56: =O56-E56 -> -2500 | Q56: =(O56-E56)/O56 -> -5 | S56: =SUM(S54:S55) -> 500 | T56: =SUM(T54:T55) -> 500
B57: PLACEMAKING
A58: =A56+1 -> 39 | B58: Grounds Maintenace | C58: 20000 | D58: =SUMIFS(MapFy2024_25!D:D,MapFy2024_25!B:B,'DB OSS'!B58) -> 14969.42 | E58: 10000 | F58: =SUMIFS(MapFy2025_26!E:E,MapFy2025_26!B:B,'DB OSS'!B58) -> 4700 | G58: =SUMIFS(MapFy2025_26!D:D,MapFy2025_26!B:B,'DB OSS'!B58) -> 10208.67 | H58: =IF(E58=0,"",G58/E58) -> 1.020867 | O58: 15000 | P58: =O58-E58 -> 5000 | Q58: =(O58-E58)/O58 -> 0.33333333 | R58: increase by 5k from OSS22 | S58: 13000 | T58: 15000
A59: =A58+1 -> 40 | B59: Signage | C59: 6000 | D59: =SUMIFS(MapFy2024_25!D:D,MapFy2024_25!B:B,'DB OSS'!B59) -> 7842.2 | E59: 5000 | F59: =SUMIFS(MapFy2025_26!E:E,MapFy2025_26!B:B,'DB OSS'!B59) -> 3672.2 | G59: =SUMIFS(MapFy2025_26!D:D,MapFy2025_26!B:B,'DB OSS'!B59) -> 4270 | H59: =IF(E59=0,"",G59/E59) -> 0.854 | K59: New Signage | O59: 5000 | P59: =O59-E59 -> 0 | Q59: =(O59-E59)/O59 -> 0 | S59: 5000 | T59: 5000
A60: =A59+1 -> 41 | B60: TOTAL: | C60: =SUM(C58:C59) -> 26000 | D60: =SUM(D58:D59) -> 22811.62 | E60: =SUM(E58:E59) -> 15000 | F60: =SUM(F58:F59) -> 8372.2 | G60: =SUM(G58:G59) -> 14478.67 | H60: =IF(E60=0,"",G60/E60) -> 0.96524467 | O60: =SUM(O58:O59) -> 20000 | P60: =O60-E60 -> 5000 | Q60: =(O60-E60)/O60 -> 0.25 | S60: =SUM(S58:S59) -> 18000 | T60: =SUM(T58:T59) -> 20000
A62: =A60+1 -> 42 | B62: TOTAL EXPENSE: | C62: =C60+C56+C52+C49+C44+C38+C29+C22 -> 1239000 | D62: =D22+D29+D38+D44+D49+D52+D56+D60 -> 1332196.4 | E62: =E22+E29+E38+E44+E49+E52+E56+E60 -> 1094500 | F62: =F22+F29+F38+F44+F49+F52+F56+F60 -> 558132.66 | G62: =G22+G29+G38+G44+G49+G52+G56+G60 -> 547179.94 | H62: =G62/E62 -> 0.49993599 | O62: =O22+O29+O38+O44+O49+O52+O56+O60 -> 983000 | P62: =O62-E62 -> -111500 | Q62: =(O62-E62)/O62 -> -0.11342828 | S62: =S22+S29+S38+S44+S49+S52+S56+S60 -> 1045000 | T62: =T22+T29+T38+T44+T49+T52+T56+T60 -> 1023000 | U62: =S62-O62 -> 62000
A63: =A62+1 -> 43 | B63: OSS Net Income for the Year | C63: =C13-C62 -> -149000 | D63: =D13-D62 -> -89453.01 | E63: =E13-E62 -> -99500 | F63: =F13-F62 -> 32663.99 | G63: =G13-G62 -> -37618.42 | O63: =O13-O62 -> -5000 | P63: =O63-E63 -> 94500 | Q63: =(O63-E63)/O63 -> -18.9 | S63: =S13-S62 -> 5000 | T63: =T13-T62 -> 27000
B65: OSS Revenue Brought Forward from Prev FY | C65: 200000 | D65: =SUMIFS(MapFy2024_25!D:D,MapFy2024_25!B:B,'DB OSS'!B65) -> 225203 | E65: 160000 | F65: =SUMIFS(MapFy2025_26!E:E,MapFy2025_26!B:B,B65) -> 225203 | G65: =SUMIFS(MapFy2025_26!D:D,MapFy2025_26!B:B,'DB OSS'!B65) -> 135750 | O65: 160000 | S65: 160000
B66: =B13 -> Total Revenues: | C66: =C13 -> 1090000 | D66: =D13 -> 1242743.3 | E66: =E13 -> 995000 | F66: =F13 -> 590796.65 | G66: =G13 -> 509561.52 | O66: =O13 -> 978000 | S66: =S13 -> 1050000
B67: =B62 -> TOTAL EXPENSE: | C67: =C62 -> 1239000 | D67: =D62 -> 1332196.4 | E67: =E62 -> 1094500 | F67: =F62 -> 558132.66 | G67: =G62 -> 547179.94 | O67: =O62 -> 983000 | S67: =S62 -> 1045000
B68: OSS Net Income with Revenue Brought Forward from PY | C68: =C65+C66-C67 -> 51000 | D68: =D65+D66-D67 -> 135749.99 | E68: =E65+E66-E67 -> 60500 | F68: =F65+F66-F67 -> 257866.99 | G68: =G65+G66-G67 -> 98131.58 | O68: =O65+O66-O67 -> 155000 | S68: =S65+S66-S67 -> 165000

Sheet Cash Flow
A1: Downtown Development Authority Preliminary Available Funds at 3/31/2026
A2: ='A- Summary Inc_Ex'!B2 -> 9.22.2026
C4: ='Top Line Rep'!#REF! -> #REF! | D4: ='Top Line Rep'!B3 -> APPROVED Amended Budget 2024_25 | E4: ='Top Line Rep'!C3 -> Final FY 24_25 FYE | F4: ='A- Summary Inc_Ex'!E3 -> FY2025/26 ADOPTED BUDGET | G4: ='A- Summary Inc_Ex'!F3 -> Previous Year toDate 3/31/2025 | H4: ='A- Summary Inc_Ex'!G3 -> FY 25_26 to Date 3/31/2026
A6: Equity B/ Forward October 1st | D6: =-54683.29+71078.41+543598.84+340063.25 -> 900057.21 | E6: =-54683.29+71078.41+543598.84+340063.25 -> 900057.21 | F6: =E16 -> 901629.26 | G6: =E16 -> 901629.26 | H6: =E16 -> 901629.26
A8: To Reassign Liability: OSS Revenue Carried Forward Account to Equity 2/1/2025 | D8: -458685 | E8: -458685
A10: Unrestricte Net Assets Reduced for OSS Funds B/F 3/31/2026 | H10: -135750
A12: (Over)/under spent for period | D12: ='A- Summary Inc_Ex'!C66+'A- Summary Inc_Ex'!C76 -> -126254.84 | E12: ='A- Summary Inc_Ex'!D66+'A- Summary Inc_Ex'!D76 -> 235054.05 | F12: ='A- Summary Inc_Ex'!E66+'A- Summary Inc_Ex'!E76 -> -91271.12 | G12: ='A- Summary Inc_Ex'!F66+'A- Summary Inc_Ex'!F76 -> 891793.59 | H12: ='A- Summary Inc_Ex'!G66+'A- Summary Inc_Ex'!G76 -> 852382.31
A14: OSS Funds B/F | D14: ='A- Summary Inc_Ex'!C69+'A- Summary Inc_Ex'!C79 -> 200000 | E14: ='A- Summary Inc_Ex'!D69+'A- Summary Inc_Ex'!D79 -> 225203 | F14: ='A- Summary Inc_Ex'!E79 -> 160000 | G14: ='A- Summary Inc_Ex'!F69+'A- Summary Inc_Ex'!F79 -> 225203 | H14: ='A- Summary Inc_Ex'!G79 -> 135750
A16: Total Funds carried Forward | D16: =D6+D8+D9+D12+D14 -> 515117.37 | E16: =E6+E8+E9+E12+E14 -> 901629.26 | F16: =F6+F8+F9+F12+F14 -> 970358.14 | G16: =G6+G8+G9+G12+G14 -> 2018625.9 | H16: =H6+H8+H10+H12+H14 -> 1754011.6

Sheet ProgramEventSummary
B1: OSS Event Summary of Expenses | F1: J | I1: Ref
B2: April Free | C2: OSS Events and Activations:April Free | D2: =SUMIFS(ProgramEventDetail!H:H,ProgramEventDetail!E:E,ProgramEventSummary!C2) -> 0 | F2: Total From Detail Sheet | G2: =SUMIFS(ProgramEventDetail!H:H,ProgramEventDetail!A:A,ProgramEventSummary!I2) -> 265145.61 | I2: TOTAL
B3: Art Talk | C3: OSS Events and Activations:Art Talk | D3: =SUMIFS(ProgramEventDetail!H:H,ProgramEventDetail!E:E,ProgramEventSummary!C3) -> 0 | F3: Total OSS Event Summary of Expenses | G3: =-SUMIF(B:B,F3,D:D) -> -155537.81
B4: Art Walk | C4: OSS Events and Activations:Art Walk | D4: =SUMIFS(ProgramEventDetail!H:H,ProgramEventDetail!E:E,ProgramEventSummary!C4) -> 900 | F4: Total DBDDA Progam Summary of Expenses | G4: =-SUMIF(B:B,F4,D:D) -> -109607.8
B5: August Free | C5: OSS Events and Activations:August Free | D5: =SUMIFS(ProgramEventDetail!H:H,ProgramEventDetail!E:E,ProgramEventSummary!C5) -> 0 | F5: Audit Correct if Total = 0.00 | G5: =SUM(G2:G4) -> 0
B6: Concerts | C6: OSS Events and Activations:Concerts | D6: =SUMIFS(ProgramEventDetail!H:H,ProgramEventDetail!E:E,ProgramEventSummary!C6) -> 0
B7: Fall Fest | C7: OSS Events and Activations:Fall Fest | D7: =SUMIFS(ProgramEventDetail!H:H,ProgramEventDetail!E:E,ProgramEventSummary!C7) -> 0
B8: Free Events | C8: OSS Events and Activations:Free Events | D8: =SUMIFS(ProgramEventDetail!H:H,ProgramEventDetail!E:E,ProgramEventSummary!C8) -> 34149.45
B9: General | C9: OSS Events and Activations:General | D9: =SUMIFS(ProgramEventDetail!H:H,ProgramEventDetail!E:E,ProgramEventSummary!C9) -> 10040.51
B10: June Free | C10: OSS Events and Activations:June Free | D10: =SUMIFS(ProgramEventDetail!H:H,ProgramEventDetail!E:E,ProgramEventSummary!C10) -> 0
B11: May Free | C11: OSS Events and Activations:May Free | D11: =SUMIFS(ProgramEventDetail!H:H,ProgramEventDetail!E:E,ProgramEventSummary!C11) -> 0
B12: Music at the Museum | C12: OSS Events and Activations:Music at the Museum | D12: =SUMIFS(ProgramEventDetail!H:H,ProgramEventDetail!E:E,ProgramEventSummary!C12) -> 0
B13: New Exibit | C13: OSS Events and Activations:New Exibit | D13: =SUMIFS(ProgramEventDetail!H:H,ProgramEventDetail!E:E,ProgramEventSummary!C13) -> 503.52
B14: Openning Event | C14: OSS Events and Activations:Openning Event | D14: =SUMIFS(ProgramEventDetail!H:H,ProgramEventDetail!E:E,ProgramEventSummary!C14) -> 0
B15: Previous Year Free Event | C15: OSS Events and Activations:Previous Year Free Event | D15: =SUMIFS(ProgramEventDetail!H:H,ProgramEventDetail!E:E,ProgramEventSummary!C15) -> 0
B16: Ticket Event | C16: OSS Events and Activations:Ticket Event | D16: =SUMIFS(ProgramEventDetail!H:H,ProgramEventDetail!E:E,ProgramEventSummary!C16) -> 99734.23
B17: Vintage Gym Rental | C17: OSS Events and Activations:Vintage Gym Rental | D17: =SUMIFS(ProgramEventDetail!H:H,ProgramEventDetail!E:E,ProgramEventSummary!C17) -> 1460.1
B18: Wellness Wednesday | C18: OSS Events and Activations:Wellness Wednesday | D18: =SUMIFS(ProgramEventDetail!H:H,ProgramEventDetail!E:E,ProgramEventSummary!C18) -> 8750
B19: Total OSS Event Summary of Expenses | D19: =SUM(D2:D18) -> 155537.81
B21: DBDDA Progam Summary of Expenses
B22: 00-General Programs | C22: Programs:00-General Programs | D22: =SUMIFS(ProgramEventDetail!H:H,ProgramEventDetail!E:E,ProgramEventSummary!C22) -> 11417.46
B23: 02-Holloween - Oct | C23: Programs:02- Halloween - Oct | D23: =SUMIFS(ProgramEventDetail!H:H,ProgramEventDetail!E:E,ProgramEventSummary!C23) -> 74.25
B24: 04-Shop Small - Nov | C24: Programs:04- Shop Small - Nov | D24: =SUMIFS(ProgramEventDetail!H:H,ProgramEventDetail!E:E,ProgramEventSummary!C24) -> 592.25
B25: 08-Savor The Avenue - Mar | C25: Programs:08- Savor The Avenue - Mar | D25: =SUMIFS(ProgramEventDetail!H:H,ProgramEventDetail!E:E,ProgramEventSummary!C25) -> 48518.54
B26: 14-Artwalk- Monthly | C26: Programs:14- Artwalk- Monthly | D26: =SUMIFS(ProgramEventDetail!H:H,ProgramEventDetail!E:E,ProgramEventSummary!C26) -> 1803
B27: 15-Merchant Events | C27: Programs:15- Merchant Events | D27: =SUMIFS(ProgramEventDetail!H:H,ProgramEventDetail!E:E,ProgramEventSummary!C27) -> 650
B28: 16-Town Hall Meetings | C28: Programs:16- Town Hall Meetings | D28: =SUMIFS(ProgramEventDetail!H:H,ProgramEventDetail!E:E,ProgramEventSummary!C28) -> 0
B29: 17-Mohers Day | C29: Programs:17-Mothers Day | D29: =SUMIFS(ProgramEventDetail!H:H,ProgramEventDetail!E:E,ProgramEventSummary!C29) -> 0
B30: 22-Restaurant Month | C30: Programs:22- Restaurant Month | D30: =SUMIFS(ProgramEventDetail!H:H,ProgramEventDetail!E:E,ProgramEventSummary!C30) -> 0
B31: 23-Art & Jazz on Avenue_1st | C31: Programs:23- Art & Jazz on Avenue_1st | D31: =SUMIFS(ProgramEventDetail!H:H,ProgramEventDetail!E:E,ProgramEventSummary!C31) -> 5190
B32: 23_2-HoArt & Jazz on Avenue_2nd | C32: Programs:23_2- Art & Jazz on Avenue_2nd | D32: =SUMIFS(ProgramEventDetail!H:H,ProgramEventDetail!E:E,ProgramEventSummary!C32) -> 30540.96
B33: 23_3-HoArt & Jazz on Avenue_3rd | C33: Programs:23_3- Art & Jazz on Avenue_3rd | D33: =SUMIFS(ProgramEventDetail!H:H,ProgramEventDetail!E:E,ProgramEventSummary!C33) -> 0
... B38: 27- Previous Years:b- Art & Jazz 2022 | C38: Programs:27- Previous Years:b- Art & Jazz 2022 | D38: =SUMIFS(ProgramEventDetail!H:H,ProgramEventDetail!E:E,ProgramEventSummary!C38) -> 0
B39: Total DBDDA Progam Summary of Expenses | D39: =SUM(D22:D38) -> 109607.8

Sheet ProgramEventDetail
B1: Type | C1: Date | D1: Num | E1: Name | F1: Source Name | G1: Memo | H1: Amount | I1: Balance
A2: DB OSS Expenses
A3: Big Name Concerts
B4: Bill | C4: 45937 | D4: 21703 | E4: OSS Events and Activations:Ticket Event | F4: Top Hat Entertainment | G4: Entertainment for Charlie Brown | H4: 1000 | I4: 1000
B5: Bill | C5: 45940 | D5: 132501 | E5: OSS Events and Activations:Ticket Event | F5: Insta Print Plus Inc. | G5: 2,000 Charlie Brown Postcards | H5: 598 | I5: 1598
B6: Credit Card Charge | C6: 45950 | D6: CcPur1019_1 | E6: OSS Events and Activations:Free Events | F6: Amazon | G6: OSS#31 | H6: 68.12 | I6: 1666.12
B7: Bill | C7: 45968 | D7: 490049-12172025 | E7: OSS Events and Activations:Ticket Event | F7: Cocktail Hour Entertainment | G7: Games for Lawn Area Charlie Brown on 12/17/2025 | H7: 1135 | I7: 2801.12
B8: Bill | C8: 45972 | D8: 000187 | E8: OSS Events and Activations:Ticket Event | F8: Garden Goddess LLC | G8: Plant Rental for Charlie Brown Christmas | H8: 315 | I8: 3116.12
B9: Bill | C9: 45982 | D9: 12152 | E9: OSS Events and Activations:Free Events | F9: Grimes Events & Party Tents Inc | G9: Rental Supplies for OSS Event Nov 21, 2025 | H9: 836.75 | I9: 3952.87
B10: Bill | C10: 45982 | D10: 12153 | E10: OSS Events and Activations:Free Events | F10: Grimes Events & Party Tents Inc | G10: Rental Supplies - Event 12/22/2025 - Holiday at the Square | H10: 747.5 | I10: 4700.37
B11: Bill | C11: 45982 | D11: 12280 | E11: OSS Events and Activations:Free Events | F11: Grimes Events & Party Tents Inc | G11: Rental of Supplies - Holiday Event at the Square CAM - 12/16/2025 | H11: 747.5 | I11: 5447.87
B12: Bill | C12: 45982 | D12: 12155 | E12: OSS Events and Activations:Free Events | F12: Grimes Events & Party Tents Inc | G12: Rental supplies - Event 09 2025 - Holiday at the Square - Cancelled | H12: 455 | I12: 5902.87
B13: Bill | C13: 45984 | D13: 1188948 | E13: OSS Events and Activations:Free Events | F13: Yuletide Carolers | G13: Performanced Decmber 10 17 and 23 Holdiay at the Square | H13: 3240 | I13: 9142.87
B14: Bill | C14: 45989 | D14: 11262565 | E14: OSS Events and Activations:General | F14: Haddis Production | G14: Performance November 26, 2025 - OSS Holiday Music | H14: 275 | I14: 9417.87
B15: Bill | C15: 46003 | D15: 1668 | E15: OSS Events and Activations:Ticket Event | F15: Patrick Lamb Productions | G15: Services - 12/17/2025 - Charlie Brown Christmas Balance Due | H15: 5000 | I15: 14417.87
B16: Bill | C16: 46003 | D16: 445486 | E16: OSS Events and Activations:Ticket Event | F16: Delray Blueprint Co. | G16: Charlie Brown Laminated Color Copies Qty 14 | H16: 38.92 | I16: 14456.79
B17: Bill | C17: 46007 | D17: 20251217a Rev. 1 | E17: OSS Events and Activations:Ticket Event | F17: Thunder House Sound LLC | G17: Services for Event Charlie Brown Christmass | H17: 7200 | I17: 21656.79
B18: Bill | C18: 46007 | D18: 445549 | E18: OSS Events and Activations:Ticket Event | F18: Delray Blueprint Co. | G18: Charlie Brown Laminated Color Copies Qty 14 | H18: 8.42 | I18: 21665.21
B19: Bill | C19: 46008 | D19: 12162569 | E19: OSS Events and Activations:General | F19: Haddis Production | G19: Performance - 12-6-25 - Holliday Music | H19: 275 | I19: 21940.21
B20: Bill | C20: 46008 | D20: 12140 | E20: OSS Events and Activations:Ticket Event | F20: Grimes Events & Party Tents Inc | G20: Charlie Brown - 12-7-25 | H20: 3731.05 | I20: 25671.26
B21: Credit Card Charge | C21: 46008 | D21: CcPur251216 | E21: OSS Events and Activations:Ticket Event | F21: Publix | G21: OOSS#31 - Charlie Brown | H21: 88.29 | I21: 25759.55
B22: Bill | C22: 46009 | D22: 400 | E22: OSS Events and Activations:Ticket Event | F22: Dawn Beale, LLC | G22: Worked on-site December 16. 2005 | H22: 900 | I22: 26659.55
B23: Bill | C23: 46010 | D23: MT2490-SR | E23: OSS Events and Activations:Ticket Event | F23: Smith Fence | G23: Event at Old School Square - 12/16/25 | H23: 4180.5 | I23: 30840.05
B24: Bill | C24: 46010 | D24: 0001581 | E24: OSS Events and Activations:Ticket Event | F24: Debra Somerville Photography | G24: Charlie Brown | H24: 500 | I24: 31340.05
B25: Bill | C25: 46013 | D25: 272 | E25: OSS Events and Activations:Ticket Event | F25: United We Rock | G25: Show Laber / Stage Manger Caharlie Brown | H25: 600 | I25: 31940.05
B26: Bill | C26: 46027 | D26: 12172026 | E26: OSS Events and Activations:Ticket Event | F26: Brittany L Jackson | G26: 3 hours on 12/17/2025 - Charlie Brown | H26: 75 | I26: 32015.05
B27: Bill | C27: 46030 | D27: 202512 | E27: OSS Events and Activations:Ticket Event | F27: Victoria De Silvio Group reimb | G27: 12/6 Holicay Decor - Dollar Tree (Charlie Brown Concert) | H27: 29.75 | I27: 32044.8
B28: Bill | C28: 46031 | D28: 490410-1152026 | E28: OSS Events and Activations:Free Events | F28: Cocktail Hour Entertainment | G28: DB OSS Expenses:Big Name Concerts | H28: 1112.5 | I28: 33157.3
B29: Credit Card Charge | C29: 46031 | D29: CcPur0109_2 | E29: OSS Events and Activations:Free Events | F29: Swank Motion Pictures | G29: OSS#31 - Free - OSS Movie Nights - License | H29: 1185 | I29: 34342.3
B30: Bill | C30: 46035 | D30: 3378 | E30: OSS Events and Activations:Free Events | F30: ILS Productions | G30: Audio for Movies at night - 1/15/2025 | H30: 2300 | I30: 36642.3
B31: Bill | C31: 46036 | D31: 45647 | E31: OSS Events and Activations:Ticket Event | F31: City of DB Finance | G31: Services Dec 17 2025 - Charlie Brown | H31: 1394.04 | I31: 38036.34
B32: Bill | C32: 46040 | D32: 0001587 | E32: OSS Events and Activations:Free Events | F32: Debra Somerville Photography | G32: OSS - Movie Night | H32: 250 | I32: 38286.34
B33: Bill | C33: 46041 | D33: 403 | E33: OSS Events and Activations:Free Events | F33: Dawn Beale, LLC | G33: 12.5 Hours Movie Night - Jan 15 2026 | H33: 625 | I33: 38911.34
B34: Bill | C34: 46042 | D34: MT2618NW | E34: OSS Events and Activations:Free Events | F34: Smith Fence | G34: OSS 1/15 - Movie Night | H34: 2545 | I34: 41456.34
B35: General Journal | C35: 46054 | D35: JE26-28 | E35: OSS Events and Activations:Ticket Event | G35: To Correct 10/1/2025 Adjustment Gen Journ AdjYear26_1 10/1/2025 for Dirty Dancing 03/2026 - Depo... | H35: 5000 | I35: 46456.34
B36: Bill | C36: 46058 | D36: 12389 | E36: OSS Events and Activations:Free Events | F36: Grimes Events & Party Tents Inc | G36: Equipment for Event Starts&Eds: Feb 12,2026 | H36: 524.24 | I36: 46980.58
B37: Bill | C37: 46058 | D37: 040725_Final | E37: OSS Events and Activations:Ticket Event | F37: Date Night Concerts LLC. | G37: Dirty Dancing 03/2026- Fianal - Total $30,000.00 | H37: 25000 | I37: 71980.58
B38: Credit Card Charge | C38: 46064 | D38: CcPur0210_1 | E38: OSS Events and Activations:Free Events | F38: Publix | G38: Twight Light concert Series | H38: 19.7 | I38: 72000.28
B39: Bill | C39: 46065 | D39: 02122026 | E39: OSS Events and Activations:Free Events | F39: Brittany L Jackson | G39: 4 Hours VIP Ticket Sales - 2/12/2026 | H39: 100 | I39: 72100.28
B40: Bill | C40: 46065 | D40: 2122026 | E40: OSS Events and Activations:Ticket Event | F40: MacLaren Signs | G40: Column and Fence Banners - Ticket | H40: 740 | I40: 72840.28
B41: Bill | C41: 46065 | D41: 2122026 | E41: OSS Events and Activations:Free Events | F41: MacLaren Signs | G41: Column and Fence Banners - Free | H41: 740 | I41: 73580.28
B42: Bill | C42: 46069 | D42: 408 | E42: OSS Events and Activations:Free Events | F42: Dawn Beale, LLC | G42: Concert Work Feb 12, 2026 - 12Hrs | H42: 600 | I42: 74180.28
B43: Bill | C43: 46070 | D43: MT2660NW | E43: OSS Events and Activations:Free Events | F43: Smith Fence | G43: Services Old School Square - 2/12/26 | H43: 2242 | I43: 76422.28
B44: Bill | C44: 46071 | D44: 271 | E44: OSS Events and Activations:Free Events | F44: United We Rock | G44: Services - Journey Tribute Labor: Feb 12, 2026 | H44: 625 | I44: 77047.28
B45: Bill | C45: 46073 | D45: 2601 | E45: OSS Events and Activations:Free Events | F45: Claudia Piardi | G45: Face Painting Art on the Square - 4 hrs - Mar 28 2026 | H45: 350 | I45: 77397.28
B46: Bill | C46: 46082 | D46: 12330 | E46: OSS Events and Activations:Vintage Gym Rental | F46: Grimes Events & Party Tents Inc | G46: Tables & Linens - Going to the Gym - 1-22-2026 - Gym Rental | H46: 360.1 | I46: 77757.38
B47: Bill | C47: 46082 | D47: 12297 | E47: OSS Events and Activations:Free Events | F47: Grimes Events & Party Tents Inc | G47: Rental Supplies - OSS Event - 1/12/2026 - Movie Night | H47: 1316.98 | I47: 79074.36
B48: Bill | C48: 46084 | D48: 447180 | E48: OSS Events and Activations:Ticket Event | F48: Delray Blueprint Co. | G48: Dirty Dancing - Laminating qty 4 | H48: 7.96 | I48: 79082.32
B49: Bill | C49: 46084 | D49: 12441 | E49: OSS Events and Activations:Free Events | F49: Grimes Events & Party Tents Inc | G49: Lighting & Main - Full Moon Yoga, On Stage - 3-3-2026 | H49: 559.36 | I49: 79641.68
B50: Bill | C50: 46084 | D50: 12441 | E50: OSS Events and Activations:Free Events | F50: Grimes Events & Party Tents Inc | G50: Credit For Sales Tax | H50: -34.14 | I50: 79607.54
B51: Bill | C51: 46085 | D51: 51N-013 | E51: OSS Events and Activations:General | F51: Adrian Pritchard Construction LLC. | G51: 2/12/26 AMPHITHEATER - Setup and Breakdown | H51: 650 | I51: 80257.54
B52: Bill | C52: 46085 | D52: 12451 | E52: OSS Events and Activations:Ticket Event | F52: Grimes Events & Party Tents Inc | G52: Even Mar 12,2026 | H52: 10221.29 | I52: 90478.83
B53: Bill | C53: 46086 | D53: 20260305_Meal | E53: OSS Events and Activations:Ticket Event | F53: Date Night Concerts LLC. | G53: Meal Buy for 12 Concert Artists and Crew | H53: 1000 | I53: 91478.83
B54: Bill | C54: 46086 | D54: 447244 | E54: OSS Events and Activations:Ticket Event | F54: Delray Blueprint Co. | G54: OSS- Dirty Dancing Color Qty 5 | H54: 14.85 | I54: 91493.68
B55: Bill | C55: 46087 | D55: 45717 | E55: OSS Events and Activations:Free Events | F55: City of DB Finance | G55: Family Flicks At the Square - Jan 15, 2026 | H55: 826.13 | I55: 92319.81
B56: Bill | C56: 46087 | D56: 45719 | E56: OSS Events and Activations:Free Events | F56: City of DB Finance | G56: Twilight Concert Ceries - Feb 12, 2026 | H56: 1932.57 | I56: 94252.38
B57: Credit Card Charge | C57: 46087 | D57: CcPur0305_2 | E57: OSS Events and Activations:Free Events | F57: Amazon | G57: OSS#31 -Free - Dirty Dancing Band Rider Suplies | H57: 194.98 | I57: 94447.36
B58: Credit Card Charge | C58: 46090 | D58: CcPur0308_4 | E58: OSS Events and Activations:Free Events | F58: Amazon | G58: OSS#31 -Free- Dirty Dancing Product to mark chairs | H58: 23.7 | I58: 94471.06
B59: Bill | C59: 46091 | D59: 3102026 | E59: OSS Events and Activations:Ticket Event | F59: MacLaren Signs | G59: Dirty Dancing six 2x2 , twelve 2x3, six 1x3, cora Signs :Three 10x5156 Bannes: seating Id's 156 | H59: 2290 | I59: 96761.06
B60: Credit Card Charge | C60: 46091 | D60: CcPur0309_2 | E60: OSS Events and Activations:General | F60: Amazon | G60: OSS#31- General - Ponchos for outdoor events | H60: 35.97 | I60: 96797.03
B61: Bill | C61: 46092 | D61: 231259319 | E61: OSS Events and Activations:Ticket Event | F61: Frequency Events AV | G61: Sound Equipment Rental - Event March 18, 2026 | H61: 360 | I61: 97157.03
B62: Credit Card Charge | C62: 46092 | D62: CcPur0310_1 | E62: OSS Events and Activations:Free Events | F62: Customize That | G62: OSS#31 - T-Shirts Art on the Square | H62: 602.12 | I62: 97759.15
B63: Bill | C63: 46093 | D63: 3122026 | E63: OSS Events and Activations:Ticket Event | F63: MacLaren Signs | G63: Four 2x2 Coro Signs - "VIP Premium only" - Dirty Dancing | H63: 160 | I63: 97919.15
B64: Bill | C64: 46093 | D64: 20260312_Setlm | E64: OSS Events and Activations:Ticket Event | F64: Date Night Concerts LLC. | G64: Settlment for Dirty Dancing - National Advertsing costs | H64: 500 | I64: 98419.15
B65: Bill | C65: 46093 | D65: Reimb20260312 | E65: OSS Events and Activations:Ticket Event | F65: Laura Simon Reimb | G65: Hotel for Dirty Dancing Cast - Hyatt Place 4 rooms 1 Night - 3-12_to3-13-2026 | H65: 1196 | I65: 99615.15
B66: Credit Card Charge | C66: 46093 | D66: CcPur0311_1 | E66: OSS Events and Activations:Free Events | F66: Publix | G66: OSS#31-Free - Dirty Dancing | H66: 153.99 | I66: 99769.14
B67: Bill | C67: 46094 | D67: 0001600 | E67: OSS Events and Activations:Ticket Event | F67: Debra Somerville Photography | G67: Event - Dirty Dancing | H67: 375 | I67: 100144.14
B68: Bill | C68: 46094 | D68: MT2697NW | E68: OSS Events and Activations:Ticket Event | F68: Smith Fence | G68: Old School Square - 3/11/26 event | H68: 3544 | I68: 103688.14
B69: Bill | C69: 46095 | D69: 411 | E69: OSS Events and Activations:Ticket Event | F69: Dawn Beale, LLC | G69: 9.5 hrs Worked Set-up for Dirty Dancing- March 11, 2026 | H69: 475 | I69: 104163.14
B70: Bill | C70: 46095 | D70: 411 | E70: OSS Events and Activations:Ticket Event | F70: Dawn Beale, LLC | G70: 15.75 hrs Worked On-site for Dirty Dancing- March 12, 2026 | H70: 787.5 | I70: 104950.64
B71: Bill | C71: 46096 | D71: 386825 | E71: OSS Events and Activations:Ticket Event | F71: Philip Fest | G71: Art on the Square Fine Art Show - March 28th, 29th | H71: 600 | I71: 105550.64
B72: Bill | C72: 46098 | D72: 268075-000243 | E72: OSS Events and Activations:Ticket Event | F72: Cure Cocktails | G72: Services - Reggae Fest - March 22, 2026 | H72: 750 | I72: 106300.64
B73: Bill | C73: 46098 | D73: 268075-000247 | E73: OSS Events and Activations:Ticket Event | F73: Cure Cocktails | G73: Services - Reggae Fest - March 20 2026 | H73: 750 | I73: 107050.64
B74: Bill | C74: 46098 | D74: Reimb005 | E74: OSS Events and Activations:Free Events | F74: Melissa Schneider | G74: Insurance for Fine Art Vendor | H74: 49.1 | I74: 107099.74
B75: Bill | C75: 46098 | D75: 10393-1 | E75: OSS Events and Activations:Free Events | F75: SEP Communications | G75: Art on the Square Lanyards Qty 300 | H75: 841 | I75: 107940.74
B76: Bill | C76: 46099 | D76: 447534 | E76: OSS Events and Activations:Ticket Event | F76: Delray Blueprint Co. | G76: Reggae Festifal Signs qty 6 | H76: 17.94 | I76: 107958.68
B77: Bill | C77: 46099 | D77: 12483 | E77: OSS Events and Activations:Ticket Event | F77: Grimes Events & Party Tents Inc | G77: Lightin, Tents, Sides, Main, Msc & Fees - OSS Concert - Reggae Festival - 3-21-2026 | H77: 4049.85 | I77: 112008.53
B78: Bill | C78: 46100 | D78: 03192026 | E78: OSS Events and Activations:Ticket Event | F78: Brittany L Jackson | G78: Ticket Seller services for Dirty Dancing 3-19-2026 | H78: 300 | I78: 112308.53
B79: Bill | C79: 46101 | D79: 3202026 | E79: OSS Events and Activations:Ticket Event | F79: MacLaren Signs | G79: Signs and Banners for OSS - Art on the Scquare | H79: 1450 | I79: 113758.53
B80: Credit Card Charge | C80: 46101 | D80: CcPur0319_3 | E80: OSS Events and Activations:Free Events | F80: At Rosettes | G80: OSS#31 - Free - Art on the square Ribbons | H80: 158.52 | I80: 113917.05
B81: Bill | C81: 46104 | D81: 447609 | E81: OSS Events and Activations:Free Events | F81: Delray Blueprint Co. | G81: Laminated Color Copies 18x24 qty 2 - Art on the Square | H81: 49 | I81: 113966.05
B82: Bill | C82: 46105 | D82: 413 | E82: OSS Events and Activations:Ticket Event | F82: Dawn Beale, LLC | G82: Reggae Festival Mar 21 (12.5Hrs) | H82: 625 | I82: 114591.05
B83: Bill | C83: 46105 | D83: 447636 | E83: OSS Events and Activations:Free Events | F83: Delray Blueprint Co. | G83: Laminated Color Copies 8.5 x 11- Qty 51 - Art on the Square | H83: 151.98 | I83: 114743.03
B84: Credit Card Charge | C84: 46105 | D84: CcPur0324_1 | E84: OSS Events and Activations:General | F84: Amazon | G84: OSS#31-General - Art on the Square Artist Breakfast and Volunteers | H84: 199.16 | I84: 114942.19
B85: Credit Card Charge | C85: 46105 | D85: CcPur0323_1 | E85: OSS Events and Activations:General | F85: Amazon | G85: OSS#31 -General - Art on the Square - Snacks for Artists | H85: 28.98 | I85: 114971.17
B86: Bill | C86: 46107 | D86: 51N-014 | E86: OSS Events and Activations:Ticket Event | F86: Adrian Pritchard Construction LLC. | G86: 3/26/2026 - 8 hrs Cormell Museum - Event support (various) | H86: 400 | I86: 115371.17
B87: Bill | C87: 46107 | D87: 51N-014Reimb | E87: OSS Events and Activations:Ticket Event | F87: Adrian Pritchard Reimbursements | G87: 3/26/2026 - Home Depot - Cornell Event tent placement prep material | H87: 59.03 | I87: 115430.2
B88: Bill | C88: 46107 | D88: 20261 | E88: OSS Events and Activations:Ticket Event | F88: Jonathan Jimenez | G88: 3/11/2026 12 Hrs- Setup Dirty Dancing | H88: 216 | I88: 115646.2
B89: Bill | C89: 46107 | D89: 20261 | E89: OSS Events and Activations:Ticket Event | F89: Jonathan Jimenez | G89: 3/12/2026 7 Hrs - Dirty Dancing Concert | H89: 126 | I89: 115772.2
B90: Bill | C90: 46107 | D90: 20261 | E90: OSS Events and Activations:Ticket Event | F90: Jonathan Jimenez | G90: 3/21/2026 17Hrs - Raggae Festival | H90: 306 | I90: 116078.2
B91: Bill | C91: 46107 | D91: 275 | E91: OSS Events and Activations:Ticket Event | F91: United We Rock | G91: how Labor / Stage Manage 3/20 & 3/21 - 10 Hrs - Raggae Festival | H91: 500 | I91: 116578.2
B92: Bill | C92: 46107 | D92: 275 | E92: OSS Events and Activations:Ticket Event | F92: United We Rock | G92: 2 stage Assist 3/20 & 3/21 -13.25 Hrs - Raggae Festival | H92: 463.75 | I92: 117041.95
B93: Bill | C93: 46107 | D93: 490964-432026 | E93: OSS Events and Activations:Free Events | F93: Cocktail Hour Entertainment | G93: Games Supply - 4/3/2026 - Florida Panther Block Party | H93: 2036 | I93: 119077.95
B94: Bill | C94: 46108 | D94: 12499 | E94: OSS Events and Activations:Free Events | F94: Grimes Events & Party Tents Inc | G94: Event Rental supplies for Art on the Square - Mar 27 2026 | H94: 1101.52 | I94: 120179.47
B95: Bill | C95: 46109 | D95: 3292617 | E95: OSS Events and Activations:Free Events | F95: Haddis Production | G95: Performance - Mar 28th, 2026 - Art on the Square | H95: 250 | I95: 120429.47
B96: Bill | C96: 46109 | D96: OSS032826 | E96: OSS Events and Activations:Free Events | F96: Professional Concessions, Inc | G96: Services Provided - Art on the Square event 3-25-2026 | H96: 1112.74 | I96: 121542.21
B97: Credit Card Charge | C97: 46110 | D97: CcPur0327_2 | E97: OSS Events and Activations:Free Events | F97: Windy City Pizza | G97: OSS31 - Free - Pizza for Art on the Square Reception | H97: 169.06 | I97: 121711.27
B98: Credit Card Charge | C98: 46110 | D98: CcPur0326_4 | E98: OSS Events and Activations:Free Events | F98: Urban Farm Mart | G98: OSS#31 - Free - Plants for Art on the square | H98: 49.44 | I98: 121760.71
B99: Bill | C99: 46111 | D99: Cont20260325 | E99: OSS Events and Activations:Free Events | F99: Moral Music | G99: FM Band Mami - Florida Panther Block Party - Apr 3rd 2026 | H99: 850 | I99: 122610.71
B100: Bill | C100: 46111 | D100: 20260329 | E100: OSS Events and Activations:Free Events | F100: Dorian Avila | G100: Performace - March 28 7 29 2026 - Art on the Square | H100: 1200 | I100: 123810.71
...

Sheet MapFy2024_25
B1: Budget Line Discription | C1: QB Profit and Loss Acct | D1: FY24-25 | E1: FY23-24 | G1: Updated 5/5/2026 9:22AM | H1: Oct '24 - Sep 25 | I1: Oct '23 - Sep 24 | L1: Updated 1/28/2026 12:18PM | M1: Oct '24 - Sep 25 | N1: Oct '23 - Sep 24 | Q1: Oct '24 - Sep 25 | R1: Oct '23 - Sep 24 | U1: Oct '24 - Sep 25 | V1: Oct '23 - Sep 24 | X1: Updated 12/06/25 10:28 AM | Y1: Oct '24 - Sep 25 | Z1: Oct '23 - Sep 24 | AB1: Updated 10/15/25 10:28 AM | AC1: Oct '24 - Aug 25 | AD1: Oct '23 - Aug 24 | AG1: Updated 9/4/25 5:40 PM | AH1: Oct '24 - Jul 25 | AI1: Oct '23 - Jul 24 | AL1: Updated 9/2/25 7:19 PM | AM1: Oct '24 - Jun 25 | AN1: Oct '23 - Jun 24 | AP1: Updated 9/2/25 5:43 PM | AQ1: Oct '24 - May 25 | AR1: Oct '23 - May 24 | AT1: Updated 9/2/25 5:03 PM | AU1: Oct '24 - May 25 | AV1: Oct '23 - May 24 | AX1: Updated 7/9/25 1:05 PM | AY1: Oct '24 - May 25 | AZ1: Oct '23 - May 24 | BB1: Updated 5/27/25 6:00 PM | BC1: Oct '24 - Apr 25 | BD1: Oct '23 - Apr 24 | BF1: Updated 5/13/25 5:22 PM | BG1: Oct '24 - Mar 25 | BH1: Oct '23 - Mar 24 | BJ1: Updated 4/10/25 4:50 PM | BK1: Oct '24 - Feb 25 | BL1: Oct '23 - Feb 24 | BN1: Updated 3/5/25 1:47 PM | BO1: Oct '24 - Jan 25 | BP1: Oct '23 - Jan 24 | BR1: Updated 1/20/2025 2:12 pm | BS1: Oct - Dec 24 | BT1: Oct - Dec 23 | BV1: Updated 12/10/2024 05:36 pm | BW1: Oct - Dec 24 | BX1: Oct - Dec 23 | BZ1: Updated 11/26/2024 01:09 pm | CA1: 45589 | CB1: 45588 | CD1: Updated 11/21/2024 11:53 am | CE1: 45589 | CF1: 45588 | CH1: Updated 11/20/2024 1:41 pm | CI1: 45589 | CJ1: 45588
G2: Ordinary Income/Expense | L2: Ordinary Income/Expense | P2: Ordinary Income/Expense | T2: Ordinary Income/Expense | X2: Ordinary Income/Expense | AB2: Ordinary Income/Expense | AG2: Ordinary Income/Expense | AL2: Ordinary Income/Expense | AP2: Ordinary Income/Expense | AT2: Ordinary Income/Expense | AX2: Ordinary Income/Expense | BB2: Ordinary Income/Expense | BF2: Ordinary Income/Expense | BJ2: Ordinary Income/Expense | BN2: Ordinary Income/Expense | BR2: Ordinary Income/Expense | BV2: Ordinary Income/Expense | BZ2: Ordinary Income/Expense | CD2: Ordinary Income/Expense | CH2: Ordinary Income/Expense
B3: Provision of Uncollectible Receivable | C3: Proc frm issuance capital lease | D3: =SUMIFS(H:H,G:G,C3) -> 0 | E3: =SUMIFS(I:I,G:G,C3) -> 0 | G3: Income | L3: Income | P3: Income | T3: Income | X3: Income | AB3: Income | AG3: Income | AL3: Income | AP3: Income | AT3: Income | AX3: Income | BB3: Income | BF3: Income | BJ3: Income | BN3: Income | BR3: Income | BV3: Income | BZ3: Income | CD3: Income | CH3: Income
A4: DDA | B4: Provision of Uncollectible Receivable | D4: =SUMIFS(H:H,G:G,C4) -> 0 | E4: =SUMIFS(I:I,G:G,C4) -> 0 | G4: Funds B/F from previous years | H4: 0 | I4: 30000 | J4: =SUMIFS(E:E,C:C,G4)-I4 -> 0 | L4: Funds B/F from previous years | M4: 0 | N4: 30000 | P4: Funds B/F from previous years | Q4: 0 | R4: 30000 | T4: Funds B/F from previous years | U4: 0 | V4: 30000 | X4: Funds B/F from previous years | Y4: 0 | Z4: 30000 | AB4: Funds B/F from previous years | AC4: 0 | AD4: 30000 | AG4: Funds B/F from previous years | AH4: 0 | AI4: 30000 | AL4: Funds B/F from previous years | AM4: 0 | AN4: 30000 | AP4: Revenues | AT4: Revenues | AX4: Revenues | BB4: Revenues | BF4: Revenues | BJ4: Revenues | BN4: Revenues | BR4: Revenues | BV4: Revenues | BZ4: Revenues | CD4: Revenues | CH4: Revenues
A5: OSS-CF | B5: Income Carried Forward | C5: Funds B/F from previous years | D5: =SUMIFS(H:H,G:G,C5) -> 0 | E5: =SUMIFS(I:I,G:G,C5) -> 30000 | F5: =SUMIFS(D:D,C:C,G5)-H5 -> 0 | G5: Revenues | J5: =SUMIFS(E:E,C:C,G5)-I5 -> 0 | L5: Revenues | P5: Revenues | T5: Revenues | X5: Revenues | AB5: Revenues | AG5: Revenues | AL5: Revenues | AP5: Ad Valorem Taxes | AQ5: 1778894.8 | AR5: 1692700.3 | AT5: Ad Valorem Taxes | AU5: 1778894.8 | AV5: 1692700.3 | AX5: Ad Valorem Taxes | AY5: 1778894.8 | AZ5: 1692700.3 | BB5: Ad Valorem Taxes | BC5: 1771253.4 | BD5: 1632485.9 | BF5: Ad Valorem Taxes | BG5: 1594310 | BH5: 1462512 | BJ5: Ad Valorem Taxes | BK5: 1551598.4 | BL5: 1419193.5 | BN5: Ad Valorem Taxes | BO5: 1474259.4 | BP5: 1333149.6 | BR5: Ad Valorem Taxes | BS5: 1320704.6 | BT5: 1313124.7 | BV5: Ad Valorem Taxes | BW5: 1320704.6 | BX5: 1313124.7 | BZ5: DB OSS Revenues | CD5: DB OSS Revenues | CH5: DB OSS Revenues
A6: DDA | B6: Ad Valorem Taxes | C6: Ad Valorem Taxes | D6: =SUMIFS(H:H,G:G,C6) -> 1864562.6 | E6: =SUMIFS(I:I,G:G,C6) -> 1723873.8 | F6: =SUMIFS(D:D,C:C,G6)-H6 -> 0 | G6: Ad Valorem Taxes | H6: 1864562.6 | I6: 1723873.8 | J6: =SUMIFS(E:E,C:C,G6)-I6 -> 0 | L6: Ad Valorem Taxes | M6: 1864562.6 | N6: 1723873.8 | P6: Ad Valorem Taxes | Q6: 1864562.6 | R6: 1723873.8 | T6: Ad Valorem Taxes | U6: 1864562.6 | V6: 1723873.8 | X6: Ad Valorem Taxes | Y6: 1864562.6 | Z6: 1723873.8 | AB6: Ad Valorem Taxes | AC6: 1864562.6 | AD6: 1723873.8 | AG6: Ad Valorem Taxes | AH6: 1857543.5 | AI6: 1723509 | AL6: Ad Valorem Taxes | AM6: 1826497.8 | AN6: 1700551.9 | AP6: DB OSS Revenues | AT6: DB OSS Revenues | AX6: DB OSS Revenues | BB6: DB OSS Revenues | BF6: DB OSS Revenues | BJ6: DB OSS Revenues | BN6: DB OSS Revenues | BQ6: =SUMIFS(E:E,C:C,G6)-I6 -> 0 | BR6: DB OSS Revenues | BV6: DB OSS Revenues | BZ6: Donations | CA6: 150 | CB6: 1599 | CD6: Donations | CE6: 150 | CF6: 1599 | CH6: Donations | CI6: 150 | CJ6: 1599
A7: OSS-R | B7: Funding | C7: DB OSS Funding | D7: =SUMIFS(H:H,G:G,C7) -> 800000 | E7: =SUMIFS(I:I,G:G,C7) -> 1000000 | F7: =SUMIFS(D:D,C:C,G7)-H7 -> 0 | G7: DB OSS Revenues | J7: =SUMIFS(E:E,C:C,G7)-I7 -> 0 | L7: DB OSS Revenues | P7: DB OSS Revenues | T7: DB OSS Revenues | X7: DB OSS Revenues | AB7: DB OSS Revenues | AG7: DB OSS Revenues | AL7: DB OSS Revenues | AP7: DB OSS Funding | AQ7: 600000 | AR7: 750000 | AT7: DB OSS Funding | AU7: 600000 | AV7: 750000 | AX7: DB OSS Funding | AY7: 600000 | AZ7: 750000 | BB7: DB OSS Funding | BC7: 400000 | BD7: 750000 | BF7: DB OSS Funding | BG7: 400000 | BH7: 750000 | BJ7: DB OSS Funding | BK7: 400000 | BL7: 500000 | BN7: DB OSS Funding | BO7: 400000 | BP7: 500000 | BQ7: =SUMIFS(E:E,C:C,G7)-I7 -> 0 | BR7: DB OSS Funding | BS7: 400000 | BT7: 0 | BV7: DB OSS Funding | BW7: 400000 | BX7: 0 | BZ7: Museum Store | CA7: 85.36 | CB7: 985.33 | CD7: Museum Store | CE7: 85.36 | CF7: 985.33 | CH7: Museum Store | CI7: 85.36 | CJ7: 985.33
A8: OSS-R | B8: Donations | C8: Donations | D8: =SUMIFS(H:H,G:G,C8) -> 38245.76 | E8: =SUMIFS(I:I,G:G,C8) -> 26996.06 | F8: =SUMIFS(D:D,C:C,G8)-H8 -> 0 | G8: DB OSS Funding | H8: 800000 | I8: 1000000 | J8: =SUMIFS(E:E,C:C,G8)-I8 -> 0 | L8: DB OSS Funding | M8: 800000 | N8: 1000000 | P8: DB OSS Funding | Q8: 800000 | R8: 1000000 | T8: DB OSS Funding | U8: 800000 | V8: 1000000 | X8: DB OSS Funding | Y8: 800000 | Z8: 1000000 | AB8: DB OSS Funding | AC8: 800000 | AD8: 1000000 | AG8: DB OSS Funding | AH8: 800000 | AI8: 1000000 | AL8: DB OSS Funding | AM8: 600000 | AN8: 750000 | AP8: Donations | AQ8: 25533.45 | AR8: 20270.06 | AT8: Donations | AU8: 25533.45 | AV8: 20270.06 | AX8: Donations | AY8: 25533.45 | AZ8: 20270.06 | BB8: Donations | BC8: 22687.75 | BD8: 18549.06 | BF8: Donations | BG8: 20352.75 | BH8: 15245.94 | BJ8: Donations | BK8: 14134.75 | BL8: 11173.46 | BN8: Donations | BO8: 12105.75 | BP8: 7641.01 | BQ8: =SUMIFS(E:E,C:C,G8)-I8 -> 0 | BR8: Donations | BS8: 5280 | BT8: 4887.01 | BV8: Donations | BW8: 5280 | BX8: 4887.01 | BZ8: OSS Program Income | CA8: 3329.75 | CB8: 13789.42 | CD8: OSS Program Income | CE8: 3329.75 | CF8: 13789.42 | CH8: OSS Program Income | CI8: 3329.75 | CJ8: 13789.42
A9: OSS-R | B9: Sponsorship | C9: Sponsorship | D9: =SUMIFS(H:H,G:G,C9) -> 7012 | E9: =SUMIFS(I:I,G:G,C9) -> 6000 | F9: =SUMIFS(D:D,C:C,G9)-H9 -> 0 | G9: Donations | H9: 38245.76 | I9: 26996.06 | J9: =SUMIFS(E:E,C:C,G9)-I9 -> 0 | L9: Donations | M9: 38245.76 | N9: 26996.06 | P9: Donations | Q9: 38229.47 | R9: 26996.06 | T9: Donations | U9: 38229.47 | V9: 26996.06 | X9: Donations | Y9: 38229.47 | Z9: 26996.06 | AB9: Donations | AC9: 30770.76 | AD9: 23253.06 | AG9: Donations | AH9: 30395.76 | AI9: 23118.06 | AL9: Donations | AM9: 27837.76 | AN9: 21595.06 | AP9: Museum Store | AQ9: 12589 | AR9: 8046.71 | AT9: Museum Store | AU9: 12589 | AV9: 8046.71 | AX9: Museum Store | AY9: 12589 | AZ9: 8046.71 | BB9: Museum Store | BC9: 11705.81 | BD9: 8539.8 | BF9: Museum Store | BG9: 10919.45 | BH9: 7409.12 | BJ9: Museum Store | BK9: 7419.94 | BL9: 7253.51 | BN9: Museum Store | BO9: 5424.75 | BP9: 9815.62 | BQ9: =SUMIFS(E:E,C:C,G9)-I9 -> 0 | BR9: Museum Store | BS9: 1834.77 | BT9: 2246.73 | BV9: Museum Store | BW9: 1834.77 | BX9: 2246.73 | BZ9: Venue Rentals | CA9: 9590.66 | CB9: 8240 | CD9: Venue Rentals | CE9: 9590.66 | CF9: 8240 | CH9: Venue Rentals | CI9: 9590.66 | CJ9: 8240
A10: OSS-R | B10: Venue Rentals | C10: Venue Rentals | D10: =SUMIFS(H:H,G:G,C10) -> 71416.02 | E10: =SUMIFS(I:I,G:G,C10) -> 59326.04 | F10: =SUMIFS(D:D,C:C,G10)-H10 -> 0 | G10: Museum Store | H10: 15546.82 | I10: 10257.89 | J10: =SUMIFS(E:E,C:C,G10)-I10 -> 0 | L10: Museum Store | M10: 15546.82 | N10: 10257.89 | P10: Museum Store | Q10: 15528.88 | R10: 10257.89 | T10: Museum Store | U10: 15528.88 | V10: 10257.89 | X10: Museum Store | Y10: 15528.88 | Z10: 10257.89 | AB10: Museum Store | AC10: 15158.47 | AD10: 10583.19 | AG10: Museum Store | AH10: 14243.63 | AI10: 8641.68 | AL10: Museum Store | AM10: 12995.01 | AN10: 9075.08 | AP10: OSS Program Income | AQ10: 176754.94 | AR10: 79853.7 | AT10: OSS Program Income | AU10: 176754.94 | AV10: 79853.7 | AX10: OSS Program Income | AY10: 157233.13 | AZ10: 79853.7 | BB10: OSS Program Income | BC10: 134605.15 | BD10: 64769.01 | BF10: OSS Program Income | BG10: 105033.71 | BH10: 61484.05 | BJ10: OSS Program Income | BK10: 78110.16 | BL10: 91426.97 | BN10: OSS Program Income | BO10: 60462.29 | BP10: 49108.7 | BQ10: =SUMIFS(E:E,C:C,G10)-I10 -> 0 | BR10: OSS Program Income | BS10: 35849.68 | BT10: 42611.62 | BV10: OSS Program Income | BW10: 35849.68 | BX10: 42611.62 | BZ10: DB OSS Revenues - Other | CA10: 225203 | CB10: 233482 | CD10: DB OSS Revenues - Other | CE10: 0 | CF10: 233482 | CH10: DB OSS Revenues - Other | CI10: 0 | CJ10: 233482
A11: OSS-R | B11: OSS Program Income | C11: OSS Program Income | D11: =SUMIFS(H:H,G:G,C11) -> 310522.74 | E11: =SUMIFS(I:I,G:G,C11) -> 153311.02 | F11: =SUMIFS(D:D,C:C,G11)-H11 -> 0 | G11: OSS Program Income | H11: 310522.74 | I11: 153311.02 | J11: =SUMIFS(E:E,C:C,G11)-I11 -> 0 | L11: OSS Program Income | M11: 310522.74 | N11: 153311.02 | P11: OSS Program Income | Q11: 319389.42 | R11: 153311.02 | T11: OSS Program Income | U11: 319389.42 | V11: 153311.02 | X11: OSS Program Income | Y11: 319389.42 | Z11: 153311.02 | AB11: OSS Program Income | AC11: 316459.5 | AD11: 124294.57 | AG11: OSS Program Income | AH11: 255904.93 | AI11: 101450.88 | AL11: OSS Program Income | AM11: 223197.93 | AN11: 87522.24 | AP11: Sponsorship | AQ11: 7000 | AR11: 1000 | AT11: Sponsorship | AU11: 7000 | AV11: 1000 | AX11: Sponsorship | AY11: 7000 | AZ11: 1000 | BB11: Sponsorship | BC11: 3000 | BD11: 1000 | BF11: Sponsorship | BG11: 3000 | BH11: 1000 | BJ11: Sponsorship | BK11: 1000 | BL11: 0 | BN11: Sponsorship | BO11: 1000 | BP11: 0 | BQ11: =SUMIFS(E:E,C:C,G11)-I11 -> 0 | BR11: Sponsorship | BS11: 1000 | BT11: 0 | BV11: Sponsorship | BW11: 1000 | BX11: 0 | BZ11: Total DB OSS Revenues | CA11: 238358.77 | CB11: 258095.75 | CD11: Total DB OSS Revenues | CE11: 13155.77 | CF11: 258095.75 | CH11: Total DB OSS Revenues | CI11: 13155.77 | CJ11: 258095.75
A12: OSS-R | B12: Museum Store | C12: Museum Store | D12: =SUMIFS(H:H,G:G,C12) -> 15546.82 | E12: =SUMIFS(I:I,G:G,C12) -> 10257.89 | F12: =SUMIFS(D:D,C:C,G12)-H12 -> 0 | G12: Sponsorship | H12: 7012 | I12: 6000 | J12: =SUMIFS(E:E,C:C,G12)-I12 -> 0 | L12: Sponsorship | M12: 7012 | N12: 6000 | P12: Sponsorship | Q12: 7012 | R12: 6000 | T12: Sponsorship | U12: 7012 | V12: 6000 | X12: Sponsorship | Y12: 7012 | Z12: 6000 | AB12: Sponsorship | AC12: 7012 | AD12: 1000 | AG12: Sponsorship | AH12: 7012 | AI12: 1000 | AL12: Sponsorship | AM12: 7000 | AN12: 1000 | AP12: Venue Rentals | AQ12: 63693.74 | AR12: 53088.1 | AT12: Venue Rentals | AU12: 63693.74 | AV12: 53088.1 | AX12: Venue Rentals | AY12: 63693.74 | AZ12: 53088.1 | BB12: Venue Rentals | BC12: 59331.74 | BD12: 50338.1 | BF12: Venue Rentals | BG12: 51490.74 | BH12: 39938.1 | BJ12: Venue Rentals | BK12: 44157.24 | BL12: 38243.1 | BN12: Venue Rentals | BO12: 36762.84 | BP12: 28293.1 | BQ12: =SUMIFS(E:E,C:C,G12)-I12 -> 0 | BR12: Venue Rentals | BS12: 31468.91 | BT12: 20518.1 | BV12: Venue Rentals | BW12: 31468.91 | BX12: 20518.1 | BZ12: Guide Book Income | CA12: 975 | CB12: 0 | CD12: Guide Book Income | CE12: 975 | CF12: 0 | CH12: Guide Book Income | CI12: 975 | CJ12: 0
B13: OSS Revenue Brought Forward from Prev FY | C13: DB OSS Revenues - Other | D13: =SUMIFS(H:H,G:G,C13) -> 225203 | E13: =SUMIFS(I:I,G:G,C13) -> 233482 | F13: =SUMIFS(D:D,C:C,G13)-H13 -> 0 | G13: Venue Rentals | H13: 71416.02 | I13: 59326.04 | J13: =SUMIFS(E:E,C:C,G13)-I13 -> 0 | L13: Venue Rentals | M13: 71416.02 | N13: 59326.04 | P13: Venue Rentals | Q13: 71416.02 | R13: 59326.04 | T13: Venue Rentals | U13: 71416.02 | V13: 59326.04 | X13: Venue Rentals | Y13: 71416.02 | Z13: 59326.04 | AB13: Venue Rentals | AC13: 67295.24 | AD13: 63022.22 | AG13: Venue Rentals | AH13: 65194.74 | AI13: 63413.1 | AL13: Venue Rentals | AM13: 64094.74 | AN13: 58938.1 | AP13: DB OSS Revenues - Other | AQ13: 225203 | AR13: 233482 | AT13: DB OSS Revenues - Other | AU13: 225203 | AV13: 233482 | AX13: DB OSS Revenues - Other | AY13: 225203 | AZ13: 233482 | BB13: DB OSS Revenues - Other | BC13: 225203 | BD13: 233482 | BF13: DB OSS Revenues - Other | BG13: 225203 | BH13: 233482 | BJ13: DB OSS Revenues - Other | BK13: 225203 | BL13: 233482 | BN13: DB OSS Revenues - Other | BO13: 225203 | BP13: 233482 | BQ13: =SUMIFS(E:E,C:C,G13)-I13 -> 0 | BR13: DB OSS Revenues - Other | BS13: 225203 | BT13: 233482 | BV13: DB OSS Revenues - Other | BW13: 225203 | BX13: 233482 | BZ13: Interest Earned | CA13: 85.66 | CB13: 0 | CD13: Interest Earned | CE13: 85.66 | CF13: 0 | CH13: Interest Earned | CI13: 85.66 | CJ13: 0
A14: DDA | B14: Downtown Guide Book Income | C14: Guide Book Income | D14: =SUMIFS(H:H,G:G,C14) -> 975 | E14: =SUMIFS(I:I,G:G,C14) -> 9000 | F14: =SUMIFS(D:D,C:C,G14)-H14 -> 0 | G14: DB OSS Revenues - Other | H14: 225203 | I14: 233482 | J14: =SUMIFS(E:E,C:C,G14)-I14 -> 0 | L14: DB OSS Revenues - Other | M14: 225203 | N14: 233482 | P14: DB OSS Revenues - Other | Q14: 225203 | R14: 233482 | T14: DB OSS Revenues - Other | U14: 225203 | V14: 233482 | X14: DB OSS Revenues - Other | Y14: 225203 | Z14: 233482 | AB14: DB OSS Revenues - Other | AC14: 225203 | AD14: 233482 | AG14: DB OSS Revenues - Other | AH14: 225203 | AI14: 233482 | AL14: DB OSS Revenues - Other | AM14: 225203 | AN14: 233482 | AP14: Total DB OSS Revenues | AQ14: 1110774.1 | AR14: 1145740.6 | AT14: Total DB OSS Revenues | AU14: 1110774.1 | AV14: 1145740.6 | AX14: Total DB OSS Revenues | AY14: 1091252.3 | AZ14: 1145740.6 | BB14: Total DB OSS Revenues | BC14: 856533.45 | BD14: 1126678 | BF14: Total DB OSS Revenues | BG14: 815999.65 | BH14: 1108559.2 | BJ14: Total DB OSS Revenues | BK14: 770025.09 | BL14: 881579.04 | BN14: Total DB OSS Revenues | BO14: 740958.63 | BP14: 828340.43 | BQ14: =SUMIFS(E:E,C:C,G14)-I14 -> 0 | BR14: Total DB OSS Revenues | BS14: 700636.36 | BT14: 303745.46 | BV14: Total DB OSS Revenues | BW14: 700636.36 | BX14: 303745.46 | BZ14: Miscellaneous Income | CA14: 1990.21 | CB14: 1705.04 | CD14: Miscellaneous Income | CE14: 1990.21 | CF14: 1705.04 | CH14: Miscellaneous Income | CI14: 1990.21 | CJ14: 1705.04
A15: DDA | B15: Interest earned | C15: Interest Earned | D15: =SUMIFS(H:H,G:G,C15) -> 2801.55 | E15: =SUMIFS(I:I,G:G,C15) -> 2673.18 | F15: =SUMIFS(D:D,C:C,G15)-H15 -> -1467946.3 | G15: Total DB OSS Revenues | H15: 1467946.3 | I15: 1489373 | J15: =SUMIFS(E:E,C:C,G15)-I15 -> -1489373 | L15: Total DB OSS Revenues | M15: 1467946.3 | N15: 1489373 | P15: Total DB OSS Revenues | Q15: 1476778.8 | R15: 1489373 | T15: Total DB OSS Revenues | U15: 1476778.8 | V15: 1489373 | X15: Total DB OSS Revenues | Y15: 1476778.8 | Z15: 1489373 | AB15: Total DB OSS Revenues | AC15: 1461899 | AD15: 1455635 | AG15: Total DB OSS Revenues | AH15: 1397954.1 | AI15: 1431105.7 | AL15: Total DB OSS Revenues | AM15: 1160328.4 | AN15: 1161612.5 | AP15: Guide Book Income | AQ15: 975 | AR15: 0 | AT15: Guide Book Income | AU15: 975 | AV15: 0 | AX15: Guide Book Income | AY15: 975 | AZ15: 0 | BB15: Guide Book Income | BC15: 975 | BD15: 0 | BF15: Guide Book Income | BG15: 975 | BH15: 0 | BJ15: Guide Book Income | BK15: 975 | BL15: 0 | BN15: Guide Book Income | BO15: 975 | BP15: 0 | BQ15: =SUMIFS(E:E,C:C,G15)-I15 -> -1489373 | BR15: Guide Book Income | BS15: 975 | BT15: 0 | BV15: Guide Book Income | BW15: 975 | BX15: 0 | BZ15: Miscellaneous Sponsorships | CA15: 3600 | CB15: 0 | CD15: Miscellaneous Sponsorships | CE15: 3600 | CF15: 0 | CH15: Miscellaneous Sponsorships | CI15: 3600 | CJ15: 0
A16: DDA | B16: Miscellaneous Income | C16: Miscellaneous Income | D16: =SUMIFS(H:H,G:G,C16) -> 17730.16 | E16: =SUMIFS(I:I,G:G,C16) -> 23482.54 | F16: =SUMIFS(D:D,C:C,G16)-H16 -> 0 | G16: Guide Book Income | H16: 975 | I16: 9000 | J16: =SUMIFS(E:E,C:C,G16)-I16 -> 0 | L16: Guide Book Income | M16: 975 | N16: 9000 | P16: Guide Book Income | Q16: 975 | R16: 9000 | T16: Guide Book Income | U16: 975 | V16: 9000 | X16: Guide Book Income | Y16: 975 | Z16: 9000 | AB16: Guide Book Income | AC16: 975 | AD16: 2500 | AG16: Guide Book Income | AH16: 975 | AI16: 2500 | AL16: Guide Book Income | AM16: 975 | AN16: 0 | AP16: Interest Earned | AQ16: 1884.26 | AR16: 1827.53 | AT16: Interest Earned | AU16: 1884.26 | AV16: 1827.53 | AX16: Interest Earned | AY16: 1884.26 | AZ16: 1827.53 | BB16: Interest Earned | BC16: 1589.7 | BD16: 1525.5 | BF16: Interest Earned | BG16: 1288.86 | BH16: 1242.76 | BJ16: Interest Earned | BK16: 978.06 | BL16: 950.83 | BN16: Interest Earned | BO16: 697.39 | BP16: 304.9 | BQ16: =SUMIFS(E:E,C:C,G16)-I16 -> 0 | BR16: Interest Earned | BS16: 386.72 | BT16: 304.9 | BV16: Interest Earned | BW16: 386.72 | BX16: 304.9 | BZ16: Total Revenues | CA16: 245009.64 | CB16: 259800.79 | CD16: Total Revenues | CE16: 19806.64 | CF16: 259800.79 | CH16: Total Revenues | CI16: 19806.64 | CJ16: 259800.79
A17: DDA | B17: Sponsorship Income - Marketing | C17: Miscellaneous Sponsorships | D17: =SUMIFS(H:H,G:G,C17) -> 48575 | E17: =SUMIFS(I:I,G:G,C17) -> 30497.63 | F17: =SUMIFS(D:D,C:C,G17)-H17 -> 0 | G17: Interest Earned | H17: 2801.55 | I17: 2673.18 | J17: =SUMIFS(E:E,C:C,G17)-I17 -> 0 | L17: Interest Earned | M17: 2801.55 | N17: 2673.18 | P17: Interest Earned | Q17: 2801.55 | R17: 2673.18 | T17: Interest Earned | U17: 2801.55 | V17: 2673.18 | X17: Interest Earned | Y17: 2801.55 | Z17: 2673.18 | AB17: Interest Earned | AC17: 2609.81 | AD17: 2540.78 | AG17: Interest Earned | AH17: 2387.53 | AI17: 2306.22 | AL17: Interest Earned | AM17: 2144.29 | AN17: 2084.58 | AP17: Miscellaneous Income | AQ17: 13253.57 | AR17: 14856.4 | AT17: Miscellaneous Income | AU17: 13253.57 | AV17: 14856.4 | AX17: Miscellaneous Income | AY17: 13253.57 | AZ17: 14856.4 | BB17: Miscellaneous Income | BC17: 13253.57 | BD17: 14050.77 | BF17: Miscellaneous Income | BG17: 13253.57 | BH17: 12945.78 | BJ17: Miscellaneous Income | BK17: 11554.59 | BL17: 11973.1 | BN17: Miscellaneous Income | BO17: 8399.87 | BP17: 5656.73 | BQ17: =SUMIFS(E:E,C:C,G17)-I17 -> 0 | BR17: Miscellaneous Income | BS17: 4056.71 | BT17: 2724.34 | BV17: Miscellaneous Income | BW17: 4056.71 | BX17: 2724.34 | BZ17: Total Income | CA17: 245009.64 | CB17: 259800.79 | CD17: Total Income | CE17: 19806.64 | CF17: 259800.79 | CH17: Total Income | CI17: 19806.64 | CJ17: 259800.79
A18: DDA | B18: Howard Alan Events | C18: Sponsorship/Donation - H. Alan | D18: =SUMIFS(H:H,G:G,C18) -> 0 | E18: =SUMIFS(I:I,G:G,C18) -> 0 | F18: =SUMIFS(D:D,C:C,G18)-H18 -> 0 | G18: Miscellaneous Income | H18: 17730.16 | I18: 23482.54 | J18: =SUMIFS(E:E,C:C,G18)-I18 -> 0 | L18: Miscellaneous Income | M18: 17730.16 | N18: 23482.54 | P18: Miscellaneous Income | Q18: 17730.16 | R18: 23482.54 | T18: Miscellaneous Income | U18: 17730.16 | V18: 23482.54 | X18: Miscellaneous Income | Y18: 17730.16 | Z18: 23482.54 | AB18: Miscellaneous Income | AC18: 17357.39 | AD18: 19728.11 | AG18: Miscellaneous Income | AH18: 14295.31 | AI18: 18543.11 | AL18: Miscellaneous Income | AM18: 14295.31 | AN18: 15896.48 | AP18: Miscellaneous Sponsorships | AQ18: 45575 | AR18: 38497.63 | AT18: Miscellaneous Sponsorships | AU18: 45575 | AV18: 38497.63 | AX18: Miscellaneous Sponsorships | AY18: 45575 | AZ18: 38497.63 | BB18: Miscellaneous Sponsorships | BC18: 41600 | BD18: 38497.63 | BF18: Miscellaneous Sponsorships | BG18: 41600 | BH18: 38497.63 | BJ18: Miscellaneous Sponsorships | BK18: 22600 | BL18: 33497.63 | BN18: Miscellaneous Sponsorships | BO18: 17600 | BP18: 28997.63 | BQ18: =SUMIFS(E:E,C:C,G18)-I18 -> 0 | BR18: Miscellaneous Sponsorships | BS18: 5600 | BT18: 28997.63 | BV18: Miscellaneous Sponsorships | BW18: 5600 | BX18: 28997.63 | BZ18: Gross Profit | CA18: 245009.64 | CB18: 259800.79 | CD18: Gross Profit | CE18: 19806.64 | CF18: 259800.79 | CH18: Gross Profit | CI18: 19806.64 | CJ18: 259800.79
A19: DDA=A | B19: Office Supplies & repairs etc | C19: Bank Fees & Interest | D19: =SUMIFS(H:H,G:G,C19) -> 1665.37 | E19: =SUMIFS(I:I,G:G,C19) -> 327.94 | F19: =SUMIFS(D:D,C:C,G19)-H19 -> 0 | G19: Miscellaneous Sponsorships | H19: 48575 | I19: 30497.63 | J19: =SUMIFS(E:E,C:C,G19)-I19 -> 0 | L19: Miscellaneous Sponsorships | M19: 48575 | N19: 30497.63 | P19: Miscellaneous Sponsorships | Q19: 48575 | R19: 30497.63 | T19: Miscellaneous Sponsorships | U19: 48575 | V19: 30497.63 | X19: Miscellaneous Sponsorships | Y19: 48575 | Z19: 30497.63 | AB19: Miscellaneous Sponsorships | AC19: 48575 | AD19: 44497.63 | AG19: Miscellaneous Sponsorships | AH19: 48575 | AI19: 44497.63 | AL19: Miscellaneous Sponsorships | AM19: 45575 | AN19: 38497.63 | AP19: Total Revenues | AQ19: 2951356.7 | AR19: 2893622.5 | AT19: Total Revenues | AU19: 2951356.7 | AV19: 2893622.5 | AX19: Total Revenues | AY19: 2931834.9 | AZ19: 2893622.5 | BB19: Total Revenues | BC19: 2685205.1 | BD19: 2813237.8 | BF19: Total Revenues | BG19: 2467427.1 | BH19: 2623757.4 | BJ19: Total Revenues | BK19: 2357731.2 | BL19: 2347194.1 | BN19: Total Revenues | BO19: 2242890.3 | BP19: 2196449.3 | BQ19: =SUMIFS(E:E,C:C,G19)-I19 -> 0 | BR19: Total Revenues | BS19: 2032359.4 | BT19: 1648897 | BV19: Total Revenues | BW19: 2032359.4 | BX19: 1648897 | BZ19: Expense | CD19: Expense | CH19: Expense
A20: DDA=A | B20: Car allowance | C20: Car Allowance | D20: =SUMIFS(H:H,G:G,C20) -> 3000 | E20: =SUMIFS(I:I,G:G,C20) -> 3000 | F20: =SUMIFS(D:D,C:C,G20)-H20 -> -3402590.6 | G20: Total Revenues | H20: 3402590.6 | I20: 3278900.2 | J20: =SUMIFS(E:E,C:C,G20)-I20 -> -3278900.2 | L20: Total Revenues | M20: 3402590.6 | N20: 3278900.2 | P20: Total Revenues | Q20: 3411423.1 | R20: 3278900.2 | T20: Total Revenues | U20: 3411423.1 | V20: 3278900.2 | X20: Total Revenues | Y20: 3411423.1 | Z20: 3278900.2 | AB20: Total Revenues | AC20: 3395978.7 | AD20: 3248775.4 | AG20: Total Revenues | AH20: 3321730.4 | AI20: 3222461.7 | AL20: Total Revenues | AM20: 3049815.9 | AN20: 2918643 | AP20: Total Income | AQ20: 2951356.7 | AR20: 2893622.5 | AT20: Total Income | AU20: 2951356.7 | AV20: 2893622.5 | AX20: Total Income | AY20: 2931834.9 | AZ20: 2893622.5 | BB20: Total Income | BC20: 2685205.1 | BD20: 2813237.8 | BF20: Total Income | BG20: 2467427.1 | BH20: 2623757.4 | BJ20: Total Income | BK20: 2357731.2 | BL20: 2347194.1 | BN20: Total Income | BO20: 2242890.3 | BP20: 2196449.3 | BQ20: =SUMIFS(E:E,C:C,G20)-I20 -> -3278900.2 | BR20: Total Income | BS20: 2032359.4 | BT20: 1648897 | BV20: Total Income | BW20: 2032359.4 | BX20: 1648897 | BZ20: Admin. Expenditures | CD20: Admin. Expenditures | CH20: Admin. Expenditures
A21: DDA=A | B21: Less Fraud Expenses | C21: Fraud Expense | D21: =SUMIFS(H:H,G:G,C21) -> 0 | E21: =SUMIFS(I:I,G:G,C21) -> 0 | F21: =SUMIFS(D:D,C:C,G21)-H21 -> -3402590.6 | G21: Total Income | H21: 3402590.6 | I21: 3308900.2 | J21: =SUMIFS(E:E,C:C,G21)-I21 -> -3308900.2 | L21: Total Income | M21: 3402590.6 | N21: 3308900.2 | P21: Total Income | Q21: 3411423.1 | R21: 3308900.2 | T21: Total Income | U21: 3411423.1 | V21: 3308900.2 | X21: Total Income | Y21: 3411423.1 | Z21: 3308900.2 | AB21: Total Income | AC21: 3395978.7 | AD21: 3278775.4 | AG21: Total Income | AH21: 3321730.4 | AI21: 3252461.7 | AL21: Total Income | AM21: 3049815.9 | AN21: 2948643 | AP21: Gross Profit | AQ21: 2951356.7 | AR21: 2893622.5 | AT21: Gross Profit | AU21: 2951356.7 | AV21: 2893622.5 | AX21: Gross Profit | AY21: 2931834.9 | AZ21: 2893622.5 | BB21: Gross Profit | BC21: 2685205.1 | BD21: 2813237.8 | BF21: Gross Profit | BG21: 2467427.1 | BH21: 2623757.4 | BJ21: Gross Profit | BK21: 2357731.2 | BL21: 2347194.1 | BN21: Gross Profit | BO21: 2242890.3 | BP21: 2196449.3 | BQ21: =SUMIFS(E:E,C:C,G21)-I21 -> -3308900.2 | BR21: Gross Profit | BS21: 2032359.4 | BT21: 1648897 | BV21: Gross Profit | BW21: 2032359.4 | BX21: 1648897 | BZ21: Administrative & Office Expense | CD21: Administrative & Office Expense | CH21: Administrative & Office Expense
A22: DDA=A | B22: Office rental | C22: Office Rentals | D22: =SUMIFS(H:H,G:G,C22) -> 79573.48 | E22: =SUMIFS(I:I,G:G,C22) -> 77064.57 | F22: =SUMIFS(D:D,C:C,G22)-H22 -> -3402590.6 | G22: Gross Profit | H22: 3402590.6 | I22: 3308900.2 | L22: Gross Profit | M22: 3402590.6 | N22: 3308900.2 | P22: Gross Profit | Q22: 3411423.1 | R22: 3308900.2 | T22: Gross Profit | U22: 3411423.1 | V22: 3308900.2 | X22: Gross Profit | Y22: 3411423.1 | Z22: 3308900.2 | AB22: Gross Profit | AC22: 3395978.7 | AD22: 3278775.4 | AG22: Gross Profit | AH22: 3321730.4 | AI22: 3252461.7 | AL22: Gross Profit | AM22: 3049815.9 | AN22: 2948643 | AP22: Expense | AT22: Expense | AX22: Expense | BB22: Expense | BF22: Expense | BJ22: Expense | BN22: Expense | BQ22: =SUMIFS(E:E,C:C,G22)-I22 -> -3308900.2 | BR22: Expense | BV22: Expense | BZ22: Office/Admin. Expenses | CD22: Office/Admin. Expenses | CH22: Office/Admin. Expenses
A23: DDA=A | B23: Office Supplies & repairs etc | C23: Office Repairs & Maintenance | D23: =SUMIFS(H:H,G:G,C23) -> 28435.84 | E23: =SUMIFS(I:I,G:G,C23) -> 20371.16 | F23: =SUMIFS(D:D,C:C,G23)-H23 -> 0 | G23: Expense | L23: Expense | P23: Expense | T23: Expense | X23: Expense | AB23: Expense | AG23: Expense | AL23: Expense | AP23: Admin. Expenditures | AT23: Admin. Expenditures | AX23: Admin. Expenditures | BB23: Admin. Expenditures | BF23: Admin. Expenditures | BJ23: Admin. Expenditures | BN23: Admin. Expenditures | BQ23: =SUMIFS(E:E,C:C,G23)-I23 -> 0 | BR23: Admin. Expenditures | BV23: Admin. Expenditures | BZ23: Bank Fees & Interest | CA23: 60 | CB23: 60 | CD23: Bank Fees & Interest | CE23: 60 | CF23: 60 | CH23: Bank Fees & Interest | CI23: 60 | CJ23: 60
A24: DDA=A | B24: Office Supplies & repairs etc | C24: Office Supplies | D24: =SUMIFS(H:H,G:G,C24) -> 13084.08 | E24: =SUMIFS(I:I,G:G,C24) -> 14003.89 | F24: =SUMIFS(D:D,C:C,G24)-H24 -> 0 | G24: Admin. Expenditures | L24: Admin. Expenditures | P24: Admin. Expenditures | T24: Admin. Expenditures | X24: Admin. Expenditures | AB24: Admin. Expenditures | AG24: Admin. Expenditures | AL24: Admin. Expenditures | AP24: Administrative & Office Expense | AT24: Administrative & Office Expense | AX24: Administrative & Office Expense | BB24: Administrative & Office Expense | BF24: Administrative & Office Expense | BJ24: Administrative & Office Expense | BN24: Administrative & Office Expense | BQ24: =SUMIFS(E:E,C:C,G24)-I24 -> 0 | BR24: Administrative & Office Expense | BV24: Administrative & Office Expense | BZ24: Car Allowance | CA24: 250 | CB24: 250 | CD24: Car Allowance | CE24: 250 | CF24: 250 | CH24: Car Allowance | CI24: 250 | CJ24: 250
A25: DDA=A | B25: Postages & Printing | C25: Postages & Admin Printing | D25: =SUMIFS(H:H,G:G,C25) -> 532.26 | E25: =SUMIFS(I:I,G:G,C25) -> 380.64 | F25: =SUMIFS(D:D,C:C,G25)-H25 -> 0 | G25: Administrative & Office Expense | L25: Administrative & Office Expense | P25: Administrative & Office Expense | T25: Administrative & Office Expense | X25: Administrative & Office Expense | AB25: Administrative & Office Expense | AG25: Administrative & Office Expense | AL25: Administrative & Office Expense | AP25: Office/Admin. Expenses | AT25: Office/Admin. Expenses | AX25: Office/Admin. Expenses | BB25: Office/Admin. Expenses | BF25: Office/Admin. Expenses | BJ25: Office/Admin. Expenses | BN25: Office/Admin. Expenses | BQ25: =SUMIFS(E:E,C:C,G25)-I25 -> 0 | BR25: Office/Admin. Expenses | BV25: Office/Admin. Expenses | BZ25: Office Rentals | CA25: 6565.47 | CB25: 6374.24 | CD25: Office Rentals | CE25: 6565.47 | CF25: 6374.24 | CH25: Office Rentals | CI25: 6565.47 | CJ25: 6374.24
A26: DDA=A | B26: Phones | C26: Telephone, Telecommunications | D26: =SUMIFS(H:H,G:G,C26) -> 8306.79 | E26: =SUMIFS(I:I,G:G,C26) -> 7053.62 | F26: =SUMIFS(D:D,C:C,G26)-H26 -> 0 | G26: Office/Admin. Expenses | J26: =SUMIFS(E:E,C:C,G26)-I26 -> 0 | L26: Office/Admin. Expenses | P26: Office/Admin. Expenses | T26: Office/Admin. Expenses | X26: Office/Admin. Expenses | AB26: Office/Admin. Expenses | AG26: Office/Admin. Expenses | AL26: Office/Admin. Expenses | AP26: Bank Fees & Interest | AQ26: 965.9 | AR26: 121.12 | AT26: Bank Fees & Interest | AU26: 965.9 | AV26: 121.12 | AX26: Bank Fees & Interest | AY26: 965.9 | AZ26: 121.12 | BB26: Bank Fees & Interest | BC26: 875.88 | BD26: 111.12 | BF26: Bank Fees & Interest | BG26: 730.9 | BH26: 111.12 | BJ26: Bank Fees & Interest | BK26: 476.73 | BL26: 101.12 | BN26: Bank Fees & Interest | BO26: 298.14 | BP26: 91.12 | BQ26: =SUMIFS(E:E,C:C,G26)-I26 -> 0 | BR26: Bank Fees & Interest | BS26: 237.39 | BT26: 80 | BV26: Bank Fees & Interest | BW26: 237.39 | BX26: 80 | BZ26: Office Repairs & Maintenance | CA26: 4794.99 | CB26: 0 | CD26: Office Repairs & Maintenance | CE26: 4794.99 | CF26: 0 | CH26: Office Repairs & Maintenance | CI26: 4794.99 | CJ26: 0
A27: DDA=A | B27: DDA Payroll | D27: =SUMIFS(H:H,G:G,C27) -> 0 | E27: =SUMIFS(I:I,G:G,C27) -> 0 | F27: =SUMIFS(D:D,C:C,G27)-H27 -> 0 | G27: Bank Fees & Interest | H27: 1665.37 | I27: 327.94 | J27: =SUMIFS(E:E,C:C,G27)-I27 -> 0 | L27: Bank Fees & Interest | M27: 1665.37 | N27: 327.94 | P27: Bank Fees & Interest | Q27: 1608.45 | R27: 327.94 | T27: Bank Fees & Interest | U27: 1608.45 | V27: 327.94 | X27: Bank Fees & Interest | Y27: 1608.45 | Z27: 327.94 | AB27: Bank Fees & Interest | AC27: 1166.83 | AD27: 267.94 | AG27: Bank Fees & Interest | AH27: 1089.03 | AI27: 203.12 | AL27: Bank Fees & Interest | AM27: 1039.03 | AN27: 143.12 | AP27: Car Allowance | AQ27: 2000 | AR27: 2000 | AT27: Car Allowance | AU27: 2000 | AV27: 2000 | AX27: Car Allowance | AY27: 2000 | AZ27: 2000 | BB27: Car Allowance | BC27: 1750 | BD27: 1750 | BF27: Car Allowance | BG27: 1500 | BH27: 1500 | BJ27: Car Allowance | BK27: 1250 | BL27: 1250 | BN27: Car Allowance | BO27: 1000 | BP27: 1000 | BQ27: =SUMIFS(E:E,C:C,G27)-I27 -> 0 | BR27: Car Allowance | BS27: 750 | BT27: 750 | BV27: Car Allowance | BW27: 750 | BX27: 750 | BZ27: Office Supplies | CA27: 672.03 | CB27: 645.92 | CD27: Office Supplies | CE27: 672.03 | CF27: 645.92 | CH27: Office Supplies | CI27: 672.03 | CJ27: 645.92
A28: DDA=A | B28: Visitor Information Center (Moved item into MKT) | C28: 101 Payroll for VIC | D28: =SUMIFS(H:H,G:G,C28) -> 0 | E28: =SUMIFS(I:I,G:G,C28) -> 37098.53 | F28: =SUMIFS(D:D,C:C,G28)-H28 -> 0 | G28: Car Allowance | H28: 3000 | I28: 3000 | J28: =SUMIFS(E:E,C:C,G28)-I28 -> 0 | L28: Car Allowance | M28: 3000 | N28: 3000 | P28: Car Allowance | Q28: 3000 | R28: 3000 | T28: Car Allowance | U28: 3000 | V28: 3000 | X28: Car Allowance | Y28: 3000 | Z28: 3000 | AB28: Car Allowance | AC28: 2750 | AD28: 2750 | AG28: Car Allowance | AH28: 2500 | AI28: 2500 | AL28: Car Allowance | AM28: 2250 | AN28: 2250 | AP28: Fraud Expense | AQ28: 0 | AR28: 0 | AT28: Fraud Expense | AU28: 0 | AV28: 0 | AX28: Fraud Expense | AY28: 0 | AZ28: 0 | BB28: Fraud Expense | BC28: 0 | BD28: 0 | BF28: Fraud Expense | BG28: 0 | BH28: 1569 | BJ28: Fraud Expense | BK28: 0 | BL28: 1569 | BN28: Fraud Expense | BO28: 0 | BP28: 1569 | BQ28: =SUMIFS(E:E,C:C,G28)-I28 -> 0 | BR28: Office Rentals | BS28: 19696.41 | BT28: 19122.72 | BV28: Office Rentals | BW28: 19696.41 | BX28: 19122.72 | BZ28: Postages & Admin Printing | CA28: 119.88 | CB28: 9.94 | CD28: Postages & Admin Printing | CE28: 119.88 | CF28: 9.94 | CH28: Postages & Admin Printing | CI28: 119.88 | CJ28: 9.94
A29: OSS | B29: Cultural Arts Director | C29: 102-Payroll for DB OSS | D29: =SUMIFS(H:H,G:G,C29) -> 79417.72 | E29: =SUMIFS(I:I,G:G,C29) -> 75100.33 | F29: =SUMIFS(D:D,C:C,G29)-H29 -> 0 | G29: Fraud Expense | H29: 0 | I29: 0 | J29: =SUMIFS(E:E,C:C,G29)-I29 -> 0 | L29: Fraud Expense | M29: 0 | N29: 0 | P29: Fraud Expense | Q29: 0 | R29: 0 | T29: Fraud Expense | U29: 0 | V29: 0 | X29: Fraud Expense | Y29: 0 | Z29: 0 | AB29: Fraud Expense | AC29: 0 | AD29: 0 | AG29: Fraud Expense | AH29: 0 | AI29: 0 | AL29: Fraud Expense | AM29: 0 | AN29: 0 | AP29: Office Rentals | AQ29: 52523.76 | AR29: 50993.92 | AT29: Office Rentals | AU29: 52523.76 | AV29: 50993.92 | AX29: Office Rentals | AY29: 52523.76 | AZ29: 50993.92 | BB29: Office Rentals | BC29: 45958.29 | BD29: 44619.68 | BF29: Office Rentals | BG29: 39392.82 | BH29: 38245.44 | BJ29: Office Rentals | BK29: 32827.35 | BL29: 31871.2 | BN29: Office Rentals | BO29: 26261.88 | BP29: 25496.96 | BQ29: =SUMIFS(E:E,C:C,G29)-I29 -> 0 | BR29: Office Repairs & Maintenance | BS29: 8918.96 | BT29: 2776 | BV29: Office Repairs & Maintenance | BW29: 8918.96 | BX29: 2776 | BZ29: Telephone, Telecommunications | CA29: 233.44 | CB29: 225.23 | CD29: Telephone, Telecommunications | CE29: 233.44 | CF29: 225.23 | CH29: Telephone, Telecommunications | CI29: 233.44 | CJ29: 225.23
A30: DDA=A | B30: DDA Payroll | C30: 100- DDA Payroll - Other | D30: =SUMIFS(H:H,G:G,C30) -> 455431.04 | E30: =SUMIFS(I:I,G:G,C30) -> 378092.33 | F30: =SUMIFS(D:D,C:C,G30)-H30 -> 0 | G30: Office Rentals | H30: 79573.48 | I30: 77064.57 | J30: =SUMIFS(E:E,C:C,G30)-I30 -> 0 | L30: Office Rentals | M30: 79573.48 | N30: 77064.57 | P30: Office Rentals | Q30: 79573.48 | R30: 77064.57 | T30: Office Rentals | U30: 79573.48 | V30: 77064.57 | X30: Office Rentals | Y30: 79573.48 | Z30: 77064.57 | AB30: Office Rentals | AC30: 72811.05 | AD30: 70499.1 | AG30: Office Rentals | AH30: 66048.62 | AI30: 63933.63 | AL30: Office Rentals | AM30: 59286.19 | AN30: 57559.39 | AP30: Office Repairs & Maintenance | AQ30: 19672.71 | AR30: 12646.31 | AT30: Office Repairs & Maintenance | AU30: 19672.71 | AV30: 12646.31 | AX30: Office Repairs & Maintenance | AY30: 19672.71 | AZ30: 12646.31 | BB30: Office Repairs & Maintenance | BC30: 15003.92 | BD30: 8823.32 | BF30: Office Repairs & Maintenance | BG30: 13599.93 | BH30: 7352.33 | BJ30: Office Repairs & Maintenance | BK30: 11852.94 | BL30: 5917 | BN30: Office Repairs & Maintenance | BO30: 10745.95 | BP30: 4529 | BQ30: =SUMIFS(E:E,C:C,G30)-I30 -> 0 | BR30: Office Supplies | BS30: 3587.88 | BT30: 2908.89 | BV30: Office Supplies | BW30: 3587.88 | BX30: 2908.89 | BZ30: Total Office/Admin. Expenses | CA30: 12695.81 | CB30: 7565.33 | CD30: Total Office/Admin. Expenses | CE30: 12695.81 | CF30: 7565.33 | CH30: Total Office/Admin. Expenses | CI30: 12695.81 | CJ30: 7565.33
A31: OSS | B31: Event/Campus Coordinator | C31: 103-Campus/Event Coordinator | D31: =SUMIFS(H:H,G:G,C31) -> 42235.92 | E31: =SUMIFS(I:I,G:G,C31) -> 0 | F31: =SUMIFS(D:D,C:C,G31)-H31 -> 0 | G31: Office Repairs & Maintenance | H31: 28435.84 | I31: 20371.16 | J31: =SUMIFS(E:E,C:C,G31)-I31 -> 0 | L31: Office Repairs & Maintenance | M31: 28435.84 | N31: 20371.16 | P31: Office Repairs & Maintenance | Q31: 28433.85 | R31: 20371.16 | T31: Office Repairs & Maintenance | U31: 28433.85 | V31: 20371.16 | X31: Office Repairs & Maintenance | Y31: 28433.85 | Z31: 20371.16 | AB31: Office Repairs & Maintenance | AC31: 25116.59 | AD31: 17440.17 | AG31: Office Repairs & Maintenance | AH31: 22946.6 | AI31: 16013.18 | AL31: Office Repairs & Maintenance | AM31: 22350.7 | AN31: 14153.3 | AP31: Office Supplies | AQ31: 8703.9 | AR31: 8741.23 | AT31: Office Supplies | AU31: 8703.9 | AV31: 8741.23 | AX31: Office Supplies | AY31: 8703.9 | AZ31: 8741.23 | BB31: Office Supplies | BC31: 8604.76 | BD31: 7402.88 | BF31: Office Supplies | BG31: 8126.51 | BH31: 5604.94 | BJ31: Office Supplies | BK31: 4968.78 | BL31: 5168.52 | BN31: Office Supplies | BO31: 4198.27 | BP31: 4713.95 | BQ31: =SUMIFS(E:E,C:C,G31)-I31 -> 0 | BR31: Postages & Admin Printing | BS31: 207.41 | BT31: 26.73 | BV31: Postages & Admin Printing | BW31: 207.41 | BX31: 26.73 | BZ31: Payroll Expenses | CD31: Payroll Expenses | CH31: Payroll Expenses
B32: P/R taxes,SUTA,FUTA | D32: =SUMIFS(H:H,G:G,C32) -> 0 | E32: =SUMIFS(I:I,G:G,C32) -> 0 | F32: =SUMIFS(D:D,C:C,G32)-H32 -> 0 | G32: Office Supplies | H32: 13084.08 | I32: 14003.89 | J32: =SUMIFS(E:E,C:C,G32)-I32 -> 0 | L32: Office Supplies | M32: 13084.08 | N32: 14003.89 | P32: Office Supplies | Q32: 11699.23 | R32: 14003.89 | T32: Office Supplies | U32: 11699.23 | V32: 14003.89 | X32: Office Supplies | Y32: 11699.23 | Z32: 14003.89 | AB32: Office Supplies | AC32: 11477.09 | AD32: 11469.89 | AG32: Office Supplies | AH32: 10789.28 | AI32: 10370.23 | AL32: Office Supplies | AM32: 10789.28 | AN32: 9752.18 | AP32: Postages & Admin Printing | AQ32: 410.27 | AR32: 214.78 | AT32: Postages & Admin Printing | AU32: 410.27 | AV32: 214.78 | AX32: Postages & Admin Printing | AY32: 410.27 | AZ32: 214.78 | BB32: Postages & Admin Printing | BC32: 321.73 | BD32: 214.78 | BF32: Postages & Admin Printing | BG32: 310.4 | BH32: 100.97 | BJ32: Postages & Admin Printing | BK32: 310.4 | BL32: 36.88 | BN32: Postages & Admin Printing | BO32: 223 | BP32: 26.73 | BQ32: =SUMIFS(E:E,C:C,G32)-I32 -> 0 | BR32: Telephone, Telecommunications | BS32: 1499.98 | BT32: 1418.1 | BV32: Telephone, Telecommunications | BW32: 1499.98 | BX32: 1418.1 | BZ32: 100- DDA Payroll | CD32: 100- DDA Payroll | CH32: 100- DDA Payroll
A33: DDA=A | B33: Visitor Information Center (Moved item into MKT) | C33: 401- PR Taxes VIC | D33: =SUMIFS(H:H,G:G,C33) -> 0 | E33: =SUMIFS(I:I,G:G,C33) -> 2845.05 | F33: =SUMIFS(D:D,C:C,G33)-H33 -> 0 | G33: Postages & Admin Printing | H33: 532.26 | I33: 380.64 | J33: =SUMIFS(E:E,C:C,G33)-I33 -> 0 | L33: Postages & Admin Printing | M33: 532.26 | N33: 380.64 | P33: Postages & Admin Printing | Q33: 530.27 | R33: 380.64 | T33: Postages & Admin Printing | U33: 530.27 | V33: 380.64 | X33: Postages & Admin Printing | Y33: 530.27 | Z33: 380.64 | AB33: Postages & Admin Printing | AC33: 530.27 | AD33: 380.64 | AG33: Postages & Admin Printing | AH33: 530.27 | AI33: 365.91 | AL33: Postages & Admin Printing | AM33: 410.27 | AN33: 324.78 | AP33: Telephone, Telecommunications | AQ33: 4842.02 | AR33: 4559.42 | AT33: Telephone, Telecommunications | AU33: 4842.02 | AV33: 4559.42 | AX33: Telephone, Telecommunications | AY33: 4842.02 | AZ33: 4559.42 | BB33: Telephone, Telecommunications | BC33: 4169.34 | BD33: 3928.87 | BF33: Telephone, Telecommunications | BG33: 3486.67 | BH33: 3301.12 | BJ33: Telephone, Telecommunications | BK33: 2781.44 | BL33: 2880.89 | BN33: Telephone, Telecommunications | BO33: 2140.71 | BP33: 2045.74 | BQ33: =SUMIFS(E:E,C:C,G33)-I33 -> 0 | BR33: Total Office/Admin. Expenses | BS33: 34898.03 | BT33: 27082.44 | BV33: Total Office/Admin. Expenses | BW33: 34898.03 | BX33: 27082.44 | BZ33: 101 Payroll for VIC | CA33: 3871.49 | CB33: 3020.64 | CD33: 101 Payroll for VIC | CE33: 3020.64 | CF33: 3020.64 | CH33: 101 Payroll for VIC | CI33: 3020.64 | CJ33: 3020.64
A34: OSS | B34: Cultural Arts Director | C34: 402- PR Taxes DB OSS | D34: =SUMIFS(H:H,G:G,C34) -> 6082.66 | E34: =SUMIFS(I:I,G:G,C34) -> 5801.5 | F34: =SUMIFS(D:D,C:C,G34)-H34 -> 0 | G34: Telephone, Telecommunications | H34: 8306.79 | I34: 7053.62 | J34: =SUMIFS(E:E,C:C,G34)-I34 -> 0 | L34: Telephone, Telecommunications | M34: 8276.81 | N34: 7053.62 | P34: Telephone, Telecommunications | Q34: 8246.83 | R34: 7053.62 | T34: Telephone, Telecommunications | U34: 8246.83 | V34: 7053.62 | X34: Telephone, Telecommunications | Y34: 8246.83 | Z34: 7053.62 | AB34: Telephone, Telecommunications | AC34: 7099.46 | AD34: 6451.13 | AG34: Telephone, Telecommunications | AH34: 6394.99 | AI34: 5818.72 | AL34: Telephone, Telecommunications | AM34: 6163.4 | AN34: 5187.17 | AP34: Total Office/Admin. Expenses | AQ34: 89118.56 | AR34: 79276.78 | AT34: Total Office/Admin. Expenses | AU34: 89118.56 | AV34: 79276.78 | AX34: Total Office/Admin. Expenses | AY34: 89118.56 | AZ34: 79276.78 | BB34: Total Office/Admin. Expenses | BC34: 76683.92 | BD34: 66850.65 | BF34: Total Office/Admin. Expenses | BG34: 67147.23 | BH34: 57784.92 | BJ34: Total Office/Admin. Expenses | BK34: 54467.64 | BL34: 48794.61 | BN34: Total Office/Admin. Expenses | BO34: 44867.95 | BP34: 39472.5 | BQ34: =SUMIFS(E:E,C:C,G34)-I34 -> 0 | BR34: Payroll Expenses | BV34: Payroll Expenses | BZ34: 102-Payroll for DB OSS | CA34: 6175 | CB34: 6175 | CD34: 102-Payroll for DB OSS | CE34: 6175 | CF34: 6175 | CH34: 102-Payroll for DB OSS | CI34: 6175 | CJ34: 6175
A35: DDA=A | B35: P/R taxes,SUTA,FUTA | C35: 400 - Payroll Taxes - Other | D35: =SUMIFS(H:H,G:G,C35) -> 35466.51 | E35: =SUMIFS(I:I,G:G,C35) -> 29188.43 | F35: =SUMIFS(D:D,C:C,G35)-H35 -> -134597.82 | G35: Total Office/Admin. Expenses | H35: 134597.82 | I35: 122201.82 | J35: =SUMIFS(E:E,C:C,G35)-I35 -> -122201.82 | L35: Total Office/Admin. Expenses | M35: 134567.84 | N35: 122201.82 | P35: Total Office/Admin. Expenses | Q35: 133092.11 | R35: 122201.82 | T35: Total Office/Admin. Expenses | U35: 133092.11 | V35: 122201.82 | X35: Total Office/Admin. Expenses | Y35: 133092.11 | Z35: 122201.82 | AB35: Total Office/Admin. Expenses | AC35: 120951.29 | AD35: 109258.87 | AG35: Total Office/Admin. Expenses | AH35: 110298.79 | AI35: 99204.79 | AL35: Total Office/Admin. Expenses | AM35: 102288.87 | AN35: 89369.94 | AP35: Payroll Expenses | AT35: Payroll Expenses | AX35: Payroll Expenses | BB35: Payroll Expenses | BF35: Payroll Expenses | BJ35: Payroll Expenses | BN35: Payroll Expenses | BQ35: =SUMIFS(E:E,C:C,G35)-I35 -> -122201.82 | BR35: 100- DDA Payroll | BV35: 100- DDA Payroll | BZ35: 100- DDA Payroll - Other | CA35: 31815.62 | CB35: 30451.67 | CD35: 100- DDA Payroll - Other | CE35: 31815.62 | CF35: 30451.67 | CH35: 100- DDA Payroll - Other | CI35: 31815.62 | CJ35: 30451.67
A36: OSS | B36: Cultural Arts Director | C36: 403-Campus/Event Coordinator | D36: =SUMIFS(H:H,G:G,C36) -> 3254.56 | E36: =SUMIFS(I:I,G:G,C36) -> 0 | F36: =SUMIFS(D:D,C:C,G36)-H36 -> 0 | G36: Payroll Expenses | L36: Payroll Expenses | P36: Payroll Expenses | T36: Payroll Expenses | X36: Payroll Expenses | AB36: Payroll Expenses | AG36: Payroll Expenses | AL36: Payroll Expenses | AP36: 100- DDA Payroll | AT36: 100- DDA Payroll | AX36: 100- DDA Payroll | BB36: 100- DDA Payroll | BF36: 100- DDA Payroll | BJ36: 100- DDA Payroll | BN36: 100- DDA Payroll | BQ36: =SUMIFS(E:E,C:C,G36)-I36 -> 0 | BR36: 101 Payroll for VIC | BS36: 0 | BT36: 9061.92 | BV36: 101 Payroll for VIC | BW36: 0 | BX36: 9061.92 | BZ36: Total 100- DDA Payroll | CA36: 41862.11 | CB36: 39647.31 | CD36: Total 100- DDA Payroll | CE36: 41011.26 | CF36: 39647.31 | CH36: Total 100- DDA Payroll | CI36: 41011.26 | CJ36: 39647.31
A37: OSS | B37: Cultural Arts Director | C37: 6 - Health Insurance DB OSS | D37: =SUMIFS(H:H,G:G,C37) -> 8749.92 | E37: =SUMIFS(I:I,G:G,C37) -> 9001.23 | F37: =SUMIFS(D:D,C:C,G37)-H37 -> 0 | G37: 100- DDA Payroll | J37: =SUMIFS(E:E,C:C,G37)-I37 -> 0 | L37: 100- DDA Payroll | P37: 100- DDA Payroll | T37: 100- DDA Payroll | X37: 100- DDA Payroll | AB37: 100- DDA Payroll | AG37: 100- DDA Payroll | AL37: 100- DDA Payroll | AP37: 101 Payroll for VIC | AQ37: 0 | AR37: 24165.12 | AT37: 101 Payroll for VIC | AU37: 0 | AV37: 24165.12 | AX37: 101 Payroll for VIC | AY37: 0 | AZ37: 24165.12 | BB37: 101 Payroll for VIC | BC37: 0 | BD37: 21144.48 | BF37: 101 Payroll for VIC | BG37: 0 | BH37: 18123.84 | BJ37: 101 Payroll for VIC | BK37: 0 | BL37: 15103.2 | BN37: 101 Payroll for VIC | BO37: 0 | BP37: 12082.56 | BQ37: =SUMIFS(E:E,C:C,G37)-I37 -> 0 | BR37: 102-Payroll for DB OSS | BS37: 19225 | BT37: 18525 | BV37: 102-Payroll for DB OSS | BW37: 19225 | BX37: 18525 | BZ37: 400 - Payroll Taxes | CD37: 400 - Payroll Taxes | CH37: 400 - Payroll Taxes
A38: DDA=A | B38: Health Insurance | C38: 6 - Health Insurance - Other | D38: =SUMIFS(H:H,G:G,C38) -> 35948.4 | E38: =SUMIFS(I:I,G:G,C38) -> 38992.54 | F38: =SUMIFS(D:D,C:C,G38)-H38 -> 0 | G38: 101 Payroll for VIC | H38: 0 | I38: 37098.53 | J38: =SUMIFS(E:E,C:C,G38)-I38 -> 0 | L38: 101 Payroll for VIC | M38: 0 | N38: 37098.53 | P38: 101 Payroll for VIC | Q38: 0 | R38: 37098.53 | T38: 101 Payroll for VIC | U38: 0 | V38: 37098.53 | X38: 101 Payroll for VIC | Y38: 0 | Z38: 37098.53 | AB38: 101 Payroll for VIC | AC38: 0 | AD38: 33227.04 | AG38: 101 Payroll for VIC | AH38: 0 | AI38: 30206.4 | AL38: 101 Payroll for VIC | AM38: 0 | AN38: 27185.76 | AP38: 102-Payroll for DB OSS | AQ38: 51850 | AR38: 49400 | AT38: 102-Payroll for DB OSS | AU38: 51850 | AV38: 49400 | AX38: 102-Payroll for DB OSS | AY38: 51850 | AZ38: 49400 | BB38: 102-Payroll for DB OSS | BC38: 45325 | BD38: 43225 | BF38: 102-Payroll for DB OSS | BG38: 38800 | BH38: 37050 | BJ38: 102-Payroll for DB OSS | BK38: 32275 | BL38: 30875 | BN38: 102-Payroll for DB OSS | BO38: 25750 | BP38: 24700 | BQ38: =SUMIFS(E:E,C:C,G38)-I38 -> 0 | BR38: 100- DDA Payroll - Other | BS38: 107801.52 | BT38: 91355.03 | BV38: 100- DDA Payroll - Other | BW38: 107801.52 | BX38: 91355.03 | BZ38: 401- PR Taxes VIC | CA38: 296.17 | CB38: 231.08 | CD38: 401- PR Taxes VIC | CE38: 231.08 | CF38: 231.08 | CH38: 401- PR Taxes VIC | CI38: 231.08 | CJ38: 231.08
A39: DDA=A | B39: Worker's Comp, Ins | C39: 7 - Workmans Comp. Insurance | D39: =SUMIFS(H:H,G:G,C39) -> 2233 | E39: =SUMIFS(I:I,G:G,C39) -> 2034 | F39: =SUMIFS(D:D,C:C,G39)-H39 -> 0 | G39: 102-Payroll for DB OSS | H39: 79417.72 | I39: 75100.33 | J39: =SUMIFS(E:E,C:C,G39)-I39 -> 0 | L39: 102-Payroll for DB OSS | M39: 79417.72 | N39: 75100.33 | P39: 102-Payroll for DB OSS | Q39: 79417.72 | R39: 75100.33 | T39: 102-Payroll for DB OSS | U39: 79417.72 | V39: 75100.33 | X39: 102-Payroll for DB OSS | Y39: 77950 | Z39: 75100.33 | AB39: 102-Payroll for DB OSS | AC39: 71425 | AD39: 68925 | AG39: 102-Payroll for DB OSS | AH39: 64900 | AI39: 62750 | AL39: 102-Payroll for DB OSS | AM39: 58375 | AN39: 55575 | AP39: 103-Campus/Event Coordinator | AQ39: 23369.2 | AR39: 0 | AT39: 103-Campus/Event Coordinator | AU39: 23369.2 | AV39: 0 | AX39: 103-Campus/Event Coordinator | AY39: 23583.4 | AZ39: 0 | BB39: 103-Campus/Event Coordinator | BC39: 18866.72 | BD39: 0 | BF39: 103-Campus/Event Coordinator | BG39: 14150.04 | BH39: 0 | BJ39: 103-Campus/Event Coordinator | BK39: 9433.36 | BL39: 0 | BN39: 103-Campus/Event Coordinator | BO39: 4716.68 | BP39: 0 | BQ39: =SUMIFS(E:E,C:C,G39)-I39 -> 0 | BR39: Total 100- DDA Payroll | BS39: 127026.52 | BT39: 118941.95 | BV39: Total 100- DDA Payroll | BW39: 127026.52 | BX39: 118941.95 | BZ39: 402- PR Taxes DB OSS | CA39: 472.4 | CB39: 472.4 | CD39: 402- PR Taxes DB OSS | CE39: 472.4 | CF39: 472.4 | CH39: 402- PR Taxes DB OSS | CI39: 472.4 | CJ39: 472.4
A40: OSS | B40: Cultural Arts Director | C40: 8a Retirement DB OSS | D40: =SUMIFS(H:H,G:G,C40) -> 5414.5 | E40: =SUMIFS(I:I,G:G,C40) -> 5145 | F40: =SUMIFS(D:D,C:C,G40)-H40 -> 0 | G40: 103-Campus/Event Coordinator | H40: 42235.92 | I40: 0 | J40: =SUMIFS(E:E,C:C,G40)-I40 -> 0 | L40: 103-Campus/Event Coordinator | M40: 42235.92 | N40: 0 | P40: 103-Campus/Event Coordinator | Q40: 42235.92 | R40: 0 | T40: 103-Campus/Event Coordinator | U40: 42235.92 | V40: 0 | X40: 103-Campus/Event Coordinator | Y40: 42235.92 | Z40: 0 | AB40: 103-Campus/Event Coordinator | AC40: 37519.24 | AD40: 0 | AG40: 103-Campus/Event Coordinator | AH40: 32802.56 | AI40: 0 | AL40: 103-Campus/Event Coordinator | AM40: 28085.88 | AN40: 0 | AP40: 100- DDA Payroll - Other | AQ40: 302834.47 | AR40: 243613.43 | AT40: 100- DDA Payroll - Other | AU40: 302834.47 | AV40: 243613.43 | AX40: 100- DDA Payroll - Other | AY40: 305634.47 | AZ40: 243613.43 | BB40: 100- DDA Payroll - Other | BC40: 265570.19 | BD40: 213161.75 | BF40: 100- DDA Payroll - Other | BG40: 230649.48 | BH40: 182710.07 | BJ40: 100- DDA Payroll - Other | BK40: 195245.44 | BL40: 152258.39 | BN40: 100- DDA Payroll - Other | BO40: 140768.44 | BP40: 121806.71 | BQ40: =SUMIFS(E:E,C:C,G40)-I40 -> 0 | BR40: 400 - Payroll Taxes | BV40: 400 - Payroll Taxes | BZ40: 400 - Payroll Taxes - Other | CA40: 2453 | CB40: 2348.67 | CD40: 400 - Payroll Taxes - Other | CE40: 2453 | CF40: 2348.67 | CH40: 400 - Payroll Taxes - Other | CI40: 2453 | CJ40: 2348.67
A41: DDA=A | B41: Retirement | C41: 8. Retirement - Other | D41: =SUMIFS(H:H,G:G,C41) -> 22438.54 | E41: =SUMIFS(I:I,G:G,C41) -> 22239.61 | F41: =SUMIFS(D:D,C:C,G41)-H41 -> 0 | G41: 100- DDA Payroll - Other | H41: 455431.04 | I41: 378092.33 | J41: =SUMIFS(E:E,C:C,G41)-I41 -> 0 | L41: 100- DDA Payroll - Other | M41: 455431.04 | N41: 378092.33 | P41: 100- DDA Payroll - Other | Q41: 455431.04 | R41: 378092.33 | T41: 100- DDA Payroll - Other | U41: 455431.04 | V41: 378092.33 | X41: 100- DDA Payroll - Other | Y41: 452440.82 | Z41: 378092.33 | AB41: 100- DDA Payroll - Other | AC41: 415677.37 | AD41: 346276.71 | AG41: 100- DDA Payroll - Other | AH41: 378063.07 | AI41: 314461.09 | AL41: 100- DDA Payroll - Other | AM41: 340448.77 | AN41: 279840.05 | AP41: Total 100- DDA Payroll | AQ41: 378053.67 | AR41: 317178.55 | AT41: Total 100- DDA Payroll | AU41: 378053.67 | AV41: 317178.55 | AX41: Total 100- DDA Payroll | AY41: 381067.87 | AZ41: 317178.55 | BB41: Total 100- DDA Payroll | BC41: 329761.91 | BD41: 277531.23 | BF41: Total 100- DDA Payroll | BG41: 283599.52 | BH41: 237883.91 | BJ41: Total 100- DDA Payroll | BK41: 236953.8 | BL41: 198236.59 | BN41: Total 100- DDA Payroll | BO41: 171235.12 | BP41: 158589.27 | BQ41: =SUMIFS(E:E,C:C,G41)-I41 -> 0 | BR41: 401- PR Taxes VIC | BS41: 0 | BT41: 693.24 | BV41: 401- PR Taxes VIC | BW41: 0 | BX41: 693.24 | BZ41: Total 400 - Payroll Taxes | CA41: 3221.57 | CB41: 3052.15 | CD41: Total 400 - Payroll Taxes | CE41: 3156.48 | CF41: 3052.15 | CH41: Total 400 - Payroll Taxes | CI41: 3156.48 | CJ41: 3052.15
A42: DDA=A | B42: Capital Expenditure | C42: Capital Outlay - Gen. Gov. | D42: =SUMIFS(H:H,G:G,C42) -> 0 | E42: =SUMIFS(I:I,G:G,C42) -> 0 | F42: =SUMIFS(D:D,C:C,G42)-H42 -> -577084.68 | G42: Total 100- DDA Payroll | H42: 577084.68 | I42: 490291.19 | J42: =SUMIFS(E:E,C:C,G42)-I42 -> -490291.19 | L42: Total 100- DDA Payroll | M42: 577084.68 | N42: 490291.19 | P42: Total 100- DDA Payroll | Q42: 577084.68 | R42: 490291.19 | T42: Total 100- DDA Payroll | U42: 577084.68 | V42: 490291.19 | X42: Total 100- DDA Payroll | Y42: 572626.74 | Z42: 490291.19 | AB42: Total 100- DDA Payroll | AC42: 524621.61 | AD42: 448428.75 | AG42: Total 100- DDA Payroll | AH42: 475765.63 | AI42: 407417.49 | AL42: Total 100- DDA Payroll | AM42: 426909.65 | AN42: 362600.81 | AP42: 400 - Payroll Taxes | AT42: 400 - Payroll Taxes | AX42: 400 - Payroll Taxes | BB42: 400 - Payroll Taxes | BF42: 400 - Payroll Taxes | BJ42: 400 - Payroll Taxes | BN42: 400 - Payroll Taxes | BQ42: =SUMIFS(E:E,C:C,G42)-I42 -> -490291.19 | BR42: 402- PR Taxes DB OSS | BS42: 1470.76 | BT42: 1417.2 | BV42: 402- PR Taxes DB OSS | BW42: 1470.76 | BX42: 1417.2 | BZ42: 6 - Health Insurance | CD42: 6 - Health Insurance | CH42: 6 - Health Insurance
A43: OSS | B43: Additional Insurance | C43: Additional Insurance | D43: =SUMIFS(H:H,G:G,C43) -> 2104.16 | E43: =SUMIFS(I:I,G:G,C43) -> 0 | F43: =SUMIFS(D:D,C:C,G43)-H43 -> 0 | G43: 400 - Payroll Taxes | J43: =SUMIFS(E:E,C:C,G43)-I43 -> 0 | L43: 400 - Payroll Taxes | P43: 400 - Payroll Taxes | T43: 400 - Payroll Taxes | X43: 400 - Payroll Taxes | AB43: 400 - Payroll Taxes | AG43: 400 - Payroll Taxes | AL43: 400 - Payroll Taxes | AP43: 401- PR Taxes VIC | AQ43: 0 | AR43: 1855.64 | AT43: 401- PR Taxes VIC | AU43: 0 | AV43: 1855.64 | AX43: 401- PR Taxes VIC | AY43: 0 | AZ43: 1855.64 | BB43: 401- PR Taxes VIC | BC43: 0 | BD43: 1624.56 | BF43: 401- PR Taxes VIC | BG43: 0 | BH43: 1393.48 | BJ43: 401- PR Taxes VIC | BK43: 0 | BL43: 1161.44 | BN43: 401- PR Taxes VIC | BO43: 0 | BP43: 927.34 | BQ43: =SUMIFS(E:E,C:C,G43)-I43 -> 0 | BR43: 400 - Payroll Taxes - Other | BS43: 8443.12 | BT43: 7046.01 | BV43: 400 - Payroll Taxes - Other | BW43: 8443.12 | BX43: 7046.01 | BZ43: 6 - Health Insurance DB OSS | CA43: 729.16 | CB43: 752.06 | CD43: 6 - Health Insurance DB OSS | CE43: 729.16 | CF43: 752.06 | CH43: 6 - Health Insurance DB OSS | CI43: 729.16 | CJ43: 752.06
A44: OSS | B44: Administrative and Facility Expenses | C44: Administrative | D44: =SUMIFS(H:H,G:G,C44) -> 127505.83 | E44: =SUMIFS(I:I,G:G,C44) -> 106967.67 | F44: =SUMIFS(D:D,C:C,G44)-H44 -> 0 | G44: 401- PR Taxes VIC | H44: 0 | I44: 2845.05 | J44: =SUMIFS(E:E,C:C,G44)-I44 -> 0 | L44: 401- PR Taxes VIC | M44: 0 | N44: 2845.05 | P44: 401- PR Taxes VIC | Q44: 0 | R44: 2845.05 | T44: 401- PR Taxes VIC | U44: 0 | V44: 2845.05 | X44: 401- PR Taxes VIC | Y44: 0 | Z44: 2845.05 | AB44: 401- PR Taxes VIC | AC44: 0 | AD44: 2548.88 | AG44: 401- PR Taxes VIC | AH44: 0 | AI44: 2317.8 | AL44: 401- PR Taxes VIC | AM44: 0 | AN44: 2086.72 | AP44: 402- PR Taxes DB OSS | AQ44: 3973.66 | AR44: 3786.21 | AT44: 402- PR Taxes DB OSS | AU44: 3973.66 | AV44: 3786.21 | AX44: 402- PR Taxes DB OSS | AY44: 3973.66 | AZ44: 3786.21 | BB44: 402- PR Taxes DB OSS | BC44: 3474.48 | BD44: 3313.81 | BF44: 402- PR Taxes DB OSS | BG44: 2975.3 | BH44: 2841.41 | BJ44: 402- PR Taxes DB OSS | BK44: 2476.12 | BL44: 2369.01 | BN44: 402- PR Taxes DB OSS | BO44: 1976.46 | BP44: 1895.78 | BQ44: =SUMIFS(E:E,C:C,G44)-I44 -> 0 | BR44: Total 400 - Payroll Taxes | BS44: 9913.88 | BT44: 9156.45 | BV44: Total 400 - Payroll Taxes | BW44: 9913.88 | BX44: 9156.45 | BZ44: 6 - Health Insurance - Other | CA44: 3314.52 | CB44: 2449.25 | CD44: 6 - Health Insurance - Other | CE44: 3314.52 | CF44: 2449.25 | CH44: 6 - Health Insurance - Other | CI44: 3314.52 | CJ44: 2449.25
A45: OSS | B45: Advertising | C45: Advertising | D45: =SUMIFS(H:H,G:G,C45) -> 49841.56 | E45: =SUMIFS(I:I,G:G,C45) -> 43892.79 | F45: =SUMIFS(D:D,C:C,G45)-H45 -> 0 | G45: 402- PR Taxes DB OSS | H45: 6082.66 | I45: 5801.5 | J45: =SUMIFS(E:E,C:C,G45)-I45 -> 0 | L45: 402- PR Taxes DB OSS | M45: 6082.66 | N45: 5801.5 | P45: 402- PR Taxes DB OSS | Q45: 6082.66 | R45: 5801.5 | T45: 402- PR Taxes DB OSS | U45: 6082.66 | V45: 5801.5 | X45: 402- PR Taxes DB OSS | Y45: 5970.38 | Z45: 5801.5 | AB45: 402- PR Taxes DB OSS | AC45: 5471.2 | AD45: 5279.92 | AG45: 402- PR Taxes DB OSS | AH45: 4972.02 | AI45: 4807.52 | AL45: 402- PR Taxes DB OSS | AM45: 4472.84 | AN45: 4258.61 | AP45: 403-Campus/Event Coordinator | AQ45: 1811.2 | AR45: 0 | AT45: 403-Campus/Event Coordinator | AU45: 1811.2 | AV45: 0 | AX45: 403-Campus/Event Coordinator | AY45: 1811.2 | AZ45: 0 | BB45: 403-Campus/Event Coordinator | BC45: 1450.36 | BD45: 0 | BF45: 403-Campus/Event Coordinator | BG45: 1089.52 | BH45: 0 | BJ45: 403-Campus/Event Coordinator | BK45: 728.68 | BL45: 0 | BN45: 403-Campus/Event Coordinator | BO45: 365.56 | BP45: 0 | BQ45: =SUMIFS(E:E,C:C,G45)-I45 -> 0 | BR45: 6 - Health Insurance | BV45: 6 - Health Insurance | BZ45: Total 6 - Health Insurance | CA45: 4043.68 | CB45: 3201.31 | CD45: Total 6 - Health Insurance | CE45: 4043.68 | CF45: 3201.31 | CH45: Total 6 - Health Insurance | CI45: 4043.68 | CJ45: 3201.31
A46: OSS | B46: Winter Events and Activations | C46: Big Name Concerts | D46: =SUMIFS(H:H,G:G,C46) -> 290386.26 | E46: =SUMIFS(I:I,G:G,C46) -> 317386.91 | F46: =SUMIFS(D:D,C:C,G46)-H46 -> 0 | G46: 403-Campus/Event Coordinator | H46: 3254.56 | I46: 0 | J46: =SUMIFS(E:E,C:C,G46)-I46 -> 0 | L46: 403-Campus/Event Coordinator | M46: 3254.56 | N46: 0 | P46: 403-Campus/Event Coordinator | Q46: 3254.56 | R46: 0 | T46: 403-Campus/Event Coordinator | U46: 3254.56 | V46: 0 | X46: 403-Campus/Event Coordinator | Y46: 3254.56 | Z46: 0 | AB46: 403-Campus/Event Coordinator | AC46: 2893.72 | AD46: 0 | AG46: 403-Campus/Event Coordinator | AH46: 2532.88 | AI46: 0 | AL46: 403-Campus/Event Coordinator | AM46: 2172.04 | AN46: 0 | AP46: 400 - Payroll Taxes - Other | AQ46: 23716.44 | AR46: 18824.34 | AT46: 400 - Payroll Taxes - Other | AU46: 23716.44 | AV46: 18824.34 | AX46: 400 - Payroll Taxes - Other | AY46: 23716.44 | AZ46: 18824.34 | BB46: 400 - Payroll Taxes - Other | BC46: 20627.79 | BD46: 16475.67 | BF46: 400 - Payroll Taxes - Other | BG46: 17934.94 | BH46: 14127 | BJ46: 400 - Payroll Taxes - Other | BK46: 15207.2 | BL46: 11778.33 | BN46: 400 - Payroll Taxes - Other | BO46: 11013.55 | BP46: 9422.74 | BQ46: =SUMIFS(E:E,C:C,G46)-I46 -> 0 | BR46: 6 - Health Insurance DB OSS | BS46: 2187.48 | BT46: 2588.68 | BV46: 6 - Health Insurance DB OSS | BW46: 2187.48 | BX46: 2588.68 | BZ46: 7 - Workmans Comp. Insurance | CA46: 558.25 | CB46: 508.5 | CD46: 7 - Workmans Comp. Insurance | CE46: 558.25 | CF46: 508.5 | CH46: 7 - Workmans Comp. Insurance | CI46: 558.25 | CJ46: 508.5
A47: OSS | B47: Public Relations | C47: Public Relations | D47: =SUMIFS(H:H,G:G,C47) -> 49500 | E47: =SUMIFS(I:I,G:G,C47) -> 47500 | F47: =SUMIFS(D:D,C:C,G47)-H47 -> 0 | G47: 400 - Payroll Taxes - Other | H47: 35466.51 | I47: 29188.43 | J47: =SUMIFS(E:E,C:C,G47)-I47 -> 0 | L47: 400 - Payroll Taxes - Other | M47: 35466.51 | N47: 29188.43 | P47: 400 - Payroll Taxes - Other | Q47: 35466.51 | R47: 29188.43 | T47: 400 - Payroll Taxes - Other | U47: 35466.51 | V47: 29188.43 | X47: 400 - Payroll Taxes - Other | Y47: 35237.76 | Z47: 29188.43 | AB47: 400 - Payroll Taxes - Other | AC47: 32406.26 | AD47: 26735.43 | AG47: 400 - Payroll Taxes - Other | AH47: 29509.67 | AI47: 24282.43 | AL47: 400 - Payroll Taxes - Other | AM47: 26613.08 | AN47: 21614.8 | AP47: Total 400 - Payroll Taxes | AQ47: 29501.3 | AR47: 24466.19 | AT47: Total 400 - Payroll Taxes | AU47: 29501.3 | AV47: 24466.19 | AX47: Total 400 - Payroll Taxes | AY47: 29501.3 | AZ47: 24466.19 | BB47: Total 400 - Payroll Taxes | BC47: 25552.63 | BD47: 21414.04 | BF47: Total 400 - Payroll Taxes | BG47: 21999.76 | BH47: 18361.89 | BJ47: Total 400 - Payroll Taxes | BK47: 18412 | BL47: 15308.78 | BN47: Total 400 - Payroll Taxes | BO47: 13355.57 | BP47: 12245.86 | BQ47: =SUMIFS(E:E,C:C,G47)-I47 -> 0 | BR47: 6 - Health Insurance - Other | BS47: 9943.56 | BT47: 11398.94 | BV47: 6 - Health Insurance - Other | BW47: 9943.56 | BX47: 11398.94 | BZ47: 8. Retirement | CD47: 8. Retirement | CH47: 8. Retirement
A48: OSS | B48: Cornell Part Time Staff Member | C48: Cornell Part time Staff Member | D48: =SUMIFS(H:H,G:G,C48) -> 50321 | E48: =SUMIFS(I:I,G:G,C48) -> 46344.75 | F48: =SUMIFS(D:D,C:C,G48)-H48 -> -44803.73 | G48: Total 400 - Payroll Taxes | H48: 44803.73 | I48: 37834.98 | J48: =SUMIFS(E:E,C:C,G48)-I48 -> -37834.98 | L48: Total 400 - Payroll Taxes | M48: 44803.73 | N48: 37834.98 | P48: Total 400 - Payroll Taxes | Q48: 44803.73 | R48: 37834.98 | T48: Total 400 - Payroll Taxes | U48: 44803.73 | V48: 37834.98 | X48: Total 400 - Payroll Taxes | Y48: 44462.7 | Z48: 37834.98 | AB48: Total 400 - Payroll Taxes | AC48: 40771.18 | AD48: 34564.23 | AG48: Total 400 - Payroll Taxes | AH48: 37014.57 | AI48: 31407.75 | AL48: Total 400 - Payroll Taxes | AM48: 33257.96 | AN48: 27960.13 | AP48: 6 - Health Insurance | AT48: 6 - Health Insurance | AX48: 6 - Health Insurance | BB48: 6 - Health Insurance | BF48: 6 - Health Insurance | BJ48: 6 - Health Insurance | BN48: 6 - Health Insurance | BQ48: =SUMIFS(E:E,C:C,G48)-I48 -> -37834.98 | BR48: Total 6 - Health Insurance | BS48: 12131.04 | BT48: 13987.62 | BV48: Total 6 - Health Insurance | BW48: 12131.04 | BX48: 13987.62 | BZ48: 8a Retirement DB OSS | CA48: 428.75 | CB48: 428.75 | CD48: 8a Retirement DB OSS | CE48: 428.75 | CF48: 428.75 | CH48: 8a Retirement DB OSS | CI48: 428.75 | CJ48: 428.75
A49: OSS | B49: Creative | C49: Creative | D49: =SUMIFS(H:H,G:G,C49) -> 16863.25 | E49: =SUMIFS(I:I,G:G,C49) -> 45983.89 | F49: =SUMIFS(D:D,C:C,G49)-H49 -> 0 | G49: 6 - Health Insurance | J49: =SUMIFS(E:E,C:C,G49)-I49 -> 0 | L49: 6 - Health Insurance | P49: 6 - Health Insurance | T49: 6 - Health Insurance | X49: 6 - Health Insurance | AB49: 6 - Health Insurance | AG49: 6 - Health Insurance | AL49: 6 - Health Insurance | AP49: 6 - Health Insurance DB OSS | AQ49: 5833.28 | AR49: 6016.48 | AT49: 6 - Health Insurance DB OSS | AU49: 5833.28 | AV49: 6016.48 | AX49: 6 - Health Insurance DB OSS | AY49: 5833.28 | AZ49: 6016.48 | BB49: 6 - Health Insurance DB OSS | BC49: 5104.12 | BD49: 5264.42 | BF49: 6 - Health Insurance DB OSS | BG49: 4374.96 | BH49: 4844.86 | BJ49: 6 - Health Insurance DB OSS | BK49: 3645.8 | BL49: 4092.8 | BN49: 6 - Health Insurance DB OSS | BO49: 2916.64 | BP49: 3340.74 | BQ49: =SUMIFS(E:E,C:C,G49)-I49 -> 0 | BR49: 7 - Workmans Comp. Insurance | BS49: 1116.5 | BT49: 508.5 | BV49: 7 - Workmans Comp. Insurance | BW49: 1116.5 | BX49: 508.5 | BZ49: 8. Retirement - Other | CA49: 2122.22 | CB49: 1717.58 | CD49: 8. Retirement - Other | CE49: 2122.22 | CF49: 1717.58 | CH49: 8. Retirement - Other | CI49: 2122.22 | CJ49: 1717.58
A50: OSS | B50: DDA Team Management | C50: DDA Team Management | D50: =SUMIFS(H:H,G:G,C50) -> 14123.68 | E50: =SUMIFS(I:I,G:G,C50) -> 6781.94 | F50: =SUMIFS(D:D,C:C,G50)-H50 -> 0 | G50: 6 - Health Insurance DB OSS | H50: 8749.92 | I50: 9001.23 | J50: =SUMIFS(E:E,C:C,G50)-I50 -> 0 | L50: 6 - Health Insurance DB OSS | M50: 8749.92 | N50: 9001.23 | P50: 6 - Health Insurance DB OSS | Q50: 8749.92 | R50: 9001.23 | T50: 6 - Health Insurance DB OSS | U50: 8749.92 | V50: 9001.23 | X50: 6 - Health Insurance DB OSS | Y50: 8749.92 | Z50: 9001.23 | AB50: 6 - Health Insurance DB OSS | AC50: 8020.76 | AD50: 8272.66 | AG50: 6 - Health Insurance DB OSS | AH50: 7291.6 | AI50: 7520.6 | AL50: 6 - Health Insurance DB OSS | AM50: 6562.44 | AN50: 6768.54 | AP50: 6 - Health Insurance - Other | AQ50: 24048.79 | AR50: 25862.78 | AT50: 6 - Health Insurance - Other | AU50: 24048.79 | AV50: 25862.78 | AX50: 6 - Health Insurance - Other | AY50: 24048.79 | AZ50: 25862.78 | BB50: 6 - Health Insurance - Other | BC50: 21335.9 | BD50: 22580.34 | BF50: 6 - Health Insurance - Other | BG50: 18623.01 | BH50: 23176.56 | BJ50: 6 - Health Insurance - Other | BK50: 15910.12 | BL50: 19142.68 | BN50: 6 - Health Insurance - Other | BO50: 13156.73 | BP50: 14555.02 | BQ50: =SUMIFS(E:E,C:C,G50)-I50 -> 0 | BR50: 8. Retirement | BV50: 8. Retirement | BZ50: Total 8. Retirement | CA50: 2550.97 | CB50: 2146.33 | CD50: Total 8. Retirement | CE50: 2550.97 | CF50: 2146.33 | CH50: Total 8. Retirement | CI50: 2550.97 | CJ50: 2146.33
A51: OSS | B51: Equipment Costs | C51: Equipment Costs | D51: =SUMIFS(H:H,G:G,C51) -> 3473.83 | E51: =SUMIFS(I:I,G:G,C51) -> 6569.75 | F51: =SUMIFS(D:D,C:C,G51)-H51 -> 0 | G51: 6 - Health Insurance - Other | H51: 35948.4 | I51: 38992.54 | J51: =SUMIFS(E:E,C:C,G51)-I51 -> 0 | L51: 6 - Health Insurance - Other | M51: 35948.4 | N51: 38992.54 | P51: 6 - Health Insurance - Other | Q51: 35948.4 | R51: 38992.54 | T51: 6 - Health Insurance - Other | U51: 35948.4 | V51: 38992.54 | X51: 6 - Health Insurance - Other | Y51: 35948.4 | Z51: 38992.54 | AB51: 6 - Health Insurance - Other | AC51: 32506.35 | AD51: 35710.1 | AG51: 6 - Health Insurance - Other | AH51: 29474.57 | AI51: 32307.63 | AL51: 6 - Health Insurance - Other | AM51: 26761.68 | AN51: 29145.22 | AP51: Total 6 - Health Insurance | AQ51: 29882.07 | AR51: 31879.26 | AT51: Total 6 - Health Insurance | AU51: 29882.07 | AV51: 31879.26 | AX51: Total 6 - Health Insurance | AY51: 29882.07 | AZ51: 31879.26 | BB51: Total 6 - Health Insurance | BC51: 26440.02 | BD51: 27844.76 | BF51: Total 6 - Health Insurance | BG51: 22997.97 | BH51: 28021.42 | BJ51: Total 6 - Health Insurance | BK51: 19555.92 | BL51: 23235.48 | BN51: Total 6 - Health Insurance | BO51: 16073.37 | BP51: 17895.76 | BQ51: =SUMIFS(E:E,C:C,G51)-I51 -> 0 | BR51: 8a Retirement DB OSS | BS51: 1335.25 | BT51: 953.75 | BV51: 8a Retirement DB OSS | BW51: 1335.25 | BX51: 953.75 | BZ51: Total Payroll Expenses | CA51: 52236.58 | CB51: 48555.6 | CD51: Total Payroll Expenses | CE51: 51320.64 | CF51: 48555.6 | CH51: Total Payroll Expenses | CI51: 51320.64 | CJ51: 48555.6
A52: OSS | B52: Event/Campus Coordinator | C52: Event/Campus Coordinator | D52: =SUMIFS(H:H,G:G,C52) -> 18786.32 | E52: =SUMIFS(I:I,G:G,C52) -> 41424.22 | F52: =SUMIFS(D:D,C:C,G52)-H52 -> -44698.32 | G52: Total 6 - Health Insurance | H52: 44698.32 | I52: 47993.77 | J52: =SUMIFS(E:E,C:C,G52)-I52 -> -47993.77 | L52: Total 6 - Health Insurance | M52: 44698.32 | N52: 47993.77 | P52: Total 6 - Health Insurance | Q52: 44698.32 | R52: 47993.77 | T52: Total 6 - Health Insurance | U52: 44698.32 | V52: 47993.77 | X52: Total 6 - Health Insurance | Y52: 44698.32 | Z52: 47993.77 | AB52: Total 6 - Health Insurance | AC52: 40527.11 | AD52: 43982.76 | AG52: Total 6 - Health Insurance | AH52: 36766.17 | AI52: 39828.23 | AL52: Total 6 - Health Insurance | AM52: 33324.12 | AN52: 35913.76 | AP52: 7 - Workmans Comp. Insurance | AQ52: 1674.75 | AR52: 1525.5 | AT52: 7 - Workmans Comp. Insurance | AU52: 1674.75 | AV52: 1525.5 | AX52: 7 - Workmans Comp. Insurance | AY52: 1674.75 | AZ52: 1525.5 | BB52: 7 - Workmans Comp. Insurance | BC52: 1674.75 | BD52: 1525.5 | BF52: 7 - Workmans Comp. Insurance | BG52: 1674.75 | BH52: 1525.5 | BJ52: 7 - Workmans Comp. Insurance | BK52: 1116.5 | BL52: 508.5 | BN52: 7 - Workmans Comp. Insurance | BO52: 1116.5 | BP52: 508.5 | BQ52: =SUMIFS(E:E,C:C,G52)-I52 -> -47993.77 | BR52: 8. Retirement - Other | BS52: 6063.85 | BT52: 3395.74 | BV52: 8. Retirement - Other | BW52: 6063.85 | BX52: 3395.74 | BZ52: Total Administrative & Office Expense | CA52: 64932.39 | CB52: 56120.93 | CD52: Total Administrative & Office Expense | CE52: 64016.45 | CF52: 56120.93 | CH52: Total Administrative & Office Expense | CI52: 64016.45 | CJ52: 56120.93
A53: OSS | B53: Marketing | C53: Market Agency for Rebrand | D53: =SUMIFS(H:H,G:G,C53) -> 44693.37 | E53: =SUMIFS(I:I,G:G,C53) -> 21000 | F53: =SUMIFS(D:D,C:C,G53)-H53 -> 0 | G53: 7 - Workmans Comp. Insurance | H53: 2233 | I53: 2034 | J53: =SUMIFS(E:E,C:C,G53)-I53 -> 0 | L53: 7 - Workmans Comp. Insurance | M53: 2233 | N53: 2034 | P53: 7 - Workmans Comp. Insurance | Q53: 2233 | R53: 2034 | T53: 7 - Workmans Comp. Insurance | U53: 2233 | V53: 2034 | X53: 7 - Workmans Comp. Insurance | Y53: 2233 | Z53: 2034 | AB53: 7 - Workmans Comp. Insurance | AC53: 2233 | AD53: 2034 | AG53: 7 - Workmans Comp. Insurance | AH53: 2233 | AI53: 2034 | AL53: 7 - Workmans Comp. Insurance | AM53: 2233 | AN53: 2034 | AP53: 8. Retirement | AT53: 8. Retirement | AX53: 8. Retirement | BB53: 8. Retirement | BF53: 8. Retirement | BJ53: 8. Retirement | BN53: 8. Retirement | BQ53: =SUMIFS(E:E,C:C,G53)-I53 -> 0 | BR53: Total 8. Retirement | BS53: 7399.1 | BT53: 4349.49 | BV53: Total 8. Retirement | BW53: 7399.1 | BX53: 4349.49 | BZ53: Total Admin. Expenditures | CA53: 64932.39 | CB53: 56120.93 | CD53: Total Admin. Expenditures | CE53: 64016.45 | CF53: 56120.93 | CH53: Total Admin. Expenditures | CI53: 64016.45 | CJ53: 56120.93
A54: OSS | B54: New Website | C54: OSS New Web Site | D54: =SUMIFS(H:H,G:G,C54) -> 3150.87 | E54: =SUMIFS(I:I,G:G,C54) -> 498.24 | F54: =SUMIFS(D:D,C:C,G54)-H54 -> 0 | G54: 8. Retirement | J54: =SUMIFS(E:E,C:C,G54)-I54 -> 0 | L54: 8. Retirement | P54: 8. Retirement | T54: 8. Retirement | X54: 8. Retirement | AB54: 8. Retirement | AG54: 8. Retirement | AL54: 8. Retirement | AP54: 8a Retirement DB OSS | AQ54: 3601.5 | AR54: 3430 | AT54: 8a Retirement DB OSS | AU54: 3601.5 | AV54: 3430 | AX54: 8a Retirement DB OSS | AY54: 3601.5 | AZ54: 3430 | BB54: 8a Retirement DB OSS | BC54: 3148.25 | BD54: 3001.25 | BF54: 8a Retirement DB OSS | BG54: 2695 | BH54: 2240 | BJ54: 8a Retirement DB OSS | BK54: 2241.75 | BL54: 1811.25 | BN54: 8a Retirement DB OSS | BO54: 1788.5 | BP54: 1382.5 | BQ54: =SUMIFS(E:E,C:C,G54)-I54 -> 0 | BR54: Total Payroll Expenses | BS54: 157587.04 | BT54: 146944.01 | BV54: Total Payroll Expenses | BW54: 157587.04 | BX54: 146944.01 | BZ54: DB OSS Expenses | CD54: DB OSS Expenses | CH54: DB OSS Expenses
A55: OSS | B55: Museum Activations (events and activations) | C55: Events and Activations | D55: =SUMIFS(H:H,G:G,C55) -> 83155.47 | E55: =SUMIFS(I:I,G:G,C55) -> 45438.02 | F55: =SUMIFS(D:D,C:C,G55)-H55 -> 0 | G55: 8a Retirement DB OSS | H55: 5414.5 | I55: 5145 | J55: =SUMIFS(E:E,C:C,G55)-I55 -> 0 | L55: 8a Retirement DB OSS | M55: 5414.5 | N55: 5145 | P55: 8a Retirement DB OSS | Q55: 5414.5 | R55: 5145 | T55: 8a Retirement DB OSS | U55: 5414.5 | V55: 5145 | X55: 8a Retirement DB OSS | Y55: 5414.5 | Z55: 5145 | AB55: 8a Retirement DB OSS | AC55: 4961.25 | AD55: 4716.25 | AG55: 8a Retirement DB OSS | AH55: 4508 | AI55: 4287.5 | AL55: 8a Retirement DB OSS | AM55: 4054.75 | AN55: 3858.75 | AP55: 8. Retirement - Other | AQ55: 15160.9 | AR55: 13724.89 | AT55: 8. Retirement - Other | AU55: 15160.9 | AV55: 13724.89 | AX55: 8. Retirement - Other | AY55: 15160.9 | AZ55: 13724.89 | BB55: 8. Retirement - Other | BC55: 13341.49 | BD55: 12009.06 | BF55: 8. Retirement - Other | BG55: 11522.08 | BH55: 5918.23 | BJ55: 8. Retirement - Other | BK55: 9702.67 | BL55: 5077.4 | BN55: 8. Retirement - Other | BO55: 7883.26 | BP55: 4236.57 | BQ55: =SUMIFS(E:E,C:C,G55)-I55 -> 0 | BR55: Total Administrative & Office Expense | BS55: 192485.07 | BT55: 174026.45 | BV55: Total Administrative & Office Expense | BW55: 192485.07 | BX55: 174026.45 | BZ55: Administrative | CA55: 4569.14 | CB55: 8756.91 | CD55: Administrative | CE55: 4569.14 | CF55: 8756.91 | CH55: Administrative | CI55: 4289.16 | CJ55: 8756.91
A56: OSS | B56: Exhibition (Combined Rotating and New) | C56: Exhibition | D56: =SUMIFS(H:H,G:G,C56) -> 2747.95 | E56: =SUMIFS(I:I,G:G,C56) -> 0 | F56: =SUMIFS(D:D,C:C,G56)-H56 -> 0 | G56: 8. Retirement - Other | H56: 22438.54 | I56: 22239.61 | J56: =SUMIFS(E:E,C:C,G56)-I56 -> 0 | L56: 8. Retirement - Other | M56: 22438.54 | N56: 22239.61 | P56: 8. Retirement - Other | Q56: 22438.54 | R56: 22239.61 | T56: 8. Retirement - Other | U56: 22438.54 | V56: 22239.61 | X56: 8. Retirement - Other | Y56: 22438.54 | Z56: 22239.61 | AB56: 8. Retirement - Other | AC56: 20619.13 | AD56: 20537.69 | AG56: 8. Retirement - Other | AH56: 18799.72 | AI56: 17809.85 | AL56: 8. Retirement - Other | AM56: 16980.31 | AN56: 15440.72 | AP56: Total 8. Retirement | AQ56: 18762.4 | AR56: 17154.89 | AT56: Total 8. Retirement | AU56: 18762.4 | AV56: 17154.89 | AX56: Total 8. Retirement | AY56: 18762.4 | AZ56: 17154.89 | BB56: Total 8. Retirement | BC56: 16489.74 | BD56: 15010.31 | BF56: Total 8. Retirement | BG56: 14217.08 | BH56: 8158.23 | BJ56: Total 8. Retirement | BK56: 11944.42 | BL56: 6888.65 | BN56: Total 8. Retirement | BO56: 9671.76 | BP56: 5619.07 | BQ56: =SUMIFS(E:E,C:C,G56)-I56 -> 0 | BR56: Total Admin. Expenditures | BS56: 192485.07 | BT56: 174026.45 | BV56: Total Admin. Expenditures | BW56: 192485.07 | BX56: 174026.45 | BZ56: Advertising | CA56: 1648.81 | CB56: 0 | CD56: Advertising | CE56: 1648.81 | CF56: 0 | CH56: Advertising | CI56: 1648.81 | CJ56: 0
A57: OSS | B57: Grounds Maintenace | C57: Ground Maintenace | D57: =SUMIFS(H:H,G:G,C57) -> 14969.42 | E57: =SUMIFS(I:I,G:G,C57) -> 14272.8 | F57: =SUMIFS(D:D,C:C,G57)-H57 -> -27853.04 | G57: Total 8. Retirement | H57: 27853.04 | I57: 27384.61 | J57: =SUMIFS(E:E,C:C,G57)-I57 -> -27384.61 | L57: Total 8. Retirement | M57: 27853.04 | N57: 27384.61 | P57: Total 8. Retirement | Q57: 27853.04 | R57: 27384.61 | T57: Total 8. Retirement | U57: 27853.04 | V57: 27384.61 | X57: Total 8. Retirement | Y57: 27853.04 | Z57: 27384.61 | AB57: Total 8. Retirement | AC57: 25580.38 | AD57: 25253.94 | AG57: Total 8. Retirement | AH57: 23307.72 | AI57: 22097.35 | AL57: Total 8. Retirement | AM57: 21035.06 | AN57: 19299.47 | AP57: Total Payroll Expenses | AQ57: 457874.19 | AR57: 392204.39 | AT57: Total Payroll Expenses | AU57: 457874.19 | AV57: 392204.39 | AX57: Total Payroll Expenses | AY57: 460888.39 | AZ57: 392204.39 | BB57: Total Payroll Expenses | BC57: 399919.05 | BD57: 343325.84 | BF57: Total Payroll Expenses | BG57: 344489.08 | BH57: 293950.95 | BJ57: Total Payroll Expenses | BK57: 287982.64 | BL57: 244178 | BN57: Total Payroll Expenses | BO57: 211452.32 | BP57: 194858.46 | BQ57: =SUMIFS(E:E,C:C,G57)-I57 -> -27384.61 | BR57: DB OSS Expenses | BV57: DB OSS Expenses | BZ57: Big Name Concerts | CA57: 8134.22 | CB57: 15529.59 | CD57: Big Name Concerts | CE57: 8134.22 | CF57: 15529.59 | CH57: Big Name Concerts | CI57: 8069.08 | CJ57: 15529.59
A58: OSS | B58: Rotating Exibitions | C58: LoveDelray Exhibition | D58: =SUMIFS(H:H,G:G,C58) -> 0 | E58: =SUMIFS(I:I,G:G,C58) -> 2690.35 | F58: =SUMIFS(D:D,C:C,G58)-H58 -> -696672.77 | G58: Total Payroll Expenses | H58: 696672.77 | I58: 605538.55 | J58: =SUMIFS(E:E,C:C,G58)-I58 -> -605538.55 | L58: Total Payroll Expenses | M58: 696672.77 | N58: 605538.55 | P58: Total Payroll Expenses | Q58: 696672.77 | R58: 605538.55 | T58: Total Payroll Expenses | U58: 696672.77 | V58: 605538.55 | X58: Total Payroll Expenses | Y58: 691873.8 | Z58: 605538.55 | AB58: Total Payroll Expenses | AC58: 633733.28 | AD58: 554263.68 | AG58: Total Payroll Expenses | AH58: 575087.09 | AI58: 502784.82 | AL58: Total Payroll Expenses | AM58: 516759.79 | AN58: 447808.17 | AP58: Total Administrative & Office Expense | AQ58: 546992.75 | AR58: 471481.17 | AT58: Total Administrative & Office Expense | AU58: 546992.75 | AV58: 471481.17 | AX58: Total Administrative & Office Expense | AY58: 550006.95 | AZ58: 471481.17 | BB58: Total Administrative & Office Expense | BC58: 476602.97 | BD58: 410176.49 | BF58: Total Administrative & Office Expense | BG58: 411636.31 | BH58: 351735.87 | BJ58: Total Administrative & Office Expense | BK58: 342450.28 | BL58: 292972.61 | BN58: Total Administrative & Office Expense | BO58: 256320.27 | BP58: 234330.96 | BQ58: =SUMIFS(E:E,C:C,G58)-I58 -> -605538.55 | BR58: Administrative | BS58: 24359.6 | BT58: 32266.22 | BV58: Administrative | BW58: 24359.6 | BX58: 32266.22 | BZ58: Cornell Part time Staff Member | CA58: 3014.75 | CB58: 3830 | CD58: Cornell Part time Staff Member | CE58: 3014.75 | CF58: 3830 | CH58: Cornell Part time Staff Member | CI58: 3014.75 | CJ58: 3830
A59: OSS | B59: Exhibition (Combined Rotating and New) | C59: New Exhibition | D59: =SUMIFS(H:H,G:G,C59) -> 24994.6 | E59: =SUMIFS(I:I,G:G,C59) -> 15871.4 | F59: =SUMIFS(D:D,C:C,G59)-H59 -> -831270.59 | G59: Total Administrative & Office Expense | H59: 831270.59 | I59: 727740.37 | J59: =SUMIFS(E:E,C:C,G59)-I59 -> -727740.37 | L59: Total Administrative & Office Expense | M59: 831240.61 | N59: 727740.37 | P59: Total Administrative & Office Expense | Q59: 829764.88 | R59: 727740.37 | T59: Total Administrative & Office Expense | U59: 829764.88 | V59: 727740.37 | X59: Total Administrative & Office Expense | Y59: 824965.91 | Z59: 727740.37 | AB59: Total Administrative & Office Expense | AC59: 754684.57 | AD59: 663522.55 | AG59: Total Administrative & Office Expense | AH59: 685385.88 | AI59: 601989.61 | AL59: Total Administrative & Office Expense | AM59: 619048.66 | AN59: 537178.11 | AP59: Total Admin. Expenditures | AQ59: 546992.75 | AR59: 471481.17 | AT59: Total Admin. Expenditures | AU59: 546992.75 | AV59: 471481.17 | AX59: Total Admin. Expenditures | AY59: 550006.95 | AZ59: 471481.17 | BB59: Total Admin. Expenditures | BC59: 476602.97 | BD59: 410176.49 | BF59: Total Admin. Expenditures | BG59: 411636.31 | BH59: 351735.87 | BJ59: Total Admin. Expenditures | BK59: 342450.28 | BL59: 292972.61 | BN59: Total Admin. Expenditures | BO59: 256320.27 | BP59: 234330.96 | BQ59: =SUMIFS(E:E,C:C,G59)-I59 -> -727740.37 | BR59: Advertising | BS59: 8779.08 | BT59: 18633.63 | BV59: Advertising | BW59: 8779.08 | BX59: 18633.63 | BZ59: Creative | CA59: 0 | CB59: 400 | CD59: Creative | CE59: 0 | CF59: 400 | CH59: Creative | CI59: 0 | CJ59: 400
A60: OSS | B60: Outdoor Art or Games Installation | C60: CREOS | D60: =SUMIFS(H:H,G:G,C60) -> 0 | E60: =SUMIFS(I:I,G:G,C60) -> 31856 | F60: =SUMIFS(D:D,C:C,G60)-H60 -> -831270.59 | G60: Total Admin. Expenditures | H60: 831270.59 | I60: 727740.37 | L60: Total Admin. Expenditures | M60: 831240.61 | N60: 727740.37 | P60: Total Admin. Expenditures | Q60: 829764.88 | R60: 727740.37 | T60: Total Admin. Expenditures | U60: 829764.88 | V60: 727740.37 | X60: Total Admin. Expenditures | Y60: 824965.91 | Z60: 727740.37 | AB60: Total Admin. Expenditures | AC60: 754684.57 | AD60: 663522.55 | AG60: Total Admin. Expenditures | AH60: 685385.88 | AI60: 601989.61 | AL60: Total Admin. Expenditures | AM60: 619048.66 | AN60: 537178.11 | AP60: DB OSS Expenses | AT60: DB OSS Expenses | AX60: DB OSS Expenses | BB60: DB OSS Expenses | BF60: DB OSS Expenses | BJ60: DB OSS Expenses | BN60: DB OSS Expenses | BQ60: =SUMIFS(E:E,C:C,G60)-I60 -> -727740.37 | BR60: Big Name Concerts | BS60: 68524.27 | BT60: 172719.85 | BV60: Big Name Concerts | BW60: 68524.27 | BX60: 172719.85 | BZ60: Equipment Costs | CA60: 740 | CB60: 0 | CD60: Equipment Costs | CE60: 740 | CF60: 0 | CH60: Equipment Costs | CI60: 740 | CJ60: 0
A61: OSS | B61: Other Contract Staff | C61: Other Contract Staff | D61: =SUMIFS(H:H,G:G,C61) -> 19431.72 | E61: =SUMIFS(I:I,G:G,C61) -> 20173.24 | F61: =SUMIFS(D:D,C:C,G61)-H61 -> 0 | G61: DB OSS Expenses | J61: =SUMIFS(E:E,C:C,G61)-I61 -> 0 | L61: DB OSS Expenses | P61: DB OSS Expenses | T61: DB OSS Expenses | X61: DB OSS Expenses | AB61: DB OSS Expenses | AG61: DB OSS Expenses | AL61: DB OSS Expenses | AP61: Administrative | AQ61: 80559.07 | AR61: 67447.04 | AT61: Administrative | AU61: 80559.07 | AV61: 67447.04 | AX61: Administrative | AY61: 79554.73 | AZ61: 67447.04 | BB61: Administrative | BC61: 66336.53 | BD61: 60283.75 | BF61: Administrative | BG61: 62778.66 | BH61: 58084.28 | BJ61: Administrative | BK61: 47780.88 | BL61: 50491.06 | BN61: Administrative | BO61: 38140.82 | BP61: 42051.91 | BQ61: =SUMIFS(E:E,C:C,G61)-I61 -> 0 | BR61: Campus Security (Ambassadors) | BS61: 2153.72 | BT61: 440.95 | BV61: Campus Security (Ambassadors) | BW61: 2153.72 | BX61: 440.95 | BZ61: Event/Campus Coordinator | CA61: 4758 | CB61: 0 | CD61: Event/Campus Coordinator | CE61: 4758 | CF61: 0 | CH61: Event/Campus Coordinator | CI61: 4758 | CJ61: 0
A62: OSS | B62: Campus Security (Ambassadors) | C62: Campus Security (Ambassadors) | D62: =SUMIFS(H:H,G:G,C62) -> 25784.24 | E62: =SUMIFS(I:I,G:G,C62) -> 14207.16 | F62: =SUMIFS(D:D,C:C,G62)-H62 -> 0 | G62: Additional Insurance | H62: 2104.16 | I62: 0 | J62: =SUMIFS(E:E,C:C,G62)-I62 -> 0 | L62: Administrative | M62: 126071.96 | N62: 106967.67 | P62: Administrative | Q62: 122365.16 | R62: 106967.67 | T62: Administrative | U62: 122365.16 | V62: 106967.67 | X62: Administrative | Y62: 122365.16 | Z62: 106967.67 | AB62: Administrative | AC62: 108217.94 | AD62: 87059.04 | AG62: Administrative | AH62: 100701.94 | AI62: 73496.9 | AL62: Administrative | AM62: 91816.78 | AN62: 64512.61 | AP62: Advertising | AQ62: 36184.95 | AR62: 30285.97 | AT62: Advertising | AU62: 36184.95 | AV62: 30285.97 | AX62: Advertising | AY62: 36184.95 | AZ62: 30285.97 | BB62: Advertising | BC62: 29209.27 | BD62: 30285.97 | BF62: Advertising | BG62: 17966.91 | BH62: 25433.58 | BJ62: Advertising | BK62: 16966.91 | BL62: 25433.58 | BN62: Advertising | BO62: 11627.76 | BP62: 22588.01 | BQ62: =SUMIFS(E:E,C:C,G62)-I62 -> 0 | BR62: Cornell Part time Staff Member | BS62: 9738.5 | BT62: 15057.5 | BV62: Cornell Part time Staff Member | BW62: 9738.5 | BX62: 15057.5 | BZ62: Events and Activations | CA62: 10137.16 | CB62: 52468.26 | CD62: Events and Activations | CE62: 10137.16 | CF62: 52468.26 | CH62: Events and Activations | CI62: 9854.1 | CJ62: 52468.26
A63: OSS | B63: Printing | C63: Printing | D63: =SUMIFS(H:H,G:G,C63) -> 14376.12 | E63: =SUMIFS(I:I,G:G,C63) -> 12197.63 | F63: =SUMIFS(D:D,C:C,G63)-H63 -> 0 | G63: Administrative | H63: 127505.83 | I63: 106967.67 | J63: =SUMIFS(E:E,C:C,G63)-I63 -> 0 | L63: Advertising | M63: 49841.56 | N63: 43892.79 | P63: Advertising | Q63: 49841.56 | R63: 43892.79 | T63: Advertising | U63: 49841.56 | V63: 43892.79 | X63: Advertising | Y63: 49841.56 | Z63: 43892.79 | AB63: Advertising | AC63: 48357.36 | AD63: 38220.62 | AG63: Advertising | AH63: 44654.64 | AI63: 38220.62 | AL63: Advertising | AM63: 41483.6 | AN63: 34056.71 | AP63: Big Name Concerts | AQ63: 269655.32 | AR63: 298761.34 | AT63: Big Name Concerts | AU63: 269655.32 | AV63: 298761.34 | AX63: Big Name Concerts | AY63: 266692.32 | AZ63: 298761.34 | BB63: Big Name Concerts | BC63: 241430.39 | BD63: 298675.09 | BF63: Big Name Concerts | BG63: 179607.28 | BH63: 269763.63 | BJ63: Big Name Concerts | BK63: 111993.01 | BL63: 249713.98 | BN63: Big Name Concerts | BO63: 100229.57 | BP63: 207261.58 | BQ63: =SUMIFS(E:E,C:C,G63)-I63 -> 0 | BR63: Creative | BS63: 6150 | BT63: 13856.89 | BV63: Creative | BW63: 6150 | BX63: 13856.89 | BZ63: Exhibition | CA63: 618 | CB63: 0 | CD63: Exhibition | CE63: 618 | CF63: 0 | CH63: Exhibition | CI63: 618 | CJ63: 0
A64: OSS | B64: Professional Advisor - Strat Plan | C64: Professional Advisor | D64: =SUMIFS(H:H,G:G,C64) -> 1500 | E64: =SUMIFS(I:I,G:G,C64) -> 0 | F64: =SUMIFS(D:D,C:C,G64)-H64 -> 0 | G64: Advertising | H64: 49841.56 | I64: 43892.79 | J64: =SUMIFS(E:E,C:C,G64)-I64 -> 0 | L64: Big Name Concerts | M64: 289517.21 | N64: 317386.91 | P64: Big Name Concerts | Q64: 285129.36 | R64: 317386.91 | T64: Big Name Concerts | U64: 285129.36 | V64: 317386.91 | X64: Big Name Concerts | Y64: 285129.36 | Z64: 317386.91 | AB64: Big Name Concerts | AC64: 283897.86 | AD64: 296809.66 | AG64: Big Name Concerts | AH64: 283897.86 | AI64: 296809.66 | AL64: Big Name Concerts | AM64: 283797.86 | AN64: 295559.66 | AP64: Campus Security (Ambassadors) | AQ64: 13958.89 | AR64: 6319.76 | AT64: Campus Security (Ambassadors) | AU64: 13958.89 | AV64: 6319.76 | AX64: Campus Security (Ambassadors) | AY64: 13958.89 | AZ64: 6319.76 | BB64: Campus Security (Ambassadors) | BC64: 12652.74 | BD64: 5307.47 | BF64: Campus Security (Ambassadors) | BG64: 3233.3 | BH64: 4433.1 | BJ64: Campus Security (Ambassadors) | BK64: 3233.3 | BL64: 4054.65 | BN64: Campus Security (Ambassadors) | BO64: 3233.3 | BP64: 760.53 | BQ64: =SUMIFS(E:E,C:C,G64)-I64 -> 0 | BR64: Equipment Costs | BS64: 740 | BT64: 0 | BV64: Equipment Costs | BW64: 740 | BX64: 0 | BZ64: Ground Maintenace | CA64: 900 | CB64: 0 | CD64: Ground Maintenace | CE64: 9 | CF64: 0 | CH64: Ground Maintenace | CI64: 9 | CJ64: 0
A65: OSS | B65: Special Events Manager | C65: Special Events Manager | D65: =SUMIFS(H:H,G:G,C65) -> 67718.42 | E65: =SUMIFS(I:I,G:G,C65) -> 66998.24 | F65: =SUMIFS(D:D,C:C,G65)-H65 -> 0 | G65: Big Name Concerts | H65: 290386.26 | I65: 317386.91 | J65: =SUMIFS(E:E,C:C,G65)-I65 -> 0 | L65: Campus Security (Ambassadors) | M65: 25784.24 | N65: 14207.16 | P65: Campus Security (Ambassadors) | Q65: 25784.24 | R65: 14207.16 | T65: Campus Security (Ambassadors) | U65: 25784.24 | V65: 14207.16 | X65: Campus Security (Ambassadors) | Y65: 25784.24 | Z65: 14207.16 | AB65: Campus Security (Ambassadors) | AC65: 19406.87 | AD65: 13351.79 | AG65: Campus Security (Ambassadors) | AH65: 19406.87 | AI65: 9677.1 | AL65: Campus Security (Ambassadors) | AM65: 16682.88 | AN65: 7985.33 | AP65: Cornell Part time Staff Member | AQ65: 33076 | AR65: 31262 | AT65: Cornell Part time Staff Member | AU65: 33076 | AV65: 31262 | AX65: Cornell Part time Staff Member | AY65: 33076 | AZ65: 31262 | BB65: Cornell Part time Staff Member | BC65: 28268.5 | BD65: 27932 | BF65: Cornell Part time Staff Member | BG65: 24714.75 | BH65: 25837 | BJ65: Cornell Part time Staff Member | BK65: 18879.75 | BL65: 23954 | BN65: Cornell Part time Staff Member | BO65: 13511 | BP65: 17922.5 | BQ65: =SUMIFS(E:E,C:C,G65)-I65 -> 0 | BR65: Event/Campus Coordinator | BS65: 12844 | BT65: 7571.6 | BV65: Event/Campus Coordinator | BW65: 12844 | BX65: 7571.6 | BZ65: Market Agency for Rebrand | CA65: 1500 | CB65: 0 | CD65: Market Agency for Rebrand | CE65: 1500 | CF65: 0 | CH65: Market Agency for Rebrand | CI65: 1500 | CJ65: 0
A66: OSS | B66: Summer Festivals | C66: Summer Festivals | D66: =SUMIFS(H:H,G:G,C66) -> 249292.37 | E66: =SUMIFS(I:I,G:G,C66) -> 248213.76 | F66: =SUMIFS(D:D,C:C,G66)-H66 -> 0 | G66: Campus Security (Ambassadors) | H66: 25784.24 | I66: 14207.16 | J66: =SUMIFS(E:E,C:C,G66)-I66 -> 0 | L66: Cornell Part time Staff Member | M66: 50321 | N66: 46344.75 | P66: Cornell Part time Staff Member | Q66: 50321 | R66: 46344.75 | T66: Cornell Part time Staff Member | U66: 50321 | V66: 46344.75 | X66: Cornell Part time Staff Member | Y66: 50321 | Z66: 46344.75 | AB66: Cornell Part time Staff Member | AC66: 46373.5 | AD66: 42733.5 | AG66: Cornell Part time Staff Member | AH66: 40719.75 | AI66: 38295.5 | AL66: Cornell Part time Staff Member | AM66: 37119.75 | AN66: 32065 | AP66: Creative | AQ66: 10007.83 | AR66: 27551.89 | AT66: Creative | AU66: 10007.83 | AV66: 27551.89 | AX66: Creative | AY66: 10007.83 | AZ66: 27551.89 | BB66: Creative | BC66: 10007.83 | BD66: 23639.89 | BF66: Creative | BG66: 10007.83 | BH66: 20306.89 | BJ66: Creative | BK66: 9900 | BL66: 17156.89 | BN66: Creative | BO66: 9936 | BP66: 13856.89 | BQ66: =SUMIFS(E:E,C:C,G66)-I66 -> 0 | BR66: Events and Activations | BS66: 19783.9 | BT66: 9414.94 | BV66: Events and Activations | BW66: 19783.9 | BX66: 9414.94 | BZ66: OSS New Web Site | CA66: 0 | CB66: 23.17 | CD66: OSS New Web Site | CE66: 0 | CF66: 23.17 | CH66: OSS New Web Site | CI66: 0 | CJ66: 23.17
A67: OSS | B67: Museum Store Expenses | C67: Surfing Museum | D67: =SUMIFS(H:H,G:G,C67) -> 873.43 | E67: =SUMIFS(I:I,G:G,C67) -> 1449.84 | F67: =SUMIFS(D:D,C:C,G67)-H67 -> 0 | G67: Cornell Part time Staff Member | H67: 50321 | I67: 46344.75 | J67: =SUMIFS(E:E,C:C,G67)-I67 -> 0 | L67: Creative | M67: 16863.25 | N67: 45983.89 | P67: Creative | Q67: 16863.25 | R67: 45983.89 | T67: Creative | U67: 16863.25 | V67: 45983.89 | X67: Creative | Y67: 16863.25 | Z67: 45983.89 | AB67: Creative | AC67: 12238.25 | AD67: 41966.89 | AG67: Creative | AH67: 11706.44 | AI67: 38216.89 | AL67: Creative | AM67: 11706.44 | AN67: 34466.89 | AP67: DDA Team Management | AQ67: 3014.2 | AR67: 0 | AT67: DDA Team Management | AU67: 3014.2 | AV67: 0 | AX67: Equipment Costs | AY67: 3410.46 | AZ67: 2957.41 | BB67: Equipment Costs | BC67: 3227.58 | BD67: 2957.41 | BF67: Equipment Costs | BG67: 2907.42 | BH67: 3052.41 | BJ67: Equipment Costs | BK67: 1259.96 | BL67: 0 | BN67: Equipment Costs | BO67: 1259.96 | BP67: 0 | BQ67: =SUMIFS(E:E,C:C,G67)-I67 -> 0 | BR67: Exhibition | BS67: 618 | BT67: 0 | BV67: Exhibition | BW67: 618 | BX67: 0 | BZ67: Other Contract Staff | CA67: 0 | CB67: 600 | CD67: Other Contract Staff | CE67: 0 | CF67: 600 | CH67: Other Contract Staff | CI67: 0 | CJ67: 600
A68: OSS | B68: Holiday & Decorative Lighting | C68: OSS Holiday Lighting | D68: =SUMIFS(H:H,G:G,C68) -> 3605 | E68: =SUMIFS(I:I,G:G,C68) -> 3600 | F68: =SUMIFS(D:D,C:C,G68)-H68 -> 0 | G68: Creative | H68: 16863.25 | I68: 45983.89 | J68: =SUMIFS(E:E,C:C,G68)-I68 -> 0 | L68: CREOS | M68: 0 | N68: 31856 | P68: CREOS | Q68: 0 | R68: 31856 | T68: CREOS | U68: 0 | V68: 31856 | X68: CREOS | Y68: 0 | Z68: 31856 | AB68: CREOS | AC68: 0 | AD68: 26556 | AG68: CREOS | AH68: 0 | AI68: 25311 | AL68: CREOS | AM68: 0 | AN68: 24311 | AP68: Equipment Costs | AQ68: 3410.46 | AR68: 2957.41 | AT68: Equipment Costs | AU68: 3410.46 | AV68: 2957.41 | AX68: Event/Campus Coordinator | AY68: 15890.16 | AZ68: 7571.6 | BB68: Event/Campus Coordinator | BC68: 15166.12 | BD68: 7571.6 | BF68: Event/Campus Coordinator | BG68: 14442.08 | BH68: 7571.6 | BJ68: Event/Campus Coordinator | BK68: 13568.04 | BL68: 7571.6 | BN68: Event/Campus Coordinator | BO68: 12844 | BP68: 7571.6 | BQ68: =SUMIFS(E:E,C:C,G68)-I68 -> 0 | BR68: Ground Maintenace | BS68: 1200 | BT68: 0 | BV68: Ground Maintenace | BW68: 1200 | BX68: 0 | BZ68: Printing | CA68: 240 | CB68: 0 | CD68: Printing | CE68: 240 | CF68: 0 | CH68: Printing | CI68: 240 | CJ68: 0
A69: OSS | B69: Signage | C69: New Signage | D69: =SUMIFS(H:H,G:G,C69) -> 7842.2 | E69: =SUMIFS(I:I,G:G,C69) -> 5492.92 | F69: =SUMIFS(D:D,C:C,G69)-H69 -> 0 | G69: CREOS | H69: 0 | I69: 31856 | J69: =SUMIFS(E:E,C:C,G69)-I69 -> 0 | L69: DDA Team Management | M69: 14123.68 | N69: 6781.94 | P69: DDA Team Management | Q69: 14123.68 | R69: 6781.94 | T69: DDA Team Management | U69: 14123.68 | V69: 6781.94 | X69: DDA Team Management | Y69: 14123.68 | Z69: 6781.94 | AB69: DDA Team Management | AC69: 8159.87 | AD69: 6781.94 | AG69: DDA Team Management | AH69: 8159.87 | AI69: 0 | AL69: DDA Team Management | AM69: 3014.2 | AN69: 0 | AP69: Event/Campus Coordinator | AQ69: 15890.16 | AR69: 7571.6 | AT69: Event/Campus Coordinator | AU69: 15890.16 | AV69: 7571.6 | AX69: Events and Activations | AY69: 63327.22 | AZ69: 36514.93 | BB69: Events and Activations | BC69: 51866.11 | BD69: 30839.35 | BF69: Events and Activations | BG69: 48778.3 | BH69: 22137.85 | BJ69: Events and Activations | BK69: 42403.95 | BL69: 19331.35 | BN69: Events and Activations | BO69: 25079.96 | BP69: 16082.42 | BQ69: =SUMIFS(E:E,C:C,G69)-I69 -> 0 | BR69: Market Agency for Rebrand | BS69: 3900 | BT69: 0 | BV69: Market Agency for Rebrand | BW69: 3900 | BX69: 0 | BZ69: Public Relations | CA69: 4000 | CB69: 0 | CD69: Public Relations | CE69: 4000 | CF69: 0 | CH69: Public Relations | CI69: 4000 | CJ69: 0
A70: DDA | B70: COVID-19 Reopining Assistant Grant | D70: =SUMIFS(H:H,G:G,C70) -> 0 | E70: =SUMIFS(I:I,G:G,C70) -> 0 | F70: =SUMIFS(D:D,C:C,G70)-H70 -> 0 | G70: DDA Team Management | H70: 14123.68 | I70: 6781.94 | J70: =SUMIFS(E:E,C:C,G70)-I70 -> 0 | L70: Equipment Costs | M70: 3473.83 | N70: 6569.75 | P70: Equipment Costs | Q70: 3410.46 | R70: 6569.75 | T70: Equipment Costs | U70: 3410.46 | V70: 6569.75 | X70: Equipment Costs | Y70: 3410.46 | Z70: 6569.75 | AB70: Equipment Costs | AC70: 3410.46 | AD70: 5124.67 | AG70: Equipment Costs | AH70: 3410.46 | AI70: 5012.69 | AL70: Equipment Costs | AM70: 3410.46 | AN70: 4512.69 | AP70: Events and Activations | AQ70: 63327.22 | AR70: 36514.93 | AT70: Events and Activations | AU70: 63327.22 | AV70: 36514.93 | AX70: Exhibition | AY70: 724 | AZ70: 0 | BB70: Exhibition | BC70: 724 | BD70: 0 | BF70: Exhibition | BG70: 724 | BH70: 0 | BJ70: Exhibition | BK70: 634 | BL70: 0 | BN70: Exhibition | BO70: 634 | BP70: 0 | BQ70: =SUMIFS(E:E,C:C,G70)-I70 -> 0 | BR70: New Exhibition | BS70: 14000 | BT70: 4457.8 | BV70: New Exhibition | BW70: 14000 | BX70: 4457.8 | BZ70: Summer Festivals | CA70: 0 | CB70: 5000 | CD70: Summer Festivals | CE70: 0 | CF70: 5000 | CH70: Summer Festivals | CI70: 0 | CJ70: 5000
A71: DDA | B71: The Art & Activation Grant Program | D71: =SUMIFS(H:H,G:G,C71) -> 0 | E71: =SUMIFS(I:I,G:G,C71) -> 0 | F71: =SUMIFS(D:D,C:C,G71)-H71 -> 0 | G71: Equipment Costs | H71: 3473.83 | I71: 6569.75 | J71: =SUMIFS(E:E,C:C,G71)-I71 -> 0 | L71: Event/Campus Coordinator | M71: 18786.32 | N71: 41424.22 | P71: Event/Campus Coordinator | Q71: 18786.32 | R71: 41424.22 | T71: Event/Campus Coordinator | U71: 18786.32 | V71: 41424.22 | X71: Event/Campus Coordinator | Y71: 18786.32 | Z71: 41424.22 | AB71: Event/Campus Coordinator | AC71: 18062.28 | AD71: 37030.22 | AG71: Event/Campus Coordinator | AH71: 17338.24 | AI71: 32376.22 | AL71: Event/Campus Coordinator | AM71: 16614.2 | AN71: 28761.33 | AP71: Exhibition | AQ71: 724 | AR71: 0 | AT71: Exhibition | AU71: 724 | AV71: 0 | AX71: Ground Maintenace | AY71: 5700 | AZ71: 8482.8 | BB71: Ground Maintenace | BC71: 5700 | BD71: 3029.8 | BF71: Ground Maintenace | BG71: 4700 | BH71: 0 | BJ71: Ground Maintenace | BK71: 4700 | BL71: 0 | BN71: Ground Maintenace | BO71: 2400 | BP71: 0 | BQ71: =SUMIFS(E:E,C:C,G71)-I71 -> 0 | BR71: New Signage | BS71: 1023.52 | BT71: 600 | BV71: New Signage | BW71: 1023.52 | BX71: 600 | BZ71: Total DB OSS Expenses | CA71: 40260.08 | CB71: 86607.93 | CD71: Total DB OSS Expenses | CE71: 39369.08 | CF71: 86607.93 | CH71: Total DB OSS Expenses | CI71: 38740.9 | CJ71: 86607.93
A72: DDA | B72: Pineapple Grove - District funding | D72: =SUMIFS(H:H,G:G,C72) -> 0 | E72: =SUMIFS(I:I,G:G,C72) -> 0 | F72: =SUMIFS(D:D,C:C,G72)-H72 -> 0 | G72: Event/Campus Coordinator | H72: 18786.32 | I72: 41424.22 | J72: =SUMIFS(E:E,C:C,G72)-I72 -> 0 | L72: Events and Activations | M72: 82863.87 | N72: 45438.02 | P72: Events and Activations | Q72: 80971.94 | R72: 45438.02 | T72: Events and Activations | U72: 80971.94 | V72: 45438.02 | X72: Events and Activations | Y72: 80971.94 | Z72: 45438.02 | AB72: Events and Activations | AC72: 78342.94 | AD72: 41559.48 | AG72: Events and Activations | AH72: 75603.98 | AI72: 38460.19 | AL72: Events and Activations | AM72: 68161.2 | AN72: 37278.44 | AP72: Ground Maintenace | AQ72: 5700 | AR72: 8482.8 | AT72: Ground Maintenace | AU72: 5700 | AV72: 8482.8 | AX72: LoveDelray Exhibition | AY72: 0 | AZ72: 968 | BB72: LoveDelray Exhibition | BC72: 0 | BD72: 968 | BF72: LoveDelray Exhibition | BG72: 0 | BH72: 410 | BJ72: Market Agency for Rebrand | BK72: 6050 | BL72: 8500 | BN72: Market Agency for Rebrand | BO72: 5400 | BP72: 7000 | BQ72: =SUMIFS(E:E,C:C,G72)-I72 -> 0 | BR72: OSS New Web Site | BS72: 72 | BT72: 89.68 | BV72: OSS New Web Site | BW72: 72 | BX72: 89.68 | BZ72: Sub contractors | CD72: Sub contractors | CH72: Sub contractors
A73: DDA | B73: West Atlantic/The SET | D73: =SUMIFS(H:H,G:G,C73) -> 0 | E73: =SUMIFS(I:I,G:G,C73) -> 0 | F73: =SUMIFS(D:D,C:C,G73)-H73 -> 0 | G73: Events and Activations | H73: 83155.47 | I73: 45438.02 | J73: =SUMIFS(E:E,C:C,G73)-I73 -> 0 | L73: Exhibition | M73: 1222.44 | N73: 0 | P73: Exhibition | Q73: 1222.44 | R73: 0 | T73: Exhibition | U73: 1222.44 | V73: 0 | X73: Exhibition | Y73: 1222.44 | Z73: 0 | AB73: Exhibition | AC73: 952.62 | AD73: 0 | AG73: Exhibition | AH73: 952.62 | AI73: 0 | AL73: Exhibition | AM73: 952.62 | AN73: 0 | AP73: LoveDelray Exhibition | AQ73: 0 | AR73: 968 | AT73: LoveDelray Exhibition | AU73: 0 | AV73: 968 | AX73: Market Agency for Rebrand | AY73: 15085.6 | AZ73: 11500 | BB73: Market Agency for Rebrand | BC73: 6050 | BD73: 11500 | BF73: Market Agency for Rebrand | BG73: 6050 | BH73: 8500 | BJ73: New Exhibition | BK73: 15880 | BL73: 8880.52 | BN73: New Exhibition | BO73: 15880 | BP73: 6519.82 | BQ73: =SUMIFS(E:E,C:C,G73)-I73 -> 0 | BR73: Other Contract Staff | BS73: 825 | BT73: 1318 | BV73: Other Contract Staff | BW73: 825 | BX73: 1318 | BZ73: Economic Development Grants | CD73: Economic Development Grants | CH73: Economic Development Grants
A74: DDA=A | B74: TOTAL DDA DISTRICT GRANTS | C74: Total Economic Development Grants | D74: =SUMIFS(H:H,G:G,C74) -> 8600 | E74: =SUMIFS(I:I,G:G,C74) -> 9500 | F74: =SUMIFS(D:D,C:C,G74)-H74 -> 0 | G74: Exhibition | H74: 2747.95 | I74: 0 | J74: =SUMIFS(E:E,C:C,G74)-I74 -> 0 | L74: Ground Maintenace | M74: 14969.42 | N74: 14272.8 | P74: Ground Maintenace | Q74: 14969.42 | R74: 14272.8 | T74: Ground Maintenace | U74: 14969.42 | V74: 14272.8 | X74: Ground Maintenace | Y74: 14969.42 | Z74: 14272.8 | AB74: Ground Maintenace | AC74: 11017.1 | AD74: 14272.8 | AG74: Ground Maintenace | AH74: 11017.1 | AI74: 14272.8 | AL74: Ground Maintenace | AM74: 9817.1 | AN74: 13922.8 | AP74: Market Agency for Rebrand | AQ74: 15085.6 | AR74: 11500 | AT74: Market Agency for Rebrand | AU74: 15085.6 | AV74: 11500 | AX74: New Exhibition | AY74: 20964.42 | AZ74: 14481.4 | BB74: New Exhibition | BC74: 20005 | BD74: 13341.4 | BF74: New Exhibition | BG74: 20005 | BH74: 12550.52 | BJ74: New Signage | BK74: 1115.5 | BL74: 900 | BN74: New Signage | BO74: 1069.51 | BP74: 600 | BQ74: =SUMIFS(E:E,C:C,G74)-I74 -> 0 | BR74: Printing | BS74: 1096.76 | BT74: 2767.96 | BV74: Printing | BW74: 1096.76 | BX74: 2767.96 | BZ74: The Art & Activation Grant Prog | CA74: 2000 | CB74: 0 | CD74: The Art & Activation Grant Prog | CE74: 2000 | CF74: 0 | CH74: The Art & Activation Grant Prog | CI74: 2000 | CJ74: 0
A75: DDA=A | B75: Downtown Camera Project | C75: Downtown Camera Project | D75: =SUMIFS(H:H,G:G,C75) -> 0 | E75: =SUMIFS(I:I,G:G,C75) -> 30000 | F75: =SUMIFS(D:D,C:C,G75)-H75 -> 0 | G75: Ground Maintenace | H75: 14969.42 | I75: 14272.8 | J75: =SUMIFS(E:E,C:C,G75)-I75 -> 0 | L75: LoveDelray Exhibition | M75: 0 | N75: 2690.35 | P75: LoveDelray Exhibition | Q75: 0 | R75: 2690.35 | T75: LoveDelray Exhibition | U75: 0 | V75: 2690.35 | X75: LoveDelray Exhibition | Y75: 0 | Z75: 2690.35 | AB75: LoveDelray Exhibition | AC75: 0 | AD75: 2690.35 | AG75: LoveDelray Exhibition | AH75: 0 | AI75: 2347 | AL75: LoveDelray Exhibition | AM75: 0 | AN75: 2347 | AP75: New Exhibition | AQ75: 21192.42 | AR75: 14481.4 | AT75: New Exhibition | AU75: 21192.42 | AV75: 14481.4 | AX75: New Signage | AY75: 4462.2 | AZ75: 3687.97 | BB75: New Signage | BC75: 4292.2 | BD75: 2041.98 | BF75: New Signage | BG75: 3672.2 | BH75: 1370.99 | BJ75: OSS Holiday Lighting | BK75: 0 | BL75: 3600 | BN75: OSS New Web Site | BO75: 4383 | BP75: 89.68 | BQ75: =SUMIFS(E:E,C:C,G75)-I75 -> 0 | BR75: Professional Advisor | BS75: 1500 | BT75: 0 | BV75: Professional Advisor | BW75: 1500 | BX75: 0 | BZ75: Economic Development Grants - Other | CA75: 0 | CB75: 2000 | CD75: Economic Development Grants - Other | CE75: 0 | CF75: 2000 | CH75: Economic Development Grants - Other | CI75: 0 | CJ75: 2000
A76: DDA=B | B76: Social Media & Online advertising | C76: Social Media Development (RTM) | D76: =SUMIFS(H:H,G:G,C76) -> 53011.86 | E76: =SUMIFS(I:I,G:G,C76) -> 42750.73 | F76: =SUMIFS(D:D,C:C,G76)-H76 -> 0 | G76: LoveDelray Exhibition | H76: 0 | I76: 2690.35 | J76: =SUMIFS(E:E,C:C,G76)-I76 -> 0 | L76: Market Agency for Rebrand | M76: 44693.37 | N76: 21000 | P76: Market Agency for Rebrand | Q76: 44693.37 | R76: 21000 | T76: Market Agency for Rebrand | U76: 44693.37 | V76: 21000 | X76: Market Agency for Rebrand | Y76: 44693.37 | Z76: 21000 | AB76: Market Agency for Rebrand | AC76: 39193.37 | AD76: 18000 | AG76: Market Agency for Rebrand | AH76: 27844.88 | AI76: 16700 | AL76: Market Agency for Rebrand | AM76: 19853.65 | AN76: 15000 | AP76: New Signage | AQ76: 4462.2 | AR76: 3687.97 | AT76: New Signage | AU76: 4462.2 | AV76: 3687.97 | AX76: OSS Holiday Lighting | AY76: 3605 | AZ76: 3600 | BB76: OSS Holiday Lighting | BC76: 3605 | BD76: 3600 | BF76: OSS Holiday Lighting | BG76: 3605 | BH76: 3600 | BJ76: OSS New Web Site | BK76: 144 | BL76: 289.68 | BN76: Other Contract Staff | BO76: 2207.5 | BP76: 1681 | BQ76: =SUMIFS(E:E,C:C,G76)-I76 -> 0 | BR76: Public Relations | BS76: 12000 | BT76: 11500 | BV76: Public Relations | BW76: 12000 | BX76: 11500 | BZ76: Total Economic Development Grants | CA76: 2000 | CB76: 2000 | CD76: Total Economic Development Grants | CE76: 2000 | CF76: 2000 | CH76: Total Economic Development Grants | CI76: 2000 | CJ76: 2000
